Workbook
Name SUBA: '[1]SUB APU'!$A$1:$D$65536

Sheet COTIZACIÓN PROVEEDOR 1
C2: NOMBRE EMPRESA | J2: FECHA
C4: DEPARTAMENTO, MUNICIPIO | J4: TELÉFONO
C6: NOMBRE CONTACTO | J6: E-MAIL
B8: ITEM | C8: COTIZACIÓN | F8: PRESUPUESTO OFICIAL
F9: VALOR UNITARIO | K9: COSTO FINAL
C10: DETALLE | D10: UNIDAD MEDIDA | E10: CANTIDAD SOLICITADA | F10: VALOR UNITARIO BRUTO | G10: % DESCUENTO | H10: VALOR UNITARIO CON DESCUENTO | I10: % IVA | J10: VALOR UNITARIO DESPUES DE DCTO E IVA | K10: SUBTOTAL ANTES DE DCTO E IVA | L10: COSTO TOTAL DESPUES DE DCTO E IVA
H11: =+F11*(1-G11) -> 0 | J11: =+H11*(1+I11) -> 0 | K11: =+F11*E11 -> 0 | L11: =+E11*J11 -> 0
H12: =+F12*(1-G12) -> 0 | J12: =+H12*(1+I12) -> 0 | K12: =+F12*E12 -> 0 | L12: =+E12*J12 -> 0
H13: =+F13*(1-G13) -> 0 | J13: =+H13*(1+I13) -> 0 | K13: =+F13*E13 -> 0 | L13: =+E13*J13 -> 0
H14: =+F14*(1-G14) -> 0 | J14: =+H14*(1+I14) -> 0 | K14: =+F14*E14 -> 0 | L14: =+E14*J14 -> 0
H15: =+F15*(1-G15) -> 0 | J15: =+H15*(1+I15) -> 0 | K15: =+F15*E15 -> 0 | L15: =+E15*J15 -> 0
H16: =+F16*(1-G16) -> 0 | J16: =+H16*(1+I16) -> 0 | K16: =+F16*E16 -> 0 | L16: =+E16*J16 -> 0
H17: =+F17*(1-G17) -> 0 | J17: =+H17*(1+I17) -> 0 | K17: =+F17*E17 -> 0 | L17: =+E17*J17 -> 0
H18: =+F18*(1-G18) -> 0 | J18: =+H18*(1+I18) -> 0 | K18: =+F18*E18 -> 0 | L18: =+E18*J18 -> 0
H19: =+F19*(1-G19) -> 0 | J19: =+H19*(1+I19) -> 0 | K19: =+F19*E19 -> 0 | L19: =+E19*J19 -> 0
H20: =+F20*(1-G20) -> 0 | J20: =+H20*(1+I20) -> 0 | K20: =+F20*E20 -> 0 | L20: =+E20*J20 -> 0
H21: =+F21*(1-G21) -> 0 | J21: =+H21*(1+I21) -> 0 | K21: =+F21*E21 -> 0 | L21: =+E21*J21 -> 0
H22: =+F22*(1-G22) -> 0 | J22: =+H22*(1+I22) -> 0 | K22: =+F22*E22 -> 0 | L22: =+E22*J22 -> 0
... H27: =+F27*(1-G27) -> 0 | J27: =+H27*(1+I27) -> 0 | K27: =+F27*E27 -> 0 | L27: =+E27*J27 -> 0
B28: SUBTOTAL | K28: =SUM(K11:K27) -> 0 | L28: =SUM(L11:L27) -> 0

Sheet COTIZACIÓN PROVEEDOR N1
C2: NOMBRE EMPRESA | H2: FECHA
C4: DEPARTAMENTO, MUNICIPIO | H4: TELÉFONO
C6: NOMBRE CONTACTO | H6: E-MAIL
B8: ITEM | C8: COTIZACIÓN | F8: PRESUPUESTO OFICIAL
F9: VALOR UNITARIO | I9: COSTO FINAL
C10: DETALLE | D10: UNIDAD MEDIDA | E10: CANTIDAD SOLICITADA | F10: VALOR UNITARIO BRUTO | G10: % IVA | H10: VALOR UNITARIO INCLUIDO IVA | I10: SUBTOTAL ANTES IVA | J10: COSTO TOTAL INCLUÍDO IVA
F11: =+H11/(1+G11) -> 0 | I11: =+F11*E11 -> 0 | J11: =+E11*H11 -> 0
F12: =+H12/(1+G12) -> 0 | I12: =+F12*E12 -> 0 | J12: =+E12*H12 -> 0
F13: =+H13/(1+G13) -> 0 | I13: =+F13*E13 -> 0 | J13: =+E13*H13 -> 0
F14: =+H14/(1+G14) -> 0 | I14: =+F14*E14 -> 0 | J14: =+E14*H14 -> 0
F15: =+H15/(1+G15) -> 0 | I15: =+F15*E15 -> 0 | J15: =+E15*H15 -> 0
F16: =+H16/(1+G16) -> 0 | I16: =+F16*E16 -> 0 | J16: =+E16*H16 -> 0
F17: =+H17/(1+G17) -> 0 | I17: =+F17*E17 -> 0 | J17: =+E17*H17 -> 0
F18: =+H18/(1+G18) -> 0 | I18: =+F18*E18 -> 0 | J18: =+E18*H18 -> 0
F19: =+H19/(1+G19) -> 0 | I19: =+F19*E19 -> 0 | J19: =+E19*H19 -> 0
F20: =+H20/(1+G20) -> 0 | I20: =+F20*E20 -> 0 | J20: =+E20*H20 -> 0
F21: =+H21/(1+G21) -> 0 | I21: =+F21*E21 -> 0 | J21: =+E21*H21 -> 0
F22: =+H22/(1+G22) -> 0 | I22: =+F22*E22 -> 0 | J22: =+E22*H22 -> 0
... F27: =+H27/(1+G27) -> 0 | I27: =+F27*E27 -> 0 | J27: =+E27*H27 -> 0
B28: TOTAL | I28: =SUM(I11:I27) -> 0 | J28: =SUM(J11:J27) -> 0

Sheet Cotizaciones
A1: Fecha | B1: Municipio | C1: Cotizaciones / Empresa | D1: Contacto | E1: Teléfon | F1: E-mail | G1: ITEM | H1: INSUMO/HERRAMIENTA/EQUIPO | I1: UNIDAD | J1: CANTIDAD | K1: VALOR UNITARIO BRUTO | L1: % IVA | M1: VALOR UNITARIO INCLUIDO IVA | N1: SUBTOTAL ANTES IVA | O1: COSTO TOTAL INCLUÍDO IVA
A2: 45051 | B2: Ibague - Tolima | C2: Organiagro SAS | D2: Sandra Milena Vanegas | E2: 3185314863 | F2: licitaciones.organiagrosas1@gmail.com | G2: 1 | H2: ABONO ORGANICO. TIPO GALLINAZA COMPOSTADA. | I2: Bulto x 50 kg | J2: 30 | K2: =M2/(1+L2) -> 30450 | L2: 0 | M2: 30450 | N2: =J2*K2 -> 913500 | O2: =J2*M2 -> 913500
A3: 45051 | B3: Ibague - Tolima | C3: Organiagro SAS | D3: Sandra Milena Vanegas | E3: 3185314863 | F3: licitaciones.organiagrosas1@gmail.com | G3: 2 | H3: Alambre de púas calibre 14. PRESENTACIÓN: Rollos de 400 metros | I3: Rollo x 400 m | J3: 1 | K3: =M3/(1+L3) -> 553235.29 | L3: 0.19 | M3: 658350 | N3: =J3*K3 -> 553235.29 | O3: =J3*M3 -> 658350
A4: 45051 | B4: Ibague - Tolima | C4: Organiagro SAS | D4: Sandra Milena Vanegas | E4: 3185314863 | F4: licitaciones.organiagrosas1@gmail.com | G4: 3 | H4: ALAMBRE DULCE GALVANIZADO, CALIBRE 12 | I4: Rollo X 25 kg | J4: 5 | K4: =M4/(1+L4) -> 304411.76 | L4: 0.19 | M4: 362250 | N4: =J4*K4 -> 1522058.8 | O4: =J4*M4 -> 1811250
A5: 45051 | B5: Ibague - Tolima | C5: Organiagro SAS | D5: Sandra Milena Vanegas | E5: 3185314863 | F5: licitaciones.organiagrosas1@gmail.com | G5: 4 | H5: Alicate diablo | I5: Unidad | J5: 1 | K5: =M5/(1+L5) -> 84705.882 | L5: 0.19 | M5: 100800 | N5: =J5*K5 -> 84705.882 | O5: =J5*M5 -> 100800
A6: 45055 | B6: Bogota | C6: Mundo Campo | D6: https://mundocampo.com.co/producto/finca-mojarra-crecimiento-30-2-5-mm/ | E6: 317-8292992 | F6: auxmercadeo@agrovelca.com | G6: 5 | H6: Alimento concentrado mojarra 30% | I6: Bulto x 40 kg | J6: 11 | K6: =M6/(1+L6) -> 184166.67 | L6: 0.05 | M6: 193375 | N6: =J6*K6 -> 2025833.3 | O6: =J6*M6 -> 2127125 | P6: precios consultados en linea, y ajustados hacia arriba con porcentaje del 25% por operación logistica comercial (fletes, gestion de adquisicion, compra y distribucion a sitio definitivo, etc).
A7: 45051 | B7: Ibague - Tolima | C7: Organiagro SAS | D7: Sandra Milena Vanegas | E7: 3185314863 | F7: licitaciones.organiagrosas1@gmail.com | G7: 6 | H7: ALIMENTO PECUARIO COMPLETO PARA PECES DE 25 -25% PROTEÍNA | I7: Bulto x 40 kg | J7: 5 | K7: =M7/(1+L7) -> 245000 | L7: 0.05 | M7: 257250 | N7: =J7*K7 -> 1225000 | O7: =J7*M7 -> 1286250
A8: 45051 | B8: Ibague - Tolima | C8: Organiagro SAS | D8: Sandra Milena Vanegas | E8: 3185314863 | F8: licitaciones.organiagrosas1@gmail.com | G8: 7 | H8: ALIMENTO PECUARIO COMPLETO PARA PECES DE 34% PROTEÍNA | I8: Bulto x 40 kg | J8: 5 | K8: =M8/(1+L8) -> 198000 | L8: 0.05 | M8: 207900 | N8: =J8*K8 -> 990000 | O8: =J8*M8 -> 1039500
A9: 45051 | B9: Ibague - Tolima | C9: Organiagro SAS | D9: Sandra Milena Vanegas | E9: 3185314863 | F9: licitaciones.organiagrosas1@gmail.com | G9: 8 | H9: ALIMENTO PECUARIO COMPLETO PARA PECES DE 38-45% PROTEÍNA | I9: Bulto x 40 kg | J9: 2 | K9: =M9/(1+L9) -> 278000 | L9: 0.05 | M9: 291900 | N9: =J9*K9 -> 556000 | O9: =J9*M9 -> 583800
A10: 45051 | B10: Ibague - Tolima | C10: Organiagro SAS | D10: Sandra Milena Vanegas | E10: 3185314863 | F10: licitaciones.organiagrosas1@gmail.com | G10: 9 | H10: Azadon con cabo | I10: Unidad | J10: 25 | K10: =M10/(1+L10) -> 64000 | L10: 0.05 | M10: 67200 | N10: =J10*K10 -> 1600000 | O10: =J10*M10 -> 1680000
A11: 45051 | B11: Ibague - Tolima | C11: Organiagro SAS | D11: Sandra Milena Vanegas | E11: 3185314863 | F11: licitaciones.organiagrosas1@gmail.com | G11: 10 | H11: Bandejas en aluminio troqueladas medidas 45*65 | I11: Unidad | J11: 6 | K11: =M11/(1+L11) -> 591176.47 | L11: 0.19 | M11: 703500 | N11: =J11*K11 -> 3547058.8 | O11: =J11*M11 -> 4221000
A12: 45055 | B12: Cali - Valle del Cauca | C12: Badecol | D12: https://www.badecol.com/products/bascula-inalambrica-industrial-capac-300kg | E12: 3154927497 / 3182422423 | F12: ventas@badecol.com comercial@badecol.com | G12: 11 | H12: BASCULA DIGITAL INALAMBRICA INDUSTRIAL CAPACIDAD 150 KG - Capacidad: 150kg, División: 20g, Unidades de peso: lb y Kg - Batería interna recargable de 12V y autonomía de 8horas - Dimensión plataforma: 30 x 40 (150 kg) - Display: LCD - Display de tres pantallas con 7 dígitos cada uno - Función Indicador: Liquidador - Sistema de Tara para disminuir recipientes | I12: Unidad | J12: 3 | K12: =M12/(1+L12) -> 350000 | L12: 0.19 | M12: =333200*1.25 -> 416500 | N12: =J12*K12 -> 1050000 | O12: =J12*M12 -> 1249500 | P12: precios consultados en linea, y ajustados hacia arriba con porcentaje del 25% por operación logistica comercial (fletes, gestion de adquisicion, compra y distribucion a sitio definitivo, etc).
A13: 45051 | B13: Ibague - Tolima | C13: Organiagro SAS | D13: Sandra Milena Vanegas | E13: 3185314863 | F13: licitaciones.organiagrosas1@gmail.com | G13: 12 | H13: BATEA PARA ENFRIAMIENTO DE MIEL DE CAÑA FABRICADA EN ACERO INOXIDABLE 316 | I13: Unidad | J13: 1 | K13: =M13/(1+L13) -> 2436974.8 | L13: 0.19 | M13: 2900000 | N13: =J13*K13 -> 2436974.8 | O13: =J13*M13 -> 2900000 | P13: No se tendra e cuenta esta cotizacion ya que relaciona un valor que duplica el valor analizado con los fabricantes directos de esta tecnologia en Antioquia , empresa JM Estrada
A14: 45051 | B14: Ibague - Tolima | C14: Organiagro SAS | D14: Sandra Milena Vanegas | E14: 3185314863 | F14: licitaciones.organiagrosas1@gmail.com | G14: 13 | H14: BINOCULARES PROFESIONALES 20X50 OBSERVACIÓN DE AVES: Modelo X002B Visión clara: binocular de 20 x 50, con un aumento de 20x, este binocular puede acercar el sujeto 20 veces más, diámetro de lente de 50 mm objeto que permite que pase más luz, y es muy claro para los detalles, incluso si está en condiciones de poca luz.Medidas del producto: alto 17.5 cm, ancho 19 cm, fondo 6 cm. Alcance aproximado entre 700 y 900 metros. Prisma Bak-4 Visión amplia e imagen clara. No tiene visión nocturna. Contenido: 1 Binoculares 20x50 negros, paño limpieza, correa, estuche y manual. | I14: Unidad | J14: 10 | K14: =M14/(1+L14) -> 326470.59 | L14: 0.19 | M14: 388500 | N14: =J14*K14 -> 3264705.9 | O14: =J14*M14 -> 3885000
A15: 45051 | B15: Ibague - Tolima | C15: Organiagro SAS | D15: Sandra Milena Vanegas | E15: 3185314863 | F15: licitaciones.organiagrosas1@gmail.com | G15: 14 | H15: Bolsa para vivero Bolsa 8cm x 16cm Cal. 1,5 con fuelle incluido paquete por 100 unidades | I15: Paquete x 100 unidades | J15: 19 | K15: =M15/(1+L15) -> 4500 | L15: 0.19 | M15: 5355 | N15: =J15*K15 -> 85500 | O15: =J15*M15 -> 101745
A16: 45051 | B16: Ibague - Tolima | C16: Organiagro SAS | D16: Sandra Milena Vanegas | E16: 3185314863 | F16: licitaciones.organiagrosas1@gmail.com | G16: 15 | H16: Bolsa para vivero Bolsa x 100 unidades 8x12 con fuelle calibre 1.5 | I16: Paquete x 100 unidades | J16: 605 | K16: =M16/(1+L16) -> 4500 | L16: 0.19 | M16: 5355 | N16: =J16*K16 -> 2722500 | O16: =J16*M16 -> 3239775
A17: 45051 | B17: Ibague - Tolima | C17: Organiagro SAS | D17: Sandra Milena Vanegas | E17: 3185314863 | F17: licitaciones.organiagrosas1@gmail.com | G17: 16 | H17: Bolsa platanera rollo x 80 metros - Bolsas plásticas para plátano convenientemente plegadas, tipo Lay Flat, de fácil apertura e instalación. - Presentación: Bolsa Cortada. - Bolsa en Rollo (con o sin precorte). Ancho*: 91,44 cm (36 pulgadas). - 94,00 cm (37 pulgadas). Largo*: 140 cm (55,1 pulgadas). - 145 cm (57,1 pulgadas). Espesor*: Desde 0,30 hasta 0,60 milésimas de pulgada. - Perforación: 4 mm. - 6 mm. | I17: Rollo x 80 m | J17: 6 | K17: =M17/(1+L17) -> 247058.82 | L17: 0.19 | M17: 294000 | N17: =J17*K17 -> 1482352.9 | O17: =J17*M17 -> 1764000 | P17: No se usaran estas cotizaciones por no corersponder al producto solicitado
A18: 45051 | B18: Ibague - Tolima | C18: Organiagro SAS | D18: Sandra Milena Vanegas | E18: 3185314863 | F18: licitaciones.organiagrosas1@gmail.com | G18: 17 | H18: BOLSAS DE POLIETILENO NEGRAS CON FUELLE PARA SEMILLERO, DE 10 X 15 CM, CALIBRE 2 | I18: Paquete x 100 unidades | J18: 10 | K18: =M18/(1+L18) -> 7323.5294 | L18: 0.19 | M18: 8715 | N18: =J18*K18 -> 73235.294 | O18: =J18*M18 -> 87150
A19: 45051 | B19: Ibague - Tolima | C19: Organiagro SAS | D19: Sandra Milena Vanegas | E19: 3185314863 | F19: licitaciones.organiagrosas1@gmail.com | G19: 18 | H19: bultos de cemento gris | I19: Bulto x 50 kg | J19: 8 | K19: =M19/(1+L19) -> 43235.294 | L19: 0.19 | M19: 51450 | N19: =J19*K19 -> 345882.35 | O19: =J19*M19 -> 411600
A20: 45051 | B20: Ibague - Tolima | C20: Organiagro SAS | D20: Sandra Milena Vanegas | E20: 3185314863 | F20: licitaciones.organiagrosas1@gmail.com | G20: 19 | H20: CABUYA COSECHERA VERDE REF. 6X1X1500 METROS | I20: Rollo x 1500 m | J20: 30 | K20: =M20/(1+L20) -> 40588.235 | L20: 0.19 | M20: 48300 | N20: =J20*K20 -> 1217647.1 | O20: =J20*M20 -> 1449000
A21: 45051 | B21: Ibague - Tolima | C21: Organiagro SAS | D21: Sandra Milena Vanegas | E21: 3185314863 | F21: licitaciones.organiagrosas1@gmail.com | G21: 20 | H21: CAL AGRÍCOLA, CARBONATO DE CALCIO, ENMIENDA INORGÁNICA DE SUELOS POLVO SECO USO AGRÍCOLA. CALCIO SOLUBLE EN HCL (CaO 48%). Presentación de Bulto por 50 kilogramos. | I21: Bulto x 50 kg | J21: 44 | K21: =M21/(1+L21) -> 28350 | L21: 0 | M21: 28350 | N21: =J21*K21 -> 1247400 | O21: =J21*M21 -> 1247400
A22: 45051 | B22: Ibague - Tolima | C22: Organiagro SAS | D22: Sandra Milena Vanegas | E22: 3185314863 | F22: licitaciones.organiagrosas1@gmail.com | G22: 21 | H22: CAL DOLOMITA 16% ENMIENDA INORGÁNICA DE SUELOS POLVO SECO USO AGRÍCOLA. CALCIO SOLUBLE EN HCl (CaCO3 36%), MAGNESIO SOLUBLE EN HCl (MgO 16%). Presentación de Bulto por 50 kilogramos. | I22: Bulto x 50 kg | J22: 30 | K22: =M22/(1+L22) -> 32550 | L22: 0 | M22: 32550 | N22: =J22*K22 -> 976500 | O22: =J22*M22 -> 976500
A23: 45051 | B23: Ibague - Tolima | C23: Organiagro SAS | D23: Sandra Milena Vanegas | E23: 3185314863 | F23: licitaciones.organiagrosas1@gmail.com | G23: 22 | H23: CAL DOLOMITA ACONDICIONADOR INORGÁNICO DE SUELOS, EN POLVO SECO, PARA USO AGRÍCOLA PARA SU ENMIENDA SACO DE POLIPROPILENO CON BOLSA INTERIOR Y LICENCIA ICA. CaO 39% y 12% de MgO | I23: Bulto x 50 kg | J23: 16 | K23: =M23/(1+L23) -> 32550 | L23: 0 | M23: 32550 | N23: =J23*K23 -> 520800 | O23: =J23*M23 -> 520800
A24: 45051 | B24: Ibague - Tolima | C24: Organiagro SAS | D24: Sandra Milena Vanegas | E24: 3185314863 | F24: licitaciones.organiagrosas1@gmail.com | G24: 23 | H24: CAL TRIPLE 30 | I24: Bulto x 50 kg | J24: 39 | K24: =M24/(1+L24) -> 39900 | L24: 0 | M24: 39900 | N24: =J24*K24 -> 1556100 | O24: =J24*M24 -> 1556100
A25: 45051 | B25: Ibague - Tolima | C25: Organiagro SAS | D25: Sandra Milena Vanegas | E25: 3185314863 | F25: licitaciones.organiagrosas1@gmail.com | G25: 24 | H25: CAL TRIPLE 30 MENORES | I25: Bulto x 50 kg | J25: 44 | K25: =M25/(1+L25) -> 39900 | L25: 0 | M25: 39900 | N25: =J25*K25 -> 1755600 | O25: =J25*M25 -> 1755600
A26: 45051 | B26: Ibague - Tolima | C26: Organiagro SAS | D26: Sandra Milena Vanegas | E26: 3185314863 | F26: licitaciones.organiagrosas1@gmail.com | G26: 25 | H26: CAMPING: Camping para4 personas. Tipo IGLU. Disponibles para 3 y 6 personas. Facil y rapida de armar. Super liviana y ligera para llevar a cualquir parte. Material impermeable ideal para la lluvia y la nieve. Medidas 2 mts. x 2 mts. x 1,40 mts. | I26: Unidad | J26: 4 | K26: =M26/(1+L26) -> 527731.09 | L26: 0.19 | M26: 628000 | N26: =J26*K26 -> 2110924.4 | O26: =J26*M26 -> 2512000 | P26: Nose tendra en cuenta esta cotizacion por que supera el valor promedio establecido con otros valores
A27: 45051 | B27: Ibague - Tolima | C27: Organiagro SAS | D27: Sandra Milena Vanegas | E27: 3185314863 | F27: licitaciones.organiagrosas1@gmail.com | G27: 26 | H27: Canastillas plásticas para el transporte de material vegetal capacidad 60x40x13 cm | I27: Unidad | J27: 18 | K27: =M27/(1+L27) -> 29117.647 | L27: 0.19 | M27: 34650 | N27: =J27*K27 -> 524117.65 | O27: =J27*M27 -> 623700
A28: 45051 | B28: Ibague - Tolima | C28: Organiagro SAS | D28: Sandra Milena Vanegas | E28: 3185314863 | F28: licitaciones.organiagrosas1@gmail.com | G28: 27 | H28: CANASTILLAS FRUVER PLASTICA DE 60x40x25 | I28: Unidad | J28: 132 | K28: =M28/(1+L28) -> 34411.765 | L28: 0.19 | M28: 40950 | N28: =J28*K28 -> 4542352.9 | O28: =J28*M28 -> 5405400
A29: 45051 | B29: Ibague - Tolima | C29: Organiagro SAS | D29: Sandra Milena Vanegas | E29: 3185314863 | F29: licitaciones.organiagrosas1@gmail.com | G29: 28 | H29: CANASTILLAS FRUVER PLASTICA DE 60x40x18 | I29: Unidad | J29: 26 | K29: =M29/(1+L29) -> 34411.765 | L29: 0.19 | M29: 40950 | N29: =J29*K29 -> 894705.88 | O29: =J29*M29 -> 1064700
A30: 45051 | B30: Ibague - Tolima | C30: Organiagro SAS | D30: Sandra Milena Vanegas | E30: 3185314863 | F30: licitaciones.organiagrosas1@gmail.com | G30: 29 | H30: CANASTO RECOLECTOR CANASTA EN POLIETILENO DE ALTA DENSIDAD 100% VIRGEN, ERGONICOMO, CON UV PROTECCIÓN RAYOS ULTAVIOLETA PARA RECOLECCIÓN DE CAFÉ Y FRUTOS. | I30: Unidad | J30: 30 | K30: =M30/(1+L30) -> 47647.059 | L30: 0.19 | M30: 56700 | N30: =J30*K30 -> 1429411.8 | O30: =J30*M30 -> 1701000
A31: 45051 | B31: Ibague - Tolima | C31: Organiagro SAS | D31: Sandra Milena Vanegas | E31: 3185314863 | F31: licitaciones.organiagrosas1@gmail.com | G31: 30 | H31: Caneca 30 Litros Con Tapa Y Zuncho Metalico. Nueva Caneca 30litros con Tapa y Zuncho Metalico Polietileno 100% atoxico. Tapa de cierre Hermético con precinto de seguridad y aro metálico, fáciles de usar, fáciles de apilar, reutilizables. | I31: unidad | J31: 10 | K31: =M31/(1+L31) -> 105882.35 | L31: 0.19 | M31: 126000 | N31: =J31*K31 -> 1058823.5 | O31: =J31*M31 -> 1260000
A32: 45051 | B32: Ibague - Tolima | C32: Organiagro SAS | D32: Sandra Milena Vanegas | E32: 3185314863 | F32: licitaciones.organiagrosas1@gmail.com | G32: 31 | H32: caneca de plastico de 30 galones | I32: Unidad | J32: 6 | K32: =M32/(1+L32) -> 105882.35 | L32: 0.19 | M32: 126000 | N32: =J32*K32 -> 635294.12 | O32: =J32*M32 -> 756000
A33: 45051 | B33: Ibague - Tolima | C33: Organiagro SAS | D33: Sandra Milena Vanegas | E33: 3185314863 | F33: licitaciones.organiagrosas1@gmail.com | G33: 32 | H33: caneca metalica de 15 galones | I33: Unidad | J33: 1 | K33: =M33/(1+L33) -> 82058.824 | L33: 0.19 | M33: 97650 | N33: =J33*K33 -> 82058.824 | O33: =J33*M33 -> 97650
A34: 45051 | B34: Ibague - Tolima | C34: Organiagro SAS | D34: Sandra Milena Vanegas | E34: 3185314863 | F34: licitaciones.organiagrosas1@gmail.com | G34: 33 | H34: caneca metalica de 55 galones | I34: Unidad | J34: 1 | K34: =M34/(1+L34) -> 153529.41 | L34: 0.19 | M34: 182700 | N34: =J34*K34 -> 153529.41 | O34: =J34*M34 -> 182700
A35: 45051 | B35: Ibague - Tolima | C35: Organiagro SAS | D35: Sandra Milena Vanegas | E35: 3185314863 | F35: licitaciones.organiagrosas1@gmail.com | G35: 34 | H35: Caneca plastica de 55 galones con tapa para desarrollo de biopreparados | I35: Unidad | J35: 4 | K35: =M35/(1+L35) -> 114705.88 | L35: 0.19 | M35: 136500 | N35: =J35*K35 -> 458823.53 | O35: =J35*M35 -> 546000
A36: 45051 | B36: Ibague - Tolima | C36: Organiagro SAS | D36: Sandra Milena Vanegas | E36: 3185314863 | F36: licitaciones.organiagrosas1@gmail.com | G36: 35 | H36: Carretilla de platon metalico | I36: Unidad | J36: 12 | K36: =M36/(1+L36) -> 326470.59 | L36: 0.19 | M36: 388500 | N36: =J36*K36 -> 3917647.1 | O36: =J36*M36 -> 4662000
A37: 45055 | B37: Bogota | C37: Apinal - Miel de Abeja | D37: ttps://www.apinal.com/centrifugadora-herrajes-de-acero-inoxidable-ref-304-canela-plastica | E37: 3143570150 | G37: 36 | H37: Centrifugadora - Herrajes de acero inoxidable, con Caneca Plástica Medidas 90 cms de altura, 49 cms de diámetro, Herrajes en acero inoxidable 304, Canastas con capacidad para centrifugar 3 cuadros de cría o 6 de media alza. Llave envasadora en acero inoxidable en la parte inferior, Peso aproximado 15 kilos | I37: Unidad | J37: 1 | K37: =M37/(1+L37) -> 945378.15 | L37: 0.19 | M37: =900000*1.25 -> 1125000 | N37: =J37*K37 -> 945378.15 | O37: =J37*M37 -> 1125000 | P37: UNICA COTIZACION. Por especificidad del producto.consultado en linea y confirmado con llamada telefonica
A38: 45051 | B38: Ibague - Tolima | C38: Organiagro SAS | D38: Sandra Milena Vanegas | E38: 3185314863 | F38: licitaciones.organiagrosas1@gmail.com | G38: 37 | H38: CINTA PARA INJERTAR Cinta de injertar (color segun el requerimiento) en baja densidad calibre 1,50 de 10 pulgadas y 40 cm de ancho. PRESENTACIÓN: ROLLO POR 100 METROS | I38: Rollo x 100 m | J38: 1 | K38: =M38/(1+L38) -> 64411.765 | L38: 0.19 | M38: 76650 | N38: =J38*K38 -> 64411.765 | O38: =J38*M38 -> 76650
A39: 45051 | B39: Ibague - Tolima | C39: Organiagro SAS | D39: Sandra Milena Vanegas | E39: 3185314863 | F39: licitaciones.organiagrosas1@gmail.com | G39: 38 | H39: CONCENTRADO PONEDORA - ALIMENTO FASE POSTURA - ALIMENTO CONCENTRADO PARA GALLINAS PONEDORAS CON HUMEDAD MAXIMA DEL 13% PROTEINA MINIMA DEL 17 - 18% GRASA MINIMA 4%, FIBRA MAXIMA 6%, CENIZA MAXIMA 15%, CALCIO MINIMO 3,6%, FOSFORO MINIMO 0,45%. | I39: Bulto x 40 kg | J39: 4 | K39: =M39/(1+L39) -> 173000 | L39: 0.05 | M39: 181650 | N39: =J39*K39 -> 692000 | O39: =J39*M39 -> 726600
A40: 45051 | B40: Ibague - Tolima | C40: Organiagro SAS | D40: Sandra Milena Vanegas | E40: 3185314863 | F40: licitaciones.organiagrosas1@gmail.com | G40: 39 | H40: REFRIGERADOR -CONGELADOR CON CAPACIDAD DE 200 LITROS MARCA ELECTROLUX, NO FROST | I40: Unidad | J40: 2 | K40: =M40/(1+L40) -> 1676470.6 | L40: 0.19 | M40: 1995000 | N40: =J40*K40 -> 3352941.2 | O40: =J40*M40 -> 3990000
A41: 45051 | B41: Ibague - Tolima | C41: Organiagro SAS | D41: Sandra Milena Vanegas | E41: 3185314863 | F41: licitaciones.organiagrosas1@gmail.com | G41: 40 | H41: Cubetas para germinacion de plantulas | I41: Unidad | J41: 100 | K41: =M41/(1+L41) -> 15000 | L41: 0.19 | M41: 17850 | N41: =J41*K41 -> 1500000 | O41: =J41*M41 -> 1785000
A42: 45051 | B42: Ibague - Tolima | C42: Organiagro SAS | D42: Sandra Milena Vanegas | E42: 3185314863 | F42: licitaciones.organiagrosas1@gmail.com | G42: 41 | H42: Desgajadora,desjarretadora para platano y Banano | I42: Unidad | J42: 2 | K42: =M42/(1+L42) -> 291176.47 | L42: 0.19 | M42: 346500 | N42: =J42*K42 -> 582352.94 | O42: =J42*M42 -> 693000
A43: 45051 | B43: Ibague - Tolima | C43: Organiagro SAS | D43: Sandra Milena Vanegas | E43: 3185314863 | F43: licitaciones.organiagrosas1@gmail.com | G43: 42 | H43: Deshidratador De Alimentos Industrial Acero de 6 a 8 Bandejas Control de tiempo y temperatura: el rango de tiempo es de 0 a 24 horas, el temporizador se apagará automáticamente cuando termines, y el rango de temperatura es de 20 a 90 cGran capacidad: pies grandes de espacio de secado, con 8 bandejas, cada bandeja es de 9.843 x 9.843 | I43: Unidad | J43: 1 | K43: =M43/(1+L43) -> 1487395 | L43: 0.19 | M43: 1770000 | N43: =J43*K43 -> 1487395 | O43: =J43*M43 -> 1770000
A44: 45051 | B44: Ibague - Tolima | C44: Organiagro SAS | D44: Sandra Milena Vanegas | E44: 3185314863 | F44: licitaciones.organiagrosas1@gmail.com | G44: 43 | H44: Deshojadora bananera | I44: Unidad | J44: 7 | K44: =M44/(1+L44) -> 41029.412 | L44: 0.19 | M44: 48825 | N44: =J44*K44 -> 287205.88 | O44: =J44*M44 -> 341775
A45: 45051 | B45: Ibague - Tolima | C45: Organiagro SAS | D45: Sandra Milena Vanegas | E45: 3185314863 | F45: licitaciones.organiagrosas1@gmail.com | G45: 44 | H45: Dispensador de crema Chantilly acero inox 1 lit. Para la preparación de espumas ligeras y esponjosas, bocaditos, salsas calientes y frías, sopas cremosas, así como nata montada y postres. Para preparaciones frías y calientes. Cuerpo de la botella y cabezal de acero inoxidable, desarrollado para el uso profesional. Cabezal con protector de silicona y válvula dosificadora fija de acero inoxidable, para una dosificación más fácil incluso en aplicaciones en caliente. Sellado de silicona resistente a la temperatura con lengüeta de extracción para una limpieza más rápida e higiénica. Mantener caliente al baño María a un máx. de 75 °C. Volumen máximo de llenado: 0,5 L Se incluye: Boquilla de acero inoxidable recta, boquilla de tulipa, boquilla en estrella y cepillo de limpieza Porta cápsulas ergonómico con mango de silicona antideslizante Apto para lavavajillas Certificado por NSF | I45: unidad | J45: 1 | K45: =M45/(1+L45) -> 671428.57 | L45: 0.19 | M45: 799000 | N45: =J45*K45 -> 671428.57 | O45: =J45*M45 -> 799000
A46: 45051 | B46: Ibague - Tolima | C46: Organiagro SAS | D46: Sandra Milena Vanegas | E46: 3185314863 | F46: licitaciones.organiagrosas1@gmail.com | G46: 45 | H46: ESPATULAS PARA BATIDO DE MIEL DE CAÑA FABRICADA EN ACERO INOXIDABLE 316 | I46: Unidad | J46: 3 | K46: =M46/(1+L46) -> 157058.82 | L46: 0.19 | M46: 186900 | N46: =J46*K46 -> 471176.47 | O46: =J46*M46 -> 560700
A47: 45051 | B47: Ibague - Tolima | C47: Organiagro SAS | D47: Sandra Milena Vanegas | E47: 3185314863 | F47: licitaciones.organiagrosas1@gmail.com | G47: 46 | H47: Fertilizante Abotek 15-4-23+4MgO+2S+0.1B+0.1Zn | I47: Bulto x 50 kg | J47: 4 | K47: =M47/(1+L47) -> 320250 | L47: 0 | M47: 320250 | N47: =J47*K47 -> 1281000 | O47: =J47*M47 -> 1281000
A48: 45051 | B48: Ibague - Tolima | C48: Organiagro SAS | D48: Sandra Milena Vanegas | E48: 3185314863 | F48: licitaciones.organiagrosas1@gmail.com | G48: 47 | H48: FERTILIZANTE COMPUESTO 10-30-10 | I48: Bulto x 50 kg | J48: 10 | K48: =M48/(1+L48) -> 346500 | L48: 0 | M48: 346500 | N48: =J48*K48 -> 3465000 | O48: =J48*M48 -> 3465000
A49: 45051 | B49: Ibague - Tolima | C49: Organiagro SAS | D49: Sandra Milena Vanegas | E49: 3185314863 | F49: licitaciones.organiagrosas1@gmail.com | G49: 48 | H49: FERTILIZANTE COMPUESTO 15-15-15 | I49: Bulto x 50 kg | J49: 6 | K49: =M49/(1+L49) -> 327600 | L49: 0 | M49: 327600 | N49: =J49*K49 -> 1965600 | O49: =J49*M49 -> 1965600
... A62: 45051 | B62: Ibague - Tolima | C62: Organiagro SAS | D62: Sandra Milena Vanegas | E62: 3185314863 | F62: licitaciones.organiagrosas1@gmail.com | G62: 61 | H62: hojas de eternit #8 | I62: Unidad | J62: 8 | K62: =M62/(1+L62) -> 60441.176 | L62: 0.19 | M62: 71925 | N62: =J62*K62 -> 483529.41 | O62: =J62*M62 -> 575400
A63: 45051 | B63: Ibague - Tolima | C63: Organiagro SAS | D63: Sandra Milena Vanegas | E63: 3185314863 | F63: licitaciones.organiagrosas1@gmail.com | G63: 62 | H63: Horno para panaderia elaborado en acero inoxidable, 3 camaras de horneo, funcionamiento a gas. | I63: Unidad | J63: 1 | K63: =M63/(1+L63) -> 1605042 | L63: 0.19 | M63: 1910000 | N63: =J63*K63 -> 1605042 | O63: =J63*M63 -> 1910000 | P63: Nose tuvo en cuenta estas cotizaciones por elevadas en relacion con las enviadas por la comunidad solciitante en el territorio de Uraba
A64: 45051 | B64: Ibague - Tolima | C64: Organiagro SAS | D64: Sandra Milena Vanegas | E64: 3185314863 | F64: licitaciones.organiagrosas1@gmail.com | G64: 63 | H64: Insecticida agrícola Cipermetrina (RS)-alfa-ciano-3-fenoxibencil-(1RS)-cis,trans-3-(2,2-diclorovinil)-2,2-dimetil ciclopropanocarboxilato 200 g/L. Ingredientes aditivos: c.s.p. 1 L: Concentrado emulsionable - EC. Registro ICA vigente, fecha de expiración superior a un año en el momento de la entrega. Presentación Litro | I64: Litro | J64: 1 | K64: =M64/(1+L64) -> 118650 | L64: 0 | M64: 118650 | N64: =J64*K64 -> 118650 | O64: =J64*M64 -> 118650
A65: 45051 | B65: Ibague - Tolima | C65: Organiagro SAS | D65: Sandra Milena Vanegas | E65: 3185314863 | F65: licitaciones.organiagrosas1@gmail.com | G65: 64 | H65: KIT COMPLETO DE PRIMEROS AUXILIOS. Camilla de emergencia adulto con arnés, señal, soporte e inmovilizador de cabeza + botiquín de primeros auxilios tipo A reglamentario de acuerdo a la resolución 705 de 2007 + extintor multipropósito de 10 lb con señal y soporte. | I65: Kit | J65: 2 | K65: =M65/(1+L65) -> 494117.65 | L65: 0.19 | M65: 588000 | N65: =J65*K65 -> 988235.29 | O65: =J65*M65 -> 1176000
A66: 45051 | B66: Ibague - Tolima | C66: Organiagro SAS | D66: Sandra Milena Vanegas | E66: 3185314863 | F66: licitaciones.organiagrosas1@gmail.com | G66: 65 | H66: LAMINA MANTENGA ASEADO EL LUGAR 35X24CM : CARACTERISTICAS: CUMPLE NTC 1461, MATERIAL: POLIESTIRENO 1,5 MM, ACABADOS: CINTADOBLE O PERFORACIÓN PARA INSTALAR, IMPRESIÓN DIGITAL LAMINADA | I66: Unidad | J66: 30 | K66: =M66/(1+L66) -> 29117.647 | L66: 0.19 | M66: 34650 | N66: =J66*K66 -> 873529.41 | O66: =J66*M66 -> 1039500
A67: 45051 | B67: Ibague - Tolima | C67: Organiagro SAS | D67: Sandra Milena Vanegas | E67: 3185314863 | F67: licitaciones.organiagrosas1@gmail.com | G67: 66 | H67: LAMINA NO FUMAR 22X15 CM : CARACTERISTICAS: CUMPLE NTC 1461, MATERIAL: POLIESTIRENO 1,5 MM, ACABADOS: CINTADOBLE O PERFORACIÓN PARA INSTALAR, IMPRESIÓN DIGITAL LAMINADA | I67: Unidad | J67: 30 | K67: =M67/(1+L67) -> 23823.529 | L67: 0.19 | M67: 28350 | N67: =J67*K67 -> 714705.88 | O67: =J67*M67 -> 850500
A68: 45051 | B68: Ibague - Tolima | C68: Organiagro SAS | D68: Sandra Milena Vanegas | E68: 3185314863 | F68: licitaciones.organiagrosas1@gmail.com | G68: 67 | H68: LAMINA PARA BAÑOS 22X15 CM POLIESTIRENO : CARACTERISTICAS: CUMPLE NTC 1461, MATERIAL: POLIESTIRENO 1,5 MM, ACABADOS: CINTADOBLE O PERFORACIÓN PARA INSTALAR, IMPRESIÓN DIGITAL LAMINADA | I68: Unidad | J68: 30 | K68: =M68/(1+L68) -> 23823.529 | L68: 0.19 | M68: 28350 | N68: =J68*K68 -> 714705.88 | O68: =J68*M68 -> 850500
A69: 45051 | B69: Ibague - Tolima | C69: Organiagro SAS | D69: Sandra Milena Vanegas | E69: 3185314863 | F69: licitaciones.organiagrosas1@gmail.com | G69: 68 | H69: LAMINA PELIGRO 22X15CM POLIESTIRENO : CARACTERISTICAS: CUMPLE NTC 1461, MATERIAL: POLIESTIRENO 1,5 MM, ACABADOS: CINTADOBLE O PERFORACIÓN PARA INSTALAR, IMPRESIÓN DIGITAL LAMINADA | I69: Unidad | J69: 30 | K69: =M69/(1+L69) -> 23823.529 | L69: 0.19 | M69: 28350 | N69: =J69*K69 -> 714705.88 | O69: =J69*M69 -> 850500
A70: 45051 | B70: Ibague - Tolima | C70: Organiagro SAS | D70: Sandra Milena Vanegas | E70: 3185314863 | F70: licitaciones.organiagrosas1@gmail.com | G70: 69 | H70: LAMINA PROHIBIDO CONSUMIR ALIMENTOS 22X15 CM : CARACTERISTICAS: CUMPLE NTC 1461, MATERIAL: POLIESTIRENO 1,5 MM, ACABADOS: CINTADOBLE O PERFORACIÓN PARA INSTALAR, IMPRESIÓN DIGITAL LAMINADA | I70: Unidad | J70: 30 | K70: =M70/(1+L70) -> 23823.529 | L70: 0.19 | M70: 28350 | N70: =J70*K70 -> 714705.88 | O70: =J70*M70 -> 850500
A71: 45051 | B71: Ibague - Tolima | C71: Organiagro SAS | D71: Sandra Milena Vanegas | E71: 3185314863 | F71: licitaciones.organiagrosas1@gmail.com | G71: 70 | H71: LAMINA PROTOCOLO DE LAVADO DE MANOS 30X45CM : CARACTERISTICAS: CUMPLE NTC 1461, MATERIAL: POLIESTIRENO 1,5 MM, ACABADOS: CINTADOBLE O PERFORACIÓN PARA INSTALAR, IMPRESIÓN DIGITAL LAMINADA | I71: Unidad | J71: 30 | K71: =M71/(1+L71) -> 26470.588 | L71: 0.19 | M71: 31500 | N71: =J71*K71 -> 794117.65 | O71: =J71*M71 -> 945000
A72: 45051 | B72: Ibague - Tolima | C72: Organiagro SAS | D72: Sandra Milena Vanegas | E72: 3185314863 | F72: licitaciones.organiagrosas1@gmail.com | G72: 71 | H72: LAMINA USE MASCARILLA 22X15CM : CARACTERISTICAS: CUMPLE NTC 1461, MATERIAL: POLIESTIRENO 1,5 MM, ACABADOS: CINTADOBLE O PERFORACIÓN PARA INSTALAR, IMPRESIÓN DIGITAL LAMINADA | I72: Unidad | J72: 2 | K72: =M72/(1+L72) -> 23823.529 | L72: 0.19 | M72: 28350 | N72: =J72*K72 -> 47647.059 | O72: =J72*M72 -> 56700
A73: 45055 | B73: Bogotá | C73: IDEAMAQ | D73: https://ideamaq.com.co/producto/linterna-led-recargable-alta-potencia-135m-de-alca | G73: 72 | H73: LINTERNAS: Marca Pretul Modelo 24091 Color de la luz Blanco Color de la linterna Amarillo Tipo de alimentación: Batería Tipo de luz: LED Potencia: 145 lm Es recargable: Sí Es a prueba de agua: No | I73: Unidad | J73: 4 | K73: =M73/(1+L73) -> 51680.672 | L73: 0.19 | M73: 61500 | N73: =J73*K73 -> 206722.69 | O73: =J73*M73 -> 246000 | P73: precios consultados en linea, y ajustados hacia arriba con porcentaje del 25% por operación logistica comercial (fletes, gestion de adquisicion, compra y distribucion a sitio definitivo, etc).
A74: 45051 | B74: Ibague - Tolima | C74: Organiagro SAS | D74: Sandra Milena Vanegas | E74: 3185314863 | F74: licitaciones.organiagrosas1@gmail.com | G74: 73 | H74: Lupas para monitoreo DE 40X | I74: Unidad | J74: 15 | K74: =M74/(1+L74) -> 109411.76 | L74: 0.19 | M74: 130200 | N74: =J74*K74 -> 1641176.5 | O74: =J74*M74 -> 1953000
A75: 45051 | B75: Ibague - Tolima | C75: Organiagro SAS | D75: Sandra Milena Vanegas | E75: 3185314863 | F75: licitaciones.organiagrosas1@gmail.com | G75: 74 | H75: MACHETE BARRICON 18 PULG. - Caracteristicas - Espesor: 1,8 mm .Longitud: 18" .Acabado: Pulido. | I75: Unidad | J75: 22 | K75: =M75/(1+L75) -> 27000 | L75: 0.05 | M75: 28350 | N75: =J75*K75 -> 594000 | O75: =J75*M75 -> 623700
A76: 45051 | B76: Ibague - Tolima | C76: Organiagro SAS | D76: Sandra Milena Vanegas | E76: 3185314863 | F76: licitaciones.organiagrosas1@gmail.com | G76: 75 | H76: Machete rula agricola + cruceta | I76: Unidad | J76: 21 | K76: =M76/(1+L76) -> 53000 | L76: 0.05 | M76: 55650 | N76: =J76*K76 -> 1113000 | O76: =J76*M76 -> 1168650
A77: 45051 | B77: Ibague - Tolima | C77: Organiagro SAS | D77: Sandra Milena Vanegas | E77: 3185314863 | F77: licitaciones.organiagrosas1@gmail.com | G77: 76 | H77: Machetillla de 16" con funda Machetillla de 16" con funda | I77: Unidad | J77: 17 | K77: =M77/(1+L77) -> 51176.471 | L77: 0.19 | M77: 60900 | N77: =J77*K77 -> 870000 | O77: =J77*M77 -> 1035300
A78: 45051 | B78: Ibague - Tolima | C78: Organiagro SAS | D78: Sandra Milena Vanegas | E78: 3185314863 | F78: licitaciones.organiagrosas1@gmail.com | G78: 77 | H78: Manguera jardinera | I78: Rollo x 100 m | J78: 1 | K78: =M78/(1+L78) -> 155294.12 | L78: 0.19 | M78: 184800 | N78: =J78*K78 -> 155294.12 | O78: =J78*M78 -> 184800
A79: 45051 | B79: Ibague - Tolima | C79: Organiagro SAS | D79: Sandra Milena Vanegas | E79: 3185314863 | F79: licitaciones.organiagrosas1@gmail.com | G79: 78 | H79: Martillo de uña, con cabo metálico | I79: Unidad | J79: 2 | K79: =M79/(1+L79) -> 41470.588 | L79: 0.19 | M79: 49350 | N79: =J79*K79 -> 82941.176 | O79: =J79*M79 -> 98700
A80: 45051 | B80: Ibague - Tolima | C80: Organiagro SAS | D80: Sandra Milena Vanegas | E80: 3185314863 | F80: licitaciones.organiagrosas1@gmail.com | G80: 79 | H80: MELAZA | I80: Bulto x 30 kg | J80: 4 | K80: =M80/(1+L80) -> 72000 | L80: 0.05 | M80: 75600 | N80: =J80*K80 -> 288000 | O80: =J80*M80 -> 302400
A81: 45051 | B81: Ibague - Tolima | C81: Organiagro SAS | D81: Sandra Milena Vanegas | E81: 3185314863 | F81: licitaciones.organiagrosas1@gmail.com | G81: 80 | H81: MESA PARA ENFRIAMIENTO DE PANELA PULVERIZADA CON RODACHINES CON DIMENSIONES DE 1.5m x1m. FABRICADA EN ACERO INOXIDABLE 316 | I81: Unidad | J81: 1 | K81: =M81/(1+L81) -> 1579831.9 | L81: 0.19 | M81: 1880000 | N81: =J81*K81 -> 1579831.9 | O81: =J81*M81 -> 1880000
A82: 45051 | B82: Ibague - Tolima | C82: Organiagro SAS | D82: Sandra Milena Vanegas | E82: 3185314863 | F82: licitaciones.organiagrosas1@gmail.com | G82: 81 | H82: MESA DE MARMOL TEMPLADO CHOCOLATE ENTRE 100 CM Y 120. CM, 50 A 60 CM DE FONDO CON BASE EN ACERO INOXIDABLE | I82: Unidad | J82: 1 | K82: =M82/(1+L82) -> 1361344.5 | L82: 0.19 | M82: 1620000 | N82: =J82*K82 -> 1361344.5 | O82: =J82*M82 -> 1620000
A83: 45051 | B83: Ibague - Tolima | C83: Organiagro SAS | D83: Sandra Milena Vanegas | E83: 3185314863 | F83: licitaciones.organiagrosas1@gmail.com | G83: 82 | H83: Mesa en acero inoxidable. dimensiones 1,20 m x 0,60 m En Acero Inoxidable 304 Con Refuerzos. MESA O MESON EN ACERO INOXIDABLE 304 CERTIFICADO APLICA PARA CONTACTO CON ALIMENTOS POR SU DURABILIDAD, RESISTENCIA Y CAPACIDAD PARA SER DESINFECTADO CON PRODUCTOS QUIMICOS | I83: Unidad | J83: 1 | K83: =M83/(1+L83) -> 1495798.3 | L83: 0.19 | M83: 1780000 | N83: =J83*K83 -> 1495798.3 | O83: =J83*M83 -> 1780000
A84: 45057 | B84: Medellin | C84: Tipica SAS | D84: David | E84: 3147435032 | F84: gerencia@cafetipica.com | G84: 83 | H84: Metodo COLD DRIP METAL TRES PATAS. Maquina para metodo de preparacion de café en frio | I84: unidad | J84: 1 | K84: =M84/(1+L84) -> 598570.59 | L84: 0.19 | M84: 712299 | N84: =J84*K84 -> 598570.59 | O84: =J84*M84 -> 712299 | P84: UNICA COTIZACION. Por especificidad del producto.
A85: 45051 | B85: Ibague - Tolima | C85: Organiagro SAS | D85: Sandra Milena Vanegas | E85: 3185314863 | F85: licitaciones.organiagrosas1@gmail.com | G85: 84 | H85: MOLDES DE POLICARBONATO PARA CHOCOLATERIA Molde en policarbonato para Chocolate de Mesa Una barra por 180 gramos (250 cc) aprox. con 10 divisiones. su material de fabricado en policarbonato proporciona alta resistencia en su utilizacion, además de aportar mayor brillo a la cobertura de chocolate. Tamaño del molde 27.5 cm largo x 13.5 cm ancho x 2.5 cm alto Tamaño cavidad 1, 5 a 2 cm profundidad | I85: Unidad | J85: 17 | K85: =M85/(1+L85) -> 30000 | L85: 0.19 | M85: 35700 | N85: =J85*K85 -> 510000 | O85: =J85*M85 -> 606900
A86: 45051 | B86: Ibague - Tolima | C86: Organiagro SAS | D86: Sandra Milena Vanegas | E86: 3185314863 | F86: licitaciones.organiagrosas1@gmail.com | G86: 85 | H86: MOLDES PARA CHOCOLATE DE MESA EN POLICARBONATO APTOS PARA CONTACTO CON ALIMENTOS. Diseño Materiales Proceso de homologación Garantía Según diseño existente de Pladesan. Moldes de 125gr para chocolate amargo. Policarbonato, Aprobado FDA para contacto directo de alimentos. Todos los materiales ofertados son polímeros de ingeniería de fabricantes reconocidos.Moldes para chocolate amargo 16P. Precio para 100 unidades. | I86: Unidad | J86: 333 | K86: =M86/(1+L86) -> 25588.235 | L86: 0.19 | M86: 30450 | N86: =J86*K86 -> 8520882.4 | O86: =J86*M86 -> 10139850 | P86: No sera tenida en cuenta po que el producto cotizado no es el solicitado
A87: 45051 | B87: Ibague - Tolima | C87: Organiagro SAS | D87: Sandra Milena Vanegas | E87: 3185314863 | F87: licitaciones.organiagrosas1@gmail.com | G87: 86 | H87: MOLINO INDUSTRIAL. Molinos CORONA con motor eléctrico, muele toda clase de granos secos como mojados. Producción de hasta 30 kilos por hora dependiendo del grano, estructura de metal, hierro dulce, tolva en acero inoxidable. *Tolva en acero inoxidable * Plato salida de producto acero * Molino corona * Motor de 1 hp de fuerza * Pintura electroestática * 2 bandejas plásticas * Doble rodamiento * Interruptor de encendido * Modelo 2021 | I87: Unidad | J87: 2 | K87: =M87/(1+L87) -> 1667647.1 | L87: 0.19 | M87: 1984500 | N87: =J87*K87 -> 3335294.1 | O87: =J87*M87 -> 3969000
A88: 45051 | B88: Ibague - Tolima | C88: Organiagro SAS | D88: Sandra Milena Vanegas | E88: 3185314863 | F88: licitaciones.organiagrosas1@gmail.com | G88: 87 | H88: MOTOSIERRA STIHL MSE250C 3.1HP COMPLETA (40CMS)ESPADA/CADENA | I88: Unidad | J88: 1 | K88: =M88/(1+L88) -> 1630252.1 | L88: 0.19 | M88: 1940000 | N88: =J88*K88 -> 1630252.1 | O88: =J88*M88 -> 1940000
A89: 45051 | B89: Ibague - Tolima | C89: Organiagro SAS | D89: Sandra Milena Vanegas | E89: 3185314863 | F89: licitaciones.organiagrosas1@gmail.com | G89: 88 | H89: OVEROL APICOLA TIPO AMERICANO : DESCRIPCION : Overol drill super 8 con visor para apiculturaura: A. Cuello: Tipo Militar, B. Manga: Larga, C. Puño:Resortado, D Bolsillos: Seis bolsillos. Parte superior (Pecho): dos bolsillos con cremallera, Parte inferior (Pantalón): dos bolsillos en el frente con cremallera y dos traseros sin cremallera, E. Bota: Resortada, F. Tipo de costura: Triple, G.Tipo de cierre: Cremallera plástica de doble sleider. H. Visor: En angeo, adherido al overol por medio de cremallera y velcro Color: Blanco o Cafe. Talla M, L y XL | I89: Unidad | J89: 4 | K89: =M89/(1+L89) -> 367500 | L89: 0 | M89: 367500 | N89: =J89*K89 -> 1470000 | O89: =J89*M89 -> 1470000
A90: 45051 | B90: Ibague - Tolima | C90: Organiagro SAS | D90: Sandra Milena Vanegas | E90: 3185314863 | F90: licitaciones.organiagrosas1@gmail.com | G90: 89 | H90: Paladraga Con Mango de madera, Cava Hoyos. Máxima resistencia al desgaste, mango de madera de alta calidad Largo del mango: 100cm CARACTERÍSTICAS Altura total 1.46cm. Ancho de 17cm por cada pala | I90: Unidad | J90: 4 | K90: =M90/(1+L90) -> 134000 | L90: 0.05 | M90: 140700 | N90: =J90*K90 -> 536000 | O90: =J90*M90 -> 562800
A91: 45051 | B91: Ibague - Tolima | C91: Organiagro SAS | D91: Sandra Milena Vanegas | E91: 3185314863 | F91: licitaciones.organiagrosas1@gmail.com | G91: 90 | H91: palas redonda con cabo | I91: Unidad | J91: 13 | K91: =M91/(1+L91) -> 70952.381 | L91: 0.05 | M91: 74500 | N91: =J91*K91 -> 922380.95 | O91: =J91*M91 -> 968500
A92: 45051 | B92: Ibague - Tolima | C92: Organiagro SAS | D92: Sandra Milena Vanegas | E92: 3185314863 | F92: licitaciones.organiagrosas1@gmail.com | G92: 91 | H92: Palin para desmache de banano arreglado | I92: Unidad | J92: 15 | K92: =M92/(1+L92) -> 62000 | L92: 0.05 | M92: 65100 | N92: =J92*K92 -> 930000 | O92: =J92*M92 -> 976500
A93: 45051 | B93: Ibague - Tolima | C93: Organiagro SAS | D93: Sandra Milena Vanegas | E93: 3185314863 | F93: licitaciones.organiagrosas1@gmail.com | G93: 92 | H93: PARES DE GUANTES APICULTURA (Color Amarillo o Blanco, Longitud total: Aprox. 52cm / 20,47 pulgadas, CON EXTENSION EN DRILL REFORZADO) | I93: Unidad par | J93: 4 | K93: =M93/(1+L93) -> 88200 | L93: 0 | M93: 88200 | N93: =J93*K93 -> 352800 | O93: =J93*M93 -> 352800
A94: 45051 | B94: Ibague - Tolima | C94: Organiagro SAS | D94: Sandra Milena Vanegas | E94: 3185314863 | F94: licitaciones.organiagrosas1@gmail.com | G94: 93 | H94: PODADORA DE RAMAS ALTAS 14 PULGADAS CON PERTIGA | I94: Unidad | J94: 4 | K94: =M94/(1+L94) -> 163025.21 | L94: 0.19 | M94: 194000 | N94: =J94*K94 -> 652100.84 | O94: =J94*M94 -> 776000
A95: 45055 | B95: Medellin/Bogota | C95: Homecenter | D95: https://www.homecenter.com.co/homecenter-co/product/599458/procesadora-cortadora-rallador-de-alimentos-3-en-1/599458/ | E95: 3102427373 | F95: 18000127373 | G95: 94 | H95: Procesadora / Cortadora / Rallador de Alimentos 3 en 1 | I95: Unidad | J95: 1 | K95: =M95/(1+L95) -> 199579.83 | L95: 0.19 | M95: =190000*1.25 -> 237500 | N95: =J95*K95 -> 199579.83 | O95: =J95*M95 -> 237500 | P95: precios consultados en linea, y ajustados hacia arriba con porcentaje del 25% por operación logistica comercial (fletes, gestion de adquisicion, compra y distribucion a sitio definitivo, etc).
A96: 45051 | B96: Ibague - Tolima | C96: Organiagro SAS | D96: Sandra Milena Vanegas | E96: 3185314863 | F96: licitaciones.organiagrosas1@gmail.com | G96: 95 | H96: Rastrillos metalicos con cabo | I96: Unidad | J96: 6 | K96: =M96/(1+L96) -> 59000 | L96: 0.05 | M96: 61950 | N96: =J96*K96 -> 354000 | O96: =J96*M96 -> 371700
A97: 45051 | B97: Ibague - Tolima | C97: Organiagro SAS | D97: Sandra Milena Vanegas | E97: 3185314863 | F97: licitaciones.organiagrosas1@gmail.com | G97: 96 | H97: Refractometro 0- 80 °C Una escala: Brix escala: 0 a 90% Brix; Temperatura de referencia: 20 °C ATC (compensación automática de temperatura) Rango de compensación: 10 °C-30 °C (50 °F-86 °F) Calibración Manual con controlador de minitornillo proporcionado | I97: Unidad | J97: 3 | K97: =M97/(1+L97) -> 260294.12 | L97: 0.19 | M97: 309750 | N97: =J97*K97 -> 780882.35 | O97: =J97*M97 -> 929250
A98: 45051 | B98: Ibague - Tolima | C98: Organiagro SAS | D98: Sandra Milena Vanegas | E98: 3185314863 | F98: licitaciones.organiagrosas1@gmail.com | G98: 97 | H98: REMELLONES EN ACERO INOXIDABLE 304 PARA TRASVASAR JUGO DE CAÑA | I98: Unidad | J98: 4 | K98: =M98/(1+L98) -> 326470.59 | L98: 0.19 | M98: 388500 | N98: =J98*K98 -> 1305882.4 | O98: =J98*M98 -> 1554000
A99: 45051 | B99: Ibague - Tolima | C99: Organiagro SAS | D99: Sandra Milena Vanegas | E99: 3185314863 | F99: licitaciones.organiagrosas1@gmail.com | G99: 98 | H99: Remellon inoxidable sin cabo | I99: Unidad | J99: 2 | K99: =M99/(1+L99) -> 220588.24 | L99: 0.19 | M99: 262500 | N99: =J99*K99 -> 441176.47 | O99: =J99*M99 -> 525000 | P99: No se tuvo en cuenta la cotizacion por estar alejada del analisis de precio promedio realizado con entidad especializada en el tema
A100: 45051 | B100: Ibague - Tolima | C100: Organiagro SAS | D100: Sandra Milena Vanegas | E100: 3185314863 | F100: licitaciones.organiagrosas1@gmail.com | G100: 99 | H100: ROCA FOSFORICA | I100: Unidad | J100: 36 | K100: =M100/(1+L100) -> 100800 | L100: 0 | M100: 100800 | N100: =J100*K100 -> 3628800 | O100: =J100*M100 -> 3628800
A101: 45051 | B101: Ibague - Tolima | C101: Organiagro SAS | D101: Sandra Milena Vanegas | E101: 3185314863 | F101: licitaciones.organiagrosas1@gmail.com | G101: 100 | H101: SERRUCHO DE PODA PLEGABLE BAHCO 396- JT | I101: Unidad | J101: 35 | K101: =M101/(1+L101) -> 162352.94 | L101: 0.19 | M101: 193200 | N101: =J101*K101 -> 5682352.9 | O101: =J101*M101 -> 6762000
A102: 45051 | B102: Ibague - Tolima | C102: Organiagro SAS | D102: Sandra Milena Vanegas | E102: 3185314863 | F102: licitaciones.organiagrosas1@gmail.com | G102: 101 | H102: SILBATOS:Silbato para arbitro 120 decibelios de tono agudo El estridente se eleva por encima del ruido ambiental y puede escucharse en una milla lejos 100 construidos de plástico ABS de alto impacto Por lo tanto, son 100 impermeables al diseño Pealess de humedad Sin partes móviles nada que obstruya el sonido nada para romperse o congelarse Ideal para grandes áreas de multitudes como estadios de fútbol Motorsport Race Tracks Airport Runways Construction Sites y cualquier situación donde se necesite un dispositivo de señalización muy fuerte | I102: Unidad | J102: 14 | K102: =M102/(1+L102) -> 63529.412 | L102: 0.19 | M102: 75600 | N102: =J102*K102 -> 889411.76 | O102: =J102*M102 -> 1058400
A103: 45051 | B103: Ibague - Tolima | C103: Organiagro SAS | D103: Sandra Milena Vanegas | E103: 3185314863 | F103: licitaciones.organiagrosas1@gmail.com | G103: 102 | H103: Termometro digital de punzon - 10 a 100 °C rango de temperatura:-50 ° C a + 300 ° C o-58 ° F a 572 ° F resolución: 0.1 ° C o 0.1 ° F precisión: ± 1 ° C o ± 1 ° F unidad temprature opcional: ° C/° F Material: 304 Acero Inoxidable y Plástico ABS botones: ENCENDIDO/APAGADO, ° C/° F, MANTENGA fuente de Alimentación: 1x1.5 V LR44/ag13 (incluido) Ahorro De Energía: apagado Automático después de 15 minutos función de retención de datos peso: 20g Tamaño de la pantalla: 20 cm * 35 cm/7.87 " * 13.78 " (Aprox.) Longitud Total: 24.5 cm/9.64 " (Aprox.) Longitud de La sonda: 14.5 cm/5.7 " (Aprox.) | I103: Unidad | J103: 1 | K103: =M103/(1+L103) -> 162352.94 | L103: 0.19 | M103: 193200 | N103: =J103*K103 -> 162352.94 | O103: =J103*M103 -> 193200 | P103: No se usaran estas cotizaciones por no corersponder al producto solicitado
A104: 45051 | B104: Ibague - Tolima | C104: Organiagro SAS | D104: Sandra Milena Vanegas | E104: 3185314863 | F104: licitaciones.organiagrosas1@gmail.com | G104: 103 | H104: TESTER pH para suelos | I104: Unidad | J104: 1 | K104: =M104/(1+L104) -> 261794.12 | L104: 0.19 | M104: 311535 | N104: =J104*K104 -> 261794.12 | O104: =J104*M104 -> 311535
A105: 45051 | B105: Ibague - Tolima | C105: Organiagro SAS | D105: Sandra Milena Vanegas | E105: 3185314863 | F105: licitaciones.organiagrosas1@gmail.com | G105: 104 | H105: Tijeras podadoras 9" | I105: Unidad | J105: 25 | K105: =M105/(1+L105) -> 78900 | L105: 0.05 | M105: 82845 | N105: =J105*K105 -> 1972500 | O105: =J105*M105 -> 2071125
A106: 45049 | B106: Moniquira | C106: Aceros paneleros JR | D106: https://www.facebook.com/acerinoxmaquiaria/ | E106: 3108688467 | F106: dxbxn0523@hotmail.com | G106: 105 | H106: ZARANDA MANUAL PARA PANELA PULVERIZADA CON SALIDA A BATEA (INCLUYE LA BATEA). DIMENSIONES 100X60 CM Y 95CM DE ALTO. LÁMINA EN ACERO 304 MALLA CON HUECO DE 3MM, ESTRUCTURA EN TUBO CUADRADO DE PULGADA Y MEDIA, SOPORTE TIPO BIELA PARA ZARANDEAR | I106: Unidad | J106: 1 | K106: =M106/(1+L106) -> 1680672.3 | L106: 0.19 | M106: 2000000 | N106: =J106*K106 -> 1680672.3 | O106: =J106*M106 -> 2000000 | P106: Consultas en pagina de face book, y conversacion Wats app para confirmar precios con Duban rodriguez de Acerinox - moniquira, precios ajustados hacia arriba con porcentaje del 25% por operación logistica comercial (fletes, gestion de adquisicion, compra y distribucion a sitio definitivo etc).
A107: 45051 | B107: Ibague - Tolima | C107: Organiagro SAS | D107: Sandra Milena Vanegas | E107: 3185314863 | F107: licitaciones.organiagrosas1@gmail.com | G107: 106 | H107: Zaranda manual para panela pulverizada malla 12 en alambre inoxidable de 0.45 x 0.70 x 0.15 mts | I107: Unidad | J107: 1 | K107: =M107/(1+L107) -> 1605882.4 | L107: 0.19 | M107: 1911000 | N107: =J107*K107 -> 1605882.4 | O107: =J107*M107 -> 1911000
A108: 45051 | B108: Ibague - Tolima | C108: Organiagro SAS | D108: Sandra Milena Vanegas | E108: 3185314863 | F108: licitaciones.organiagrosas1@gmail.com | G108: 107 | H108: Freidora de Aceite Electrica 2 Tanques Cada Tanque 5.5 L Comercial Modelo 2 TANQUES CADA TANQUE 5.5LT. Fuller Machinery Código 583797 | I108: Unidad | J108: 1 | K108: =M108/(1+L108) -> 1577310.9 | L108: 0.19 | M108: 1877000 | N108: =J108*K108 -> 1577310.9 | O108: =J108*M108 -> 1877000
A109: 45051 | B109: Medellin - Antioquia | C109: Carmenagro SAS | D109: Johana Alexandra burgos | E109: 3103146060 | F109: carmenagro2020@gmail.com | G109: 1 | H109: ABONO ORGANICO. TIPO GALLINAZA COMPOSTADA. | I109: Bulto x 50 kg | J109: 30 | K109: =M109/(1+L109) -> 29000 | L109: 0 | M109: 29000 | N109: =J109*K109 -> 870000 | O109: =J109*M109 -> 870000
A110: 45051 | B110: Medellin - Antioquia | C110: Carmenagro SAS | D110: Johana Alexandra burgos | E110: 3103146060 | F110: carmenagro2020@gmail.com | G110: 2 | H110: Alambre de púas calibre 14. PRESENTACIÓN: Rollos de 400 metros | I110: Rollo x 400 m | J110: 1 | K110: =M110/(1+L110) -> 526890.76 | L110: 0.19 | M110: 627000 | N110: =J110*K110 -> 526890.76 | O110: =J110*M110 -> 627000
A111: 45051 | B111: Medellin - Antioquia | C111: Carmenagro SAS | D111: Johana Alexandra burgos | E111: 3103146060 | F111: carmenagro2020@gmail.com | G111: 3 | H111: ALAMBRE DULCE GALVANIZADO, CALIBRE 12 | I111: Rollo X 25 kg | J111: 5 | K111: =M111/(1+L111) -> 289915.97 | L111: 0.19 | M111: 345000 | N111: =J111*K111 -> 1449579.8 | O111: =J111*M111 -> 1725000
A112: 45051 | B112: Medellin - Antioquia | C112: Carmenagro SAS | D112: Johana Alexandra burgos | E112: 3103146060 | F112: carmenagro2020@gmail.com | G112: 4 | H112: Alicate diablo | I112: Unidad | J112: 1 | K112: =M112/(1+L112) -> 80672.269 | L112: 0.19 | M112: 96000 | N112: =J112*K112 -> 80672.269 | O112: =J112*M112 -> 96000
...

Sheet Analisis de cotizaciones
A1: ITEM | B1: DETALLE | C1: UNIDAD MEDIDA | D1: VALOR UNITARIO INCLUIDO IVA | Z1: MEDIDA ESTADÍSTICA SELECCIONADA | AA1: VALOR UNITARIO | AB1: OBSERVACIÓN
D2: Proveedor 1 Organiagro SAS | E2: Proveedor 2 Carmenagro SAS | F2: Proveedor 3 DC Y Suministros SAS | G2: Proveedor 4 Mundo Campo | H2: Proveedor 5 Market place | I2: Proveedor 6 Agrocosur | J2: Proveedor 7 Apinal | K2: Proveedor 8 Éxito.com | L2: Proveedor 9 IDEAMAQ | M2: Proveedor 10 Mercado libre | N2: Proveedor 11 Liberty Lab | O2: Proveedor 12 Truper | P2: Proveedor 13 Homecenter | Q2: Proveedor 14 Fallabella | R2: Proveedor 15 Tipica SAS | S2: Proveedor 16 PLADESAN | T2: Proveedor 17 Aceros paneleros JR | U2: Proveedor 18 Corpoagro | V2: Proveedor 19 Soluciones Horeca SAS | W2: Proveedor 20 Vitrigas Uno A | X2: Proveedor 21 OyM Inversiones | Y2: Proveedor 22 JM Estrada
A3: 1 | B3: ABONO ORGANICO. TIPO GALLINAZA COMPOSTADA. | C3: Bulto x 50 kg | D3: =Cotizaciones!M2 -> 30450 | E3: =Cotizaciones!M109 -> 29000 | F3: =Cotizaciones!M216 -> 32582 | Z3: Promedio | AA3: =+IFERROR(ROUNDUP(IF(Z3="Promedio",AVERAGE(D3:Y3),IF(Z3="Mínimo",MIN(D3:G3),IF(Z3="Máximo",MAX(D3:G3),IF(Z3="Moda",MODE(D3:G3),IF(Z3="Mediana",MEDIAN(D3:O3),""))))),0),"") -> 30678
A4: 2 | B4: Alambre de púas calibre 14. PRESENTACIÓN: Rollos de 400 metros | C4: Rollo x 400 m | D4: =Cotizaciones!M3 -> 658350 | E4: =Cotizaciones!M110 -> 627000 | F4: =Cotizaciones!M217 -> 704435 | Z4: Promedio | AA4: =+IFERROR(ROUNDUP(IF(Z4="Promedio",AVERAGE(D4:Y4),IF(Z4="Mínimo",MIN(D4:G4),IF(Z4="Máximo",MAX(D4:G4),IF(Z4="Moda",MODE(D4:G4),IF(Z4="Mediana",MEDIAN(D4:O4),""))))),0),"") -> 663262
A5: 3 | B5: ALAMBRE DULCE GALVANIZADO, CALIBRE 12 | C5: Rollo X 25 kg | D5: =Cotizaciones!M4 -> 362250 | E5: =Cotizaciones!M111 -> 345000 | F5: =Cotizaciones!M218 -> 387608 | Z5: Promedio | AA5: =+IFERROR(ROUNDUP(IF(Z5="Promedio",AVERAGE(D5:Y5),IF(Z5="Mínimo",MIN(D5:G5),IF(Z5="Máximo",MAX(D5:G5),IF(Z5="Moda",MODE(D5:G5),IF(Z5="Mediana",MEDIAN(D5:O5),""))))),0),"") -> 364953
A6: 4 | B6: Alicate diablo | C6: Unidad | D6: =Cotizaciones!M5 -> 100800 | E6: =Cotizaciones!M112 -> 96000 | F6: =Cotizaciones!M219 -> 107856 | Z6: Promedio | AA6: =+IFERROR(ROUNDUP(IF(Z6="Promedio",AVERAGE(D6:Y6),IF(Z6="Mínimo",MIN(D6:G6),IF(Z6="Máximo",MAX(D6:G6),IF(Z6="Moda",MODE(D6:G6),IF(Z6="Mediana",MEDIAN(D6:O6),""))))),0),"") -> 101552
A7: 5 | B7: Alimento concentrado mojarra 30% | C7: Bulto x 40 kg | G7: =Cotizaciones!M6 -> 193375 | H7: =Cotizaciones!M113 -> 220000 | I7: =Cotizaciones!M220 -> 212000 | Z7: Promedio | AA7: =+IFERROR(ROUNDUP(IF(Z7="Promedio",AVERAGE(D7:Y7),IF(Z7="Mínimo",MIN(D7:G7),IF(Z7="Máximo",MAX(D7:G7),IF(Z7="Moda",MODE(D7:G7),IF(Z7="Mediana",MEDIAN(D7:O7),""))))),0),"") -> 208459
A8: 6 | B8: ALIMENTO PECUARIO COMPLETO PARA PECES DE 25 -25% PROTEÍNA | C8: Bulto x 40 kg | D8: =Cotizaciones!M7 -> 257250 | E8: =Cotizaciones!M114 -> 245000 | F8: =Cotizaciones!M221 -> 275258 | Z8: Promedio | AA8: =+IFERROR(ROUNDUP(IF(Z8="Promedio",AVERAGE(D8:Y8),IF(Z8="Mínimo",MIN(D8:G8),IF(Z8="Máximo",MAX(D8:G8),IF(Z8="Moda",MODE(D8:G8),IF(Z8="Mediana",MEDIAN(D8:O8),""))))),0),"") -> 259170
A9: 7 | B9: ALIMENTO PECUARIO COMPLETO PARA PECES DE 34% PROTEÍNA | C9: Bulto x 40 kg | D9: =Cotizaciones!M8 -> 207900 | E9: =Cotizaciones!M115 -> 198000 | F9: =Cotizaciones!M222 -> 222453 | Z9: Promedio | AA9: =+IFERROR(ROUNDUP(IF(Z9="Promedio",AVERAGE(D9:Y9),IF(Z9="Mínimo",MIN(D9:G9),IF(Z9="Máximo",MAX(D9:G9),IF(Z9="Moda",MODE(D9:G9),IF(Z9="Mediana",MEDIAN(D9:O9),""))))),0),"") -> 209451
A10: 8 | B10: ALIMENTO PECUARIO COMPLETO PARA PECES DE 38-45% PROTEÍNA | C10: Bulto x 40 kg | D10: =Cotizaciones!M9 -> 291900 | E10: =Cotizaciones!M116 -> 278000 | F10: =Cotizaciones!M223 -> 312333 | Z10: Promedio | AA10: =+IFERROR(ROUNDUP(IF(Z10="Promedio",AVERAGE(D10:Y10),IF(Z10="Mínimo",MIN(D10:G10),IF(Z10="Máximo",MAX(D10:G10),IF(Z10="Moda",MODE(D10:G10),IF(Z10="Mediana",MEDIAN(D10:O10),""))))),0),"") -> 294078
A11: 9 | B11: Azadon con cabo | C11: Unidad | D11: =Cotizaciones!M10 -> 67200 | E11: =Cotizaciones!M117 -> 64000 | F11: =Cotizaciones!M224 -> 71904 | Z11: Promedio | AA11: =+IFERROR(ROUNDUP(IF(Z11="Promedio",AVERAGE(D11:Y11),IF(Z11="Mínimo",MIN(D11:G11),IF(Z11="Máximo",MAX(D11:G11),IF(Z11="Moda",MODE(D11:G11),IF(Z11="Mediana",MEDIAN(D11:O11),""))))),0),"") -> 67702
A12: 10 | B12: Bandejas en aluminio troqueladas medidas 45*65 | C12: Unidad | D12: =Cotizaciones!M11 -> 703500 | E12: =Cotizaciones!M118 -> 670000 | F12: =Cotizaciones!M225 -> 752745 | Z12: Promedio | AA12: =+IFERROR(ROUNDUP(IF(Z12="Promedio",AVERAGE(D12:Y12),IF(Z12="Mínimo",MIN(D12:G12),IF(Z12="Máximo",MAX(D12:G12),IF(Z12="Moda",MODE(D12:G12),IF(Z12="Mediana",MEDIAN(D12:O12),""))))),0),"") -> 708749
A13: 11 | B13: BASCULA DIGITAL INALAMBRICA INDUSTRIAL CAPACIDAD 150 KG - Capacidad: 150kg, División: 20g, Unidades de peso: lb y Kg - Batería interna recargable de 12V y autonomía de 8horas - Dimensión plataforma: 30 x 40 (150 kg) - Display: LCD - Display de tres pantallas con 7 dígitos cada uno - Función Indicador: Liquidador - Sistema de Tara para disminuir recipientes | C13: Unidad | D13: =Cotizaciones!M12 -> 416500 | E13: =Cotizaciones!M119 -> 487500 | F13: =Cotizaciones!M226 -> 535500 | Z13: Promedio | AA13: =+IFERROR(ROUNDUP(IF(Z13="Promedio",AVERAGE(D13:Y13),IF(Z13="Mínimo",MIN(D13:G13),IF(Z13="Máximo",MAX(D13:G13),IF(Z13="Moda",MODE(D13:G13),IF(Z13="Mediana",MEDIAN(D13:O13),""))))),0),"") -> 479834
A14: 12 | B14: BATEA PARA ENFRIAMIENTO DE MIEL DE CAÑA FABRICADA EN ACERO INOXIDABLE 316 | C14: Unidad | Y14: =Cotizaciones!M327 -> 1500000 | Z14: Promedio | AA14: =+IFERROR(ROUNDUP(IF(Z14="Promedio",AVERAGE(D14:Y14),IF(Z14="Mínimo",MIN(D14:G14),IF(Z14="Máximo",MAX(D14:G14),IF(Z14="Moda",MODE(D14:G14),IF(Z14="Mediana",MEDIAN(D14:O14),""))))),0),"") -> 1500000 | AB14: Solo se tuvo en cuenta la cotizacion de JM Estrada. Analizada con elllos
A15: 13 | B15: BINOCULARES PROFESIONALES 20X50 OBSERVACIÓN DE AVES: Visión clara: binocular de 20 x 50, con un aumento de 20x, este binocular puede acercar el sujeto 20 veces más, diámetro de lente de 50 mm objeto que permite que pase más luz, y es muy claro para los detalles, incluso si está en condiciones de poca luz.Medidas del producto: alto 17.5 cm, ancho 19 cm, fondo 6 cm. Alcance aproximado entre 700 y 900 metros. Prisma Bak-4 Visión amplia e imagen clara. No tiene visión nocturna. Contenido: 1 Binoculares 20x50 negros, paño limpieza, correa, estuche y manual. | C15: Unidad | D15: =Cotizaciones!M14 -> 388500 | E15: =Cotizaciones!M121 -> 370000 | F15: =Cotizaciones!M228 -> 415695 | Z15: Promedio | AA15: =+IFERROR(ROUNDUP(IF(Z15="Promedio",AVERAGE(D15:Y15),IF(Z15="Mínimo",MIN(D15:G15),IF(Z15="Máximo",MAX(D15:G15),IF(Z15="Moda",MODE(D15:G15),IF(Z15="Mediana",MEDIAN(D15:O15),""))))),0),"") -> 391399
A16: 14 | B16: Bolsa para vivero Bolsa 8cm x 16cm Cal. 1,5 con fuelle incluido paquete por 100 unidades | C16: Paquete x 100 unidades | D16: =Cotizaciones!M15 -> 5355 | E16: =Cotizaciones!M122 -> 5100 | F16: =Cotizaciones!M229 -> 5730 | Z16: Promedio | AA16: =+IFERROR(ROUNDUP(IF(Z16="Promedio",AVERAGE(D16:Y16),IF(Z16="Mínimo",MIN(D16:G16),IF(Z16="Máximo",MAX(D16:G16),IF(Z16="Moda",MODE(D16:G16),IF(Z16="Mediana",MEDIAN(D16:O16),""))))),0),"") -> 5395
A17: 15 | B17: Bolsa para vivero Bolsa x 100 unidades 8x12 con fuelle calibre 1.5 | C17: Paquete x 100 unidades | D17: =Cotizaciones!M16 -> 5355 | E17: =Cotizaciones!M123 -> 5100 | F17: =Cotizaciones!M230 -> 5730 | Z17: Promedio | AA17: =+IFERROR(ROUNDUP(IF(Z17="Promedio",AVERAGE(D17:Y17),IF(Z17="Mínimo",MIN(D17:G17),IF(Z17="Máximo",MAX(D17:G17),IF(Z17="Moda",MODE(D17:G17),IF(Z17="Mediana",MEDIAN(D17:O17),""))))),0),"") -> 5395
A18: 16 | B18: Bolsa platanera rollo x 80 metros - Bolsas plásticas para plátano convenientemente plegadas, tipo Lay Flat, de fácil apertura e instalación. - Presentación: Bolsa Cortada. - Bolsa en Rollo (con o sin precorte). Ancho*: 91,44 cm (36 pulgadas). - 94,00 cm (37 pulgadas). Largo*: 140 cm (55,1 pulgadas). - 145 cm (57,1 pulgadas). Espesor*: Desde 0,30 hasta 0,60 milésimas de pulgada. - Perforación: 4 mm. - 6 mm. | C18: Rollo x 80 m | U18: =Cotizaciones!M325 -> 97500 | Z18: Promedio | AA18: =+IFERROR(ROUNDUP(IF(Z18="Promedio",AVERAGE(D18:Y18),IF(Z18="Mínimo",MIN(D18:G18),IF(Z18="Máximo",MAX(D18:G18),IF(Z18="Moda",MODE(D18:G18),IF(Z18="Mediana",MEDIAN(D18:O18),""))))),0),"") -> 97500 | AB18: Solos e tuvo en cuenta la cotizacion de Corpoagro, als otras estaban fuera del valor promedio analizado con los expertos en platano
A19: 17 | B19: BOLSAS DE POLIETILENO NEGRAS CON FUELLE PARA SEMILLERO, DE 10 X 15 CM, CALIBRE 2 | C19: Paquete x 100 unidades | D19: =Cotizaciones!M18 -> 8715 | E19: =Cotizaciones!M125 -> 8300 | F19: =Cotizaciones!M232 -> 9325 | Z19: Promedio | AA19: =+IFERROR(ROUNDUP(IF(Z19="Promedio",AVERAGE(D19:Y19),IF(Z19="Mínimo",MIN(D19:G19),IF(Z19="Máximo",MAX(D19:G19),IF(Z19="Moda",MODE(D19:G19),IF(Z19="Mediana",MEDIAN(D19:O19),""))))),0),"") -> 8780
A20: 18 | B20: bultos de cemento gris | C20: Bulto x 50 kg | D20: =Cotizaciones!M19 -> 51450 | E20: =Cotizaciones!M126 -> 49000 | F20: =Cotizaciones!M233 -> 55052 | Z20: Promedio | AA20: =+IFERROR(ROUNDUP(IF(Z20="Promedio",AVERAGE(D20:Y20),IF(Z20="Mínimo",MIN(D20:G20),IF(Z20="Máximo",MAX(D20:G20),IF(Z20="Moda",MODE(D20:G20),IF(Z20="Mediana",MEDIAN(D20:O20),""))))),0),"") -> 51834
A21: 19 | B21: CABUYA COSECHERA VERDE 6X1X1500 METROS | C21: Rollo x 1500 m | D21: =Cotizaciones!M20 -> 48300 | E21: =Cotizaciones!M127 -> 46000 | F21: =Cotizaciones!M234 -> 51681 | Z21: Promedio | AA21: =+IFERROR(ROUNDUP(IF(Z21="Promedio",AVERAGE(D21:Y21),IF(Z21="Mínimo",MIN(D21:G21),IF(Z21="Máximo",MAX(D21:G21),IF(Z21="Moda",MODE(D21:G21),IF(Z21="Mediana",MEDIAN(D21:O21),""))))),0),"") -> 48661
A22: 20 | B22: CAL AGRÍCOLA, CARBONATO DE CALCIO, ENMIENDA INORGÁNICA DE SUELOS POLVO SECO USO AGRÍCOLA. CALCIO SOLUBLE EN HCL (CaO 48%). Presentación de Bulto por 50 kilogramos. | C22: Bulto x 50 kg | D22: =Cotizaciones!M21 -> 28350 | E22: =Cotizaciones!M128 -> 27000 | F22: =Cotizaciones!M235 -> 30335 | Z22: Promedio | AA22: =+IFERROR(ROUNDUP(IF(Z22="Promedio",AVERAGE(D22:Y22),IF(Z22="Mínimo",MIN(D22:G22),IF(Z22="Máximo",MAX(D22:G22),IF(Z22="Moda",MODE(D22:G22),IF(Z22="Mediana",MEDIAN(D22:O22),""))))),0),"") -> 28562
A23: 21 | B23: CAL DOLOMITA 16% ENMIENDA INORGÁNICA DE SUELOS POLVO SECO USO AGRÍCOLA. CALCIO SOLUBLE EN HCl (CaCO3 36%), MAGNESIO SOLUBLE EN HCl (MgO 16%). Presentación de Bulto por 50 kilogramos. | C23: Bulto x 50 kg | D23: =Cotizaciones!M22 -> 32550 | E23: =Cotizaciones!M129 -> 31000 | F23: =Cotizaciones!M236 -> 30335 | Z23: Promedio | AA23: =+IFERROR(ROUNDUP(IF(Z23="Promedio",AVERAGE(D23:Y23),IF(Z23="Mínimo",MIN(D23:G23),IF(Z23="Máximo",MAX(D23:G23),IF(Z23="Moda",MODE(D23:G23),IF(Z23="Mediana",MEDIAN(D23:O23),""))))),0),"") -> 31295
A24: 22 | B24: CAL DOLOMITA ACONDICIONADOR INORGÁNICO DE SUELOS, EN POLVO SECO, PARA USO AGRÍCOLA PARA SU ENMIENDA SACO DE POLIPROPILENO CON BOLSA INTERIOR Y LICENCIA ICA. CaO 39% y 12% de MgO | C24: Bulto x 50 kg | D24: =Cotizaciones!M23 -> 32550 | E24: =Cotizaciones!M130 -> 31000 | F24: =Cotizaciones!M237 -> 34829 | Z24: Promedio | AA24: =+IFERROR(ROUNDUP(IF(Z24="Promedio",AVERAGE(D24:Y24),IF(Z24="Mínimo",MIN(D24:G24),IF(Z24="Máximo",MAX(D24:G24),IF(Z24="Moda",MODE(D24:G24),IF(Z24="Mediana",MEDIAN(D24:O24),""))))),0),"") -> 32793
A25: 23 | B25: CAL TRIPLE 30 | C25: Bulto x 50 kg | D25: =Cotizaciones!M24 -> 39900 | E25: =Cotizaciones!M131 -> 38000 | F25: =Cotizaciones!M238 -> 42693 | Z25: Promedio | AA25: =+IFERROR(ROUNDUP(IF(Z25="Promedio",AVERAGE(D25:Y25),IF(Z25="Mínimo",MIN(D25:G25),IF(Z25="Máximo",MAX(D25:G25),IF(Z25="Moda",MODE(D25:G25),IF(Z25="Mediana",MEDIAN(D25:O25),""))))),0),"") -> 40198
A26: 24 | B26: CAL TRIPLE 30 MENORES | C26: Bulto x 50 kg | D26: =Cotizaciones!M25 -> 39900 | E26: =Cotizaciones!M132 -> 38000 | F26: =Cotizaciones!M239 -> 42693 | Z26: Promedio | AA26: =+IFERROR(ROUNDUP(IF(Z26="Promedio",AVERAGE(D26:Y26),IF(Z26="Mínimo",MIN(D26:G26),IF(Z26="Máximo",MAX(D26:G26),IF(Z26="Moda",MODE(D26:G26),IF(Z26="Mediana",MEDIAN(D26:O26),""))))),0),"") -> 40198
A27: 25 | B27: CAMPING: Camping para4 personas. Tipo IGLU. Disponibles para 3 y 6 personas. Facil y rapida de armar. Super liviana y ligera para llevar a cualquir parte. Material impermeable ideal para la lluvia y la nieve. Medidas 2 mts. x 2 mts. x 1,40 mts. | C27: Unidad | P27: =Cotizaciones!M333 -> 288625 | Q27: =Cotizaciones!M332 -> 299875 | Z27: Promedio | AA27: =+IFERROR(ROUNDUP(IF(Z27="Promedio",AVERAGE(D27:Y27),IF(Z27="Mínimo",MIN(D27:G27),IF(Z27="Máximo",MAX(D27:G27),IF(Z27="Moda",MODE(D27:G27),IF(Z27="Mediana",MEDIAN(D27:O27),""))))),0),"") -> 294250
A28: 26 | B28: Canastillas plásticas para el transporte de material vegetal capacidad 60x40x13 cm | C28: Unidad | D28: =Cotizaciones!M27 -> 34650 | E28: =Cotizaciones!M134 -> 33000 | F28: =Cotizaciones!M241 -> 37076 | Z28: Promedio | AA28: =+IFERROR(ROUNDUP(IF(Z28="Promedio",AVERAGE(D28:Y28),IF(Z28="Mínimo",MIN(D28:G28),IF(Z28="Máximo",MAX(D28:G28),IF(Z28="Moda",MODE(D28:G28),IF(Z28="Mediana",MEDIAN(D28:O28),""))))),0),"") -> 34909
A29: 27 | B29: CANASTILLAS FRUVER PLASTICA DE 60x40x25 | C29: Unidad | D29: =Cotizaciones!M28 -> 40950 | E29: =Cotizaciones!M135 -> 39900 | F29: =Cotizaciones!M242 -> 43818 | Z29: Promedio | AA29: =+IFERROR(ROUNDUP(IF(Z29="Promedio",AVERAGE(D29:Y29),IF(Z29="Mínimo",MIN(D29:G29),IF(Z29="Máximo",MAX(D29:G29),IF(Z29="Moda",MODE(D29:G29),IF(Z29="Mediana",MEDIAN(D29:O29),""))))),0),"") -> 41556
A30: 28 | B30: CANASTILLAS FRUVER PLASTICA DE 60x40x18 | C30: Unidad | D30: =Cotizaciones!M29 -> 40950 | E30: =Cotizaciones!M136 -> 39900 | F30: =Cotizaciones!M243 -> 43818 | Z30: Promedio | AA30: =+IFERROR(ROUNDUP(IF(Z30="Promedio",AVERAGE(D30:Y30),IF(Z30="Mínimo",MIN(D30:G30),IF(Z30="Máximo",MAX(D30:G30),IF(Z30="Moda",MODE(D30:G30),IF(Z30="Mediana",MEDIAN(D30:O30),""))))),0),"") -> 41556
A31: 29 | B31: CANASTO RECOLECTOR CANASTA EN POLIETILENO DE ALTA DENSIDAD 100% VIRGEN, ERGONOMICO, CON UV PROTECCIÓN RAYOS ULTAVIOLETA PARA RECOLECCIÓN DE CAFÉ Y FRUTOS. | C31: Unidad | D31: =Cotizaciones!M30 -> 56700 | E31: =Cotizaciones!M137 -> 54000 | F31: =Cotizaciones!M244 -> 60669 | Z31: Promedio | AA31: =+IFERROR(ROUNDUP(IF(Z31="Promedio",AVERAGE(D31:Y31),IF(Z31="Mínimo",MIN(D31:G31),IF(Z31="Máximo",MAX(D31:G31),IF(Z31="Moda",MODE(D31:G31),IF(Z31="Mediana",MEDIAN(D31:O31),""))))),0),"") -> 57123
A32: 30 | B32: Caneca 30 Litros Con Tapa Y Zuncho Metalico. Nueva Caneca 30litros con Tapa y Zuncho Metalico Polietileno 100% atoxico. Tapa de cierre Hermético con precinto de seguridad y aro metálico, fáciles de usar, fáciles de apilar, reutilizables. | C32: unidad | D32: =Cotizaciones!M31 -> 126000 | E32: =Cotizaciones!M138 -> 119700 | F32: =Cotizaciones!M245 -> 134820 | Z32: Promedio | AA32: =+IFERROR(ROUNDUP(IF(Z32="Promedio",AVERAGE(D32:Y32),IF(Z32="Mínimo",MIN(D32:G32),IF(Z32="Máximo",MAX(D32:G32),IF(Z32="Moda",MODE(D32:G32),IF(Z32="Mediana",MEDIAN(D32:O32),""))))),0),"") -> 126840
A33: 31 | B33: caneca de plastico de 30 galones | C33: Unidad | D33: =Cotizaciones!M32 -> 126000 | E33: =Cotizaciones!M139 -> 120000 | F33: =Cotizaciones!M246 -> 134820 | Z33: Promedio | AA33: =+IFERROR(ROUNDUP(IF(Z33="Promedio",AVERAGE(D33:Y33),IF(Z33="Mínimo",MIN(D33:G33),IF(Z33="Máximo",MAX(D33:G33),IF(Z33="Moda",MODE(D33:G33),IF(Z33="Mediana",MEDIAN(D33:O33),""))))),0),"") -> 126940
A34: 32 | B34: caneca metalica de 15 galones | C34: Unidad | D34: =Cotizaciones!M33 -> 97650 | E34: =Cotizaciones!M140 -> 93000 | F34: =Cotizaciones!M247 -> 104486 | Z34: Promedio | AA34: =+IFERROR(ROUNDUP(IF(Z34="Promedio",AVERAGE(D34:Y34),IF(Z34="Mínimo",MIN(D34:G34),IF(Z34="Máximo",MAX(D34:G34),IF(Z34="Moda",MODE(D34:G34),IF(Z34="Mediana",MEDIAN(D34:O34),""))))),0),"") -> 98379
A35: 33 | B35: caneca metalica de 55 galones | C35: Unidad | D35: =Cotizaciones!M34 -> 182700 | E35: =Cotizaciones!M141 -> 174000 | F35: =Cotizaciones!M248 -> 195489 | Z35: Promedio | AA35: =+IFERROR(ROUNDUP(IF(Z35="Promedio",AVERAGE(D35:Y35),IF(Z35="Mínimo",MIN(D35:G35),IF(Z35="Máximo",MAX(D35:G35),IF(Z35="Moda",MODE(D35:G35),IF(Z35="Mediana",MEDIAN(D35:O35),""))))),0),"") -> 184063
A36: 34 | B36: Caneca plastica de 55 galones con tapa para desarrollo de biopreparados | C36: Unidad | D36: =Cotizaciones!M35 -> 136500 | E36: =Cotizaciones!M142 -> 130000 | F36: =Cotizaciones!M249 -> 146055 | Z36: Promedio | AA36: =+IFERROR(ROUNDUP(IF(Z36="Promedio",AVERAGE(D36:Y36),IF(Z36="Mínimo",MIN(D36:G36),IF(Z36="Máximo",MAX(D36:G36),IF(Z36="Moda",MODE(D36:G36),IF(Z36="Mediana",MEDIAN(D36:O36),""))))),0),"") -> 137519
A37: 35 | B37: Carretilla de platon metalico | C37: Unidad | D37: =Cotizaciones!M36 -> 388500 | E37: =Cotizaciones!M143 -> 370000 | F37: =Cotizaciones!M250 -> 415695 | Z37: Promedio | AA37: =+IFERROR(ROUNDUP(IF(Z37="Promedio",AVERAGE(D37:Y37),IF(Z37="Mínimo",MIN(D37:G37),IF(Z37="Máximo",MAX(D37:G37),IF(Z37="Moda",MODE(D37:G37),IF(Z37="Mediana",MEDIAN(D37:O37),""))))),0),"") -> 391399
A38: 36 | B38: Centrifugadora - Herrajes de acero inoxidable, con Caneca Plástica Medidas 90 cms de altura, 49 cms de diámetro, Herrajes en acero inoxidable 304, Canastas con capacidad para centrifugar 3 cuadros de cría o 6 de media alza. Llave envasadora en acero inoxidable en la parte inferior, Peso aproximado 15 kilos | C38: Unidad | J38: =Cotizaciones!M37 -> 1125000 | Z38: Promedio | AA38: =+IFERROR(ROUNDUP(IF(Z38="Promedio",AVERAGE(D38:Y38),IF(Z38="Mínimo",MIN(D38:G38),IF(Z38="Máximo",MAX(D38:G38),IF(Z38="Moda",MODE(D38:G38),IF(Z38="Mediana",MEDIAN(D38:O38),""))))),0),"") -> 1125000 | AB38: Unica cotizacion debido a la especificidad del producto
A39: 37 | B39: CINTA PARA INJERTAR Cinta de injertar (color segun el requerimiento) en baja densidad calibre 1,50 de 10 pulgadas y 40 cm de ancho. PRESENTACIÓN: ROLLO POR 100 METROS | C39: Rollo x 100 m | D39: =Cotizaciones!M38 -> 76650 | E39: =Cotizaciones!M144 -> 73000 | F39: =Cotizaciones!M252 -> 82016 | Z39: Promedio | AA39: =+IFERROR(ROUNDUP(IF(Z39="Promedio",AVERAGE(D39:Y39),IF(Z39="Mínimo",MIN(D39:G39),IF(Z39="Máximo",MAX(D39:G39),IF(Z39="Moda",MODE(D39:G39),IF(Z39="Mediana",MEDIAN(D39:O39),""))))),0),"") -> 77222
A40: 38 | B40: CONCENTRADO PONEDORA - ALIMENTO FASE POSTURA - ALIMENTO CONCENTRADO PARA GALLINAS PONEDORAS CON HUMEDAD MAXIMA DEL 13% PROTEINA MINIMA DEL 17 - 18% GRASA MINIMA 4%, FIBRA MAXIMA 6%, CENIZA MAXIMA 15%, CALCIO MINIMO 3,6%, FOSFORO MINIMO 0,45%. | C40: Bulto x 40 kg | D40: =Cotizaciones!M39 -> 181650 | E40: =Cotizaciones!M146 -> 173000 | F40: =Cotizaciones!M253 -> 194366 | Z40: Promedio | AA40: =+IFERROR(ROUNDUP(IF(Z40="Promedio",AVERAGE(D40:Y40),IF(Z40="Mínimo",MIN(D40:G40),IF(Z40="Máximo",MAX(D40:G40),IF(Z40="Moda",MODE(D40:G40),IF(Z40="Mediana",MEDIAN(D40:O40),""))))),0),"") -> 183006
A41: 39 | B41: REFRIGERADOR -CONGELADOR CON CAPACIDAD DE 200 LITROS , NO FROST | C41: Unidad | D41: =Cotizaciones!M40 -> 1995000 | E41: =Cotizaciones!M147 -> 1895250 | F41: =Cotizaciones!M254 -> 2134650 | Z41: Promedio | AA41: =+IFERROR(ROUNDUP(IF(Z41="Promedio",AVERAGE(D41:Y41),IF(Z41="Mínimo",MIN(D41:G41),IF(Z41="Máximo",MAX(D41:G41),IF(Z41="Moda",MODE(D41:G41),IF(Z41="Mediana",MEDIAN(D41:O41),""))))),0),"") -> 2008300
A42: 40 | B42: Cubetas para germinacion de plantulas | C42: Unidad | D42: =Cotizaciones!M41 -> 17850 | E42: =Cotizaciones!M148 -> 17000 | F42: =Cotizaciones!M255 -> 19100 | Z42: Promedio | AA42: =+IFERROR(ROUNDUP(IF(Z42="Promedio",AVERAGE(D42:Y42),IF(Z42="Mínimo",MIN(D42:G42),IF(Z42="Máximo",MAX(D42:G42),IF(Z42="Moda",MODE(D42:G42),IF(Z42="Mediana",MEDIAN(D42:O42),""))))),0),"") -> 17984
A43: 41 | B43: Desgajadora,desjarretadora para platano y Banano | C43: Unidad | D43: =Cotizaciones!M42 -> 346500 | E43: =Cotizaciones!M149 -> 330000 | F43: =Cotizaciones!M256 -> 370755 | Z43: Promedio | AA43: =+IFERROR(ROUNDUP(IF(Z43="Promedio",AVERAGE(D43:Y43),IF(Z43="Mínimo",MIN(D43:G43),IF(Z43="Máximo",MAX(D43:G43),IF(Z43="Moda",MODE(D43:G43),IF(Z43="Mediana",MEDIAN(D43:O43),""))))),0),"") -> 349085
A44: 42 | B44: Deshidratador De Alimentos Industrial Acero de 6 a 8 Bandejas Control de tiempo y temperatura: el rango de tiempo es de 0 a 24 horas, el temporizador se apagará automáticamente cuando termines, y el rango de temperatura es de 20 a 90 cGran capacidad: pies grandes de espacio de secado, con 8 bandejas, cada bandeja es de 9.843 x 9.843 | C44: Unidad | E44: =Cotizaciones!M150 -> 1681500 | V44: =Cotizaciones!M323 -> 1663865.5 | Z44: Promedio | AA44: =+IFERROR(ROUNDUP(IF(Z44="Promedio",AVERAGE(D44:Y44),IF(Z44="Mínimo",MIN(D44:G44),IF(Z44="Máximo",MAX(D44:G44),IF(Z44="Moda",MODE(D44:G44),IF(Z44="Mediana",MEDIAN(D44:O44),""))))),0),"") -> 1672683
A45: 43 | B45: Deshojadora bananera | C45: Unidad | D45: =Cotizaciones!M44 -> 48825 | E45: =Cotizaciones!M151 -> 46500 | F45: =Cotizaciones!M258 -> 52243 | Z45: Promedio | AA45: =+IFERROR(ROUNDUP(IF(Z45="Promedio",AVERAGE(D45:Y45),IF(Z45="Mínimo",MIN(D45:G45),IF(Z45="Máximo",MAX(D45:G45),IF(Z45="Moda",MODE(D45:G45),IF(Z45="Mediana",MEDIAN(D45:O45),""))))),0),"") -> 49190
A46: 44 | B46: Dispensador de crema Chantilly acero inox 1 lit. Para la preparación de espumas ligeras y esponjosas, bocaditos, salsas calientes y frías, sopas cremosas, así como nata montada y postres. Para preparaciones frías y calientes. Cuerpo de la botella y cabezal de acero inoxidable, desarrollado para el uso profesional. Cabezal con protector de silicona y válvula dosificadora fija de acero inoxidable, para una dosificación más fácil incluso en aplicaciones en caliente. Sellado de silicona resistente a la temperatura con lengüeta de extracción para una limpieza más rápida e higiénica. Mantener caliente al baño María a un máx. de 75 °C. Volumen máximo de llenado: 0,5 L Se incluye: Boquilla de acero inoxidable recta, boquilla de tulipa, boquilla en estrella y cepillo de limpieza Porta cápsulas ergonómico con mango de silicona antideslizante Apto para lavavajillas Certificado por NSF | C46: unidad | D46: =Cotizaciones!M45 -> 799000 | E46: =Cotizaciones!M152 -> 759050 | F46: =Cotizaciones!M259 -> 854930 | R46: =Cotizaciones!M152 -> 759050 | Z46: Promedio | AA46: =+IFERROR(ROUNDUP(IF(Z46="Promedio",AVERAGE(D46:Y46),IF(Z46="Mínimo",MIN(D46:G46),IF(Z46="Máximo",MAX(D46:G46),IF(Z46="Moda",MODE(D46:G46),IF(Z46="Mediana",MEDIAN(D46:O46),""))))),0),"") -> 793008
A47: 45 | B47: ESPATULAS PARA BATIDO DE MIEL DE CAÑA FABRICADA EN ACERO INOXIDABLE 316 | C47: Unidad | D47: =Cotizaciones!M46 -> 186900 | E47: =Cotizaciones!M153 -> 178000 | F47: =Cotizaciones!M260 -> 199983 | Z47: Promedio | AA47: =+IFERROR(ROUNDUP(IF(Z47="Promedio",AVERAGE(D47:Y47),IF(Z47="Mínimo",MIN(D47:G47),IF(Z47="Máximo",MAX(D47:G47),IF(Z47="Moda",MODE(D47:G47),IF(Z47="Mediana",MEDIAN(D47:O47),""))))),0),"") -> 188295
A48: 46 | B48: Fertilizante Abotek 15-4-23+4MgO+2S+0.1B+0.1Zn | C48: Bulto x 50 kg | D48: =Cotizaciones!M47 -> 320250 | E48: =Cotizaciones!M154 -> 305000 | F48: =Cotizaciones!M261 -> 342668 | Z48: Promedio | AA48: =+IFERROR(ROUNDUP(IF(Z48="Promedio",AVERAGE(D48:Y48),IF(Z48="Mínimo",MIN(D48:G48),IF(Z48="Máximo",MAX(D48:G48),IF(Z48="Moda",MODE(D48:G48),IF(Z48="Mediana",MEDIAN(D48:O48),""))))),0),"") -> 322640
A49: 47 | B49: FERTILIZANTE COMPUESTO 10-30-10 | C49: Bulto x 50 kg | D49: =Cotizaciones!M48 -> 346500 | E49: =Cotizaciones!M155 -> 330000 | F49: =Cotizaciones!M262 -> 370755 | Z49: Promedio | AA49: =+IFERROR(ROUNDUP(IF(Z49="Promedio",AVERAGE(D49:Y49),IF(Z49="Mínimo",MIN(D49:G49),IF(Z49="Máximo",MAX(D49:G49),IF(Z49="Moda",MODE(D49:G49),IF(Z49="Mediana",MEDIAN(D49:O49),""))))),0),"") -> 349085
A50: 48 | B50: FERTILIZANTE COMPUESTO 15-15-15 | C50: Bulto x 50 kg | D50: =Cotizaciones!M49 -> 327600 | E50: =Cotizaciones!M156 -> 312000 | F50: =Cotizaciones!M263 -> 350532 | Z50: Promedio | AA50: =+IFERROR(ROUNDUP(IF(Z50="Promedio",AVERAGE(D50:Y50),IF(Z50="Mínimo",MIN(D50:G50),IF(Z50="Máximo",MAX(D50:G50),IF(Z50="Moda",MODE(D50:G50),IF(Z50="Mediana",MEDIAN(D50:O50),""))))),0),"") -> 330044
A51: 49 | B51: FERTILIZANTE DAP | C51: Bulto x 50 kg | D51: =Cotizaciones!M50 -> 333900 | E51: =Cotizaciones!M157 -> 318000 | F51: =Cotizaciones!M264 -> 357273 | Z51: Promedio | AA51: =+IFERROR(ROUNDUP(IF(Z51="Promedio",AVERAGE(D51:Y51),IF(Z51="Mínimo",MIN(D51:G51),IF(Z51="Máximo",MAX(D51:G51),IF(Z51="Moda",MODE(D51:G51),IF(Z51="Mediana",MEDIAN(D51:O51),""))))),0),"") -> 336391
A52: 50 | B52: FERTILIZANTE FOLIAR (POLIQUEL MAGNESIO) Liquido soluble. COMPOSICIÓN GARANTIZADA Nitrógeno Total (N-total) 38.0 Nitrógeno Orgánico (N-orgánico) 38.0 Azufre Total (S) 53.0 Magnesio Total (MgO) 64.0 Carbón Orgánico Oxidable Total (COOT) 73.7 Aminoácidos libres (1) 239 Aminoácidos: Alanina; Arginina; Acido Aspártico; Acido Glutámico; Glicina; Histidina; Isoleucina; Leucina; Lisina; Metionina; Fenilalanina; Prolina; Serina; Treonina y Valina. Enterobacterias < 10 UFC/G Salmonella sp Ausencia / 25 ml. Registro ICA vigente. Fecha de expiración en el momento de entrega superior a un año. | C52: litro | D52: =Cotizaciones!M51 -> 93450 | E52: =Cotizaciones!M158 -> 89000 | F52: =Cotizaciones!M265 -> 99992 | Z52: Promedio | AA52: =+IFERROR(ROUNDUP(IF(Z52="Promedio",AVERAGE(D52:Y52),IF(Z52="Mínimo",MIN(D52:G52),IF(Z52="Máximo",MAX(D52:G52),IF(Z52="Moda",MODE(D52:G52),IF(Z52="Mediana",MEDIAN(D52:O52),""))))),0),"") -> 94148
A53: 51 | B53: FERTILIZANTE MICORRIZAS | C53: Bulto x 50 kg | D53: =Cotizaciones!M52 -> 198450 | E53: =Cotizaciones!M159 -> 189000 | F53: =Cotizaciones!M266 -> 212342 | Z53: Promedio | AA53: =+IFERROR(ROUNDUP(IF(Z53="Promedio",AVERAGE(D53:Y53),IF(Z53="Mínimo",MIN(D53:G53),IF(Z53="Máximo",MAX(D53:G53),IF(Z53="Moda",MODE(D53:G53),IF(Z53="Mediana",MEDIAN(D53:O53),""))))),0),"") -> 199931
A54: 52 | B54: FERTILIZANTE UREA | C54: Bulto x 50 kg | D54: =Cotizaciones!M53 -> 248850 | E54: =Cotizaciones!M160 -> 237000 | F54: =Cotizaciones!M267 -> 266270 | Z54: Promedio | AA54: =+IFERROR(ROUNDUP(IF(Z54="Promedio",AVERAGE(D54:Y54),IF(Z54="Mínimo",MIN(D54:G54),IF(Z54="Máximo",MAX(D54:G54),IF(Z54="Moda",MODE(D54:G54),IF(Z54="Mediana",MEDIAN(D54:O54),""))))),0),"") -> 250707
A55: 53 | B55: FUMIGADORA A MOTOR DE ESPALDA | C55: Unidad | D55: =Cotizaciones!M54 -> 1877000 | E55: =Cotizaciones!M161 -> 1783150 | F55: =Cotizaciones!M268 -> 2008390 | Z55: Promedio | AA55: =+IFERROR(ROUNDUP(IF(Z55="Promedio",AVERAGE(D55:Y55),IF(Z55="Mínimo",MIN(D55:G55),IF(Z55="Máximo",MAX(D55:G55),IF(Z55="Moda",MODE(D55:G55),IF(Z55="Mediana",MEDIAN(D55:O55),""))))),0),"") -> 1889514
A56: 54 | B56: Fumigadora de espalda manual 10 litros, polietileno de alta densidad. Valvula de seguridad liberadora de presion con niveles de alerta. Manija /embolo: porta lanza, ergonomica, resistenre de facil sujeccion. viene con boquilla de cono hueco 470cc/min | C56: Unidad | D56: =Cotizaciones!M55 -> 307650 | E56: =Cotizaciones!M162 -> 293000 | F56: =Cotizaciones!M269 -> 329186 | Z56: Promedio | AA56: =+IFERROR(ROUNDUP(IF(Z56="Promedio",AVERAGE(D56:Y56),IF(Z56="Mínimo",MIN(D56:G56),IF(Z56="Máximo",MAX(D56:G56),IF(Z56="Moda",MODE(D56:G56),IF(Z56="Mediana",MEDIAN(D56:O56),""))))),0),"") -> 309946
A57: 55 | B57: FUMIGADORA DE ESPALDA MANUAL. Características Capacidad del Tanque: 20l : 5.28 gl Sistema de Inyección y Presión: Presión Hidráulica. Pistón y Camara Externos. Capacidad de la Cámara: 1 l, probada en fábrica a 300 psi. Presión de Trabajo: 43 psi +/- 10% Rango de Presión: 1 - 13.79 bar / 14.7 - 200 psi. Palancazos Por Minuto : 10 Con una Boquilla de 600 c/min. Peso Neto : 5,73 kg / 12,63 lb | C57: Unidad | D57: =Cotizaciones!M56 -> 493500 | E57: =Cotizaciones!M163 -> 470000 | F57: =Cotizaciones!M270 -> 528045 | Z57: Promedio | AA57: =+IFERROR(ROUNDUP(IF(Z57="Promedio",AVERAGE(D57:Y57),IF(Z57="Mínimo",MIN(D57:G57),IF(Z57="Máximo",MAX(D57:G57),IF(Z57="Moda",MODE(D57:G57),IF(Z57="Mediana",MEDIAN(D57:O57),""))))),0),"") -> 497182
A58: 56 | B58: Fumigadora de 1 Litro- Fumigadora de compresión con capacidad de trabajo de 1 litro, depósito ergonómico y traslúcido para ver el nivel del líquido | C58: Unidad | D58: =Cotizaciones!M57 -> 49350 | E58: =Cotizaciones!M164 -> 47000 | F58: =Cotizaciones!M271 -> 52805 | Z58: Promedio | AA58: =+IFERROR(ROUNDUP(IF(Z58="Promedio",AVERAGE(D58:Y58),IF(Z58="Mínimo",MIN(D58:G58),IF(Z58="Máximo",MAX(D58:G58),IF(Z58="Moda",MODE(D58:G58),IF(Z58="Mediana",MEDIAN(D58:O58),""))))),0),"") -> 49719
... A63: 61 | B63: hojas de eternit #8 | C63: Unidad | D63: =Cotizaciones!M62 -> 71925 | E63: =Cotizaciones!M169 -> 68500 | F63: =Cotizaciones!M276 -> 76960 | Z63: Promedio | AA63: =+IFERROR(ROUNDUP(IF(Z63="Promedio",AVERAGE(D63:Y63),IF(Z63="Mínimo",MIN(D63:G63),IF(Z63="Máximo",MAX(D63:G63),IF(Z63="Moda",MODE(D63:G63),IF(Z63="Mediana",MEDIAN(D63:O63),""))))),0),"") -> 72462
A64: 62 | B64: Horno elaborado en acero inoxidable, 3 camaras de horneo, funcionamiento a gas. | C64: Unidad | W64: =Cotizaciones!M330 -> 1040000 | X64: =Cotizaciones!M331 -> 1144000 | Z64: Promedio | AA64: =+IFERROR(ROUNDUP(IF(Z64="Promedio",AVERAGE(D64:Y64),IF(Z64="Mínimo",MIN(D64:G64),IF(Z64="Máximo",MAX(D64:G64),IF(Z64="Moda",MODE(D64:G64),IF(Z64="Mediana",MEDIAN(D64:O64),""))))),0),"") -> 1092000
A65: 63 | B65: Insecticida agrícola Cipermetrina (RS)-alfa-ciano-3-fenoxibencil-(1RS)-cis,trans-3-(2,2-diclorovinil)-2,2-dimetil ciclopropanocarboxilato 200 g/L. Ingredientes aditivos: c.s.p. 1 L: Concentrado emulsionable - EC. Registro ICA vigente, fecha de expiración superior a un año en el momento de la entrega. Presentación Litro | C65: Litro | D65: =Cotizaciones!M64 -> 118650 | E65: =Cotizaciones!M171 -> 113000 | F65: =Cotizaciones!M278 -> 126956 | Z65: Promedio | AA65: =+IFERROR(ROUNDUP(IF(Z65="Promedio",AVERAGE(D65:Y65),IF(Z65="Mínimo",MIN(D65:G65),IF(Z65="Máximo",MAX(D65:G65),IF(Z65="Moda",MODE(D65:G65),IF(Z65="Mediana",MEDIAN(D65:O65),""))))),0),"") -> 119536
A66: 64 | B66: KIT COMPLETO DE PRIMEROS AUXILIOS. Camilla de emergencia adulto con arnés, señal, soporte e inmovilizador de cabeza + botiquín de primeros auxilios tipo A reglamentario de acuerdo a la resolución 705 de 2007 + extintor multipropósito de 10 lb con señal y soporte. | C66: Kit | D66: =Cotizaciones!M65 -> 588000 | E66: =Cotizaciones!M172 -> 560000 | F66: =Cotizaciones!M279 -> 629160 | Z66: Promedio | AA66: =+IFERROR(ROUNDUP(IF(Z66="Promedio",AVERAGE(D66:Y66),IF(Z66="Mínimo",MIN(D66:G66),IF(Z66="Máximo",MAX(D66:G66),IF(Z66="Moda",MODE(D66:G66),IF(Z66="Mediana",MEDIAN(D66:O66),""))))),0),"") -> 592387
A67: 65 | B67: LAMINA MANTENGA ASEADO EL LUGAR 35X24CM : CARACTERISTICAS: CUMPLE NTC 1461, MATERIAL: POLIESTIRENO 1,5 MM, ACABADOS: CINTADOBLE O PERFORACIÓN PARA INSTALAR, IMPRESIÓN DIGITAL LAMINADA | C67: Unidad | D67: =Cotizaciones!M66 -> 34650 | E67: =Cotizaciones!M173 -> 33000 | F67: =Cotizaciones!M280 -> 37076 | Z67: Promedio | AA67: =+IFERROR(ROUNDUP(IF(Z67="Promedio",AVERAGE(D67:Y67),IF(Z67="Mínimo",MIN(D67:G67),IF(Z67="Máximo",MAX(D67:G67),IF(Z67="Moda",MODE(D67:G67),IF(Z67="Mediana",MEDIAN(D67:O67),""))))),0),"") -> 34909
A68: 66 | B68: LAMINA NO FUMAR 22X15 CM : CARACTERISTICAS: CUMPLE NTC 1461, MATERIAL: POLIESTIRENO 1,5 MM, ACABADOS: CINTADOBLE O PERFORACIÓN PARA INSTALAR, IMPRESIÓN DIGITAL LAMINADA | C68: Unidad | D68: =Cotizaciones!M67 -> 28350 | E68: =Cotizaciones!M174 -> 27000 | F68: =Cotizaciones!M281 -> 30335 | Z68: Promedio | AA68: =+IFERROR(ROUNDUP(IF(Z68="Promedio",AVERAGE(D68:Y68),IF(Z68="Mínimo",MIN(D68:G68),IF(Z68="Máximo",MAX(D68:G68),IF(Z68="Moda",MODE(D68:G68),IF(Z68="Mediana",MEDIAN(D68:O68),""))))),0),"") -> 28562
A69: 67 | B69: LAMINA PARA BAÑOS 22X15 CM POLIESTIRENO : CARACTERISTICAS: CUMPLE NTC 1461, MATERIAL: POLIESTIRENO 1,5 MM, ACABADOS: CINTADOBLE O PERFORACIÓN PARA INSTALAR, IMPRESIÓN DIGITAL LAMINADA | C69: Unidad | D69: =Cotizaciones!M68 -> 28350 | E69: =Cotizaciones!M175 -> 27000 | F69: =Cotizaciones!M282 -> 30335 | Z69: Promedio | AA69: =+IFERROR(ROUNDUP(IF(Z69="Promedio",AVERAGE(D69:Y69),IF(Z69="Mínimo",MIN(D69:G69),IF(Z69="Máximo",MAX(D69:G69),IF(Z69="Moda",MODE(D69:G69),IF(Z69="Mediana",MEDIAN(D69:O69),""))))),0),"") -> 28562
A70: 68 | B70: LAMINA PELIGRO 22X15CM POLIESTIRENO : CARACTERISTICAS: CUMPLE NTC 1461, MATERIAL: POLIESTIRENO 1,5 MM, ACABADOS: CINTADOBLE O PERFORACIÓN PARA INSTALAR, IMPRESIÓN DIGITAL LAMINADA | C70: Unidad | D70: =Cotizaciones!M69 -> 28350 | E70: =Cotizaciones!M176 -> 27000 | F70: =Cotizaciones!M283 -> 30335 | Z70: Promedio | AA70: =+IFERROR(ROUNDUP(IF(Z70="Promedio",AVERAGE(D70:Y70),IF(Z70="Mínimo",MIN(D70:G70),IF(Z70="Máximo",MAX(D70:G70),IF(Z70="Moda",MODE(D70:G70),IF(Z70="Mediana",MEDIAN(D70:O70),""))))),0),"") -> 28562
A71: 69 | B71: LAMINA PROHIBIDO CONSUMIR ALIMENTOS 22X15 CM : CARACTERISTICAS: CUMPLE NTC 1461, MATERIAL: POLIESTIRENO 1,5 MM, ACABADOS: CINTADOBLE O PERFORACIÓN PARA INSTALAR, IMPRESIÓN DIGITAL LAMINADA | C71: Unidad | D71: =Cotizaciones!M70 -> 28350 | E71: =Cotizaciones!M177 -> 27000 | F71: =Cotizaciones!M284 -> 3033 | Z71: Promedio | AA71: =+IFERROR(ROUNDUP(IF(Z71="Promedio",AVERAGE(D71:Y71),IF(Z71="Mínimo",MIN(D71:G71),IF(Z71="Máximo",MAX(D71:G71),IF(Z71="Moda",MODE(D71:G71),IF(Z71="Mediana",MEDIAN(D71:O71),""))))),0),"") -> 19461
A72: 70 | B72: LAMINA PROTOCOLO DE LAVADO DE MANOS 30X45CM : CARACTERISTICAS: CUMPLE NTC 1461, MATERIAL: POLIESTIRENO 1,5 MM, ACABADOS: CINTADOBLE O PERFORACIÓN PARA INSTALAR, IMPRESIÓN DIGITAL LAMINADA | C72: Unidad | D72: =Cotizaciones!M71 -> 31500 | E72: =Cotizaciones!M178 -> 30000 | F72: =Cotizaciones!M285 -> 33705 | Z72: Promedio | AA72: =+IFERROR(ROUNDUP(IF(Z72="Promedio",AVERAGE(D72:Y72),IF(Z72="Mínimo",MIN(D72:G72),IF(Z72="Máximo",MAX(D72:G72),IF(Z72="Moda",MODE(D72:G72),IF(Z72="Mediana",MEDIAN(D72:O72),""))))),0),"") -> 31735
A73: 71 | B73: LAMINA USE MASCARILLA 22X15CM : CARACTERISTICAS: CUMPLE NTC 1461, MATERIAL: POLIESTIRENO 1,5 MM, ACABADOS: CINTADOBLE O PERFORACIÓN PARA INSTALAR, IMPRESIÓN DIGITAL LAMINADA | C73: Unidad | D73: =Cotizaciones!M72 -> 28350 | E73: =Cotizaciones!M179 -> 27000 | F73: =Cotizaciones!M286 -> 30335 | Z73: Promedio | AA73: =+IFERROR(ROUNDUP(IF(Z73="Promedio",AVERAGE(D73:Y73),IF(Z73="Mínimo",MIN(D73:G73),IF(Z73="Máximo",MAX(D73:G73),IF(Z73="Moda",MODE(D73:G73),IF(Z73="Mediana",MEDIAN(D73:O73),""))))),0),"") -> 28562
A74: 72 | B74: LINTERNAS: Color de la luz Blanco Color de la linterna Amarillo Tipo de alimentación: Batería Tipo de luz: LED Potencia: 145 lm Es recargable: Sí Es a prueba de agua: No | C74: Unidad | L74: =Cotizaciones!M73 -> 61500 | M74: =Cotizaciones!M180 -> 63125 | O74: =Cotizaciones!M287 -> 64800 | Z74: Promedio | AA74: =+IFERROR(ROUNDUP(IF(Z74="Promedio",AVERAGE(D74:Y74),IF(Z74="Mínimo",MIN(D74:G74),IF(Z74="Máximo",MAX(D74:G74),IF(Z74="Moda",MODE(D74:G74),IF(Z74="Mediana",MEDIAN(D74:O74),""))))),0),"") -> 63142
A75: 73 | B75: Lupas para monitoreo de 40X | C75: Unidad | D75: =Cotizaciones!M74 -> 130200 | E75: =Cotizaciones!M181 -> 124000 | F75: =Cotizaciones!M288 -> 139314 | Z75: Promedio | AA75: =+IFERROR(ROUNDUP(IF(Z75="Promedio",AVERAGE(D75:Y75),IF(Z75="Mínimo",MIN(D75:G75),IF(Z75="Máximo",MAX(D75:G75),IF(Z75="Moda",MODE(D75:G75),IF(Z75="Mediana",MEDIAN(D75:O75),""))))),0),"") -> 131172
A76: 74 | B76: MACHETE BARRIGON 18 PULG. - Caracteristicas - Espesor: 1,8 mm .Longitud: 18" .Acabado: Pulido. | C76: Unidad | D76: =Cotizaciones!M75 -> 28350 | E76: =Cotizaciones!M182 -> 27000 | F76: =Cotizaciones!M289 -> 30335 | Z76: Promedio | AA76: =+IFERROR(ROUNDUP(IF(Z76="Promedio",AVERAGE(D76:Y76),IF(Z76="Mínimo",MIN(D76:G76),IF(Z76="Máximo",MAX(D76:G76),IF(Z76="Moda",MODE(D76:G76),IF(Z76="Mediana",MEDIAN(D76:O76),""))))),0),"") -> 28562
A77: 75 | B77: Machete rula agricola + cruceta | C77: Unidad | D77: =Cotizaciones!M76 -> 55650 | E77: =Cotizaciones!M183 -> 53000 | F77: =Cotizaciones!M290 -> 59546 | Z77: Promedio | AA77: =+IFERROR(ROUNDUP(IF(Z77="Promedio",AVERAGE(D77:Y77),IF(Z77="Mínimo",MIN(D77:G77),IF(Z77="Máximo",MAX(D77:G77),IF(Z77="Moda",MODE(D77:G77),IF(Z77="Mediana",MEDIAN(D77:O77),""))))),0),"") -> 56066
A78: 76 | B78: Machetillla de 16" con funda Machetillla de 16" con funda | C78: Unidad | D78: =Cotizaciones!M77 -> 60900 | E78: =Cotizaciones!M184 -> 58000 | F78: =Cotizaciones!M291 -> 65163 | Z78: Promedio | AA78: =+IFERROR(ROUNDUP(IF(Z78="Promedio",AVERAGE(D78:Y78),IF(Z78="Mínimo",MIN(D78:G78),IF(Z78="Máximo",MAX(D78:G78),IF(Z78="Moda",MODE(D78:G78),IF(Z78="Mediana",MEDIAN(D78:O78),""))))),0),"") -> 61355
A79: 77 | B79: Manguera jardinera | C79: Rollo x 100 m | D79: =Cotizaciones!M78 -> 184800 | E79: =Cotizaciones!M185 -> 176000 | F79: =Cotizaciones!M292 -> 197736 | Z79: Promedio | AA79: =+IFERROR(ROUNDUP(IF(Z79="Promedio",AVERAGE(D79:Y79),IF(Z79="Mínimo",MIN(D79:G79),IF(Z79="Máximo",MAX(D79:G79),IF(Z79="Moda",MODE(D79:G79),IF(Z79="Mediana",MEDIAN(D79:O79),""))))),0),"") -> 186179
A80: 78 | B80: Martillo de uña, con cabo metálico | C80: Unidad | D80: =Cotizaciones!M79 -> 49350 | E80: =Cotizaciones!M186 -> 47000 | F80: =Cotizaciones!M293 -> 52825 | Z80: Promedio | AA80: =+IFERROR(ROUNDUP(IF(Z80="Promedio",AVERAGE(D80:Y80),IF(Z80="Mínimo",MIN(D80:G80),IF(Z80="Máximo",MAX(D80:G80),IF(Z80="Moda",MODE(D80:G80),IF(Z80="Mediana",MEDIAN(D80:O80),""))))),0),"") -> 49725
A81: 79 | B81: MELAZA | C81: Bulto x 30 kg | D81: =Cotizaciones!M80 -> 75600 | E81: =Cotizaciones!M187 -> 72000 | F81: =Cotizaciones!M294 -> 80892 | Z81: Promedio | AA81: =+IFERROR(ROUNDUP(IF(Z81="Promedio",AVERAGE(D81:Y81),IF(Z81="Mínimo",MIN(D81:G81),IF(Z81="Máximo",MAX(D81:G81),IF(Z81="Moda",MODE(D81:G81),IF(Z81="Mediana",MEDIAN(D81:O81),""))))),0),"") -> 76164
A82: 80 | B82: MESA PARA ENFRIAMIENTO DE PANELA PULVERIZADA CON RODACHINES CON DIMENSIONES DE 1.5m x1m. FABRICADA EN ACERO INOXIDABLE 316 | C82: Unidad | D82: =Cotizaciones!M81 -> 1880000 | E82: =Cotizaciones!M188 -> 1786000 | F82: =Cotizaciones!M295 -> 2011600 | Z82: Promedio | AA82: =+IFERROR(ROUNDUP(IF(Z82="Promedio",AVERAGE(D82:Y82),IF(Z82="Mínimo",MIN(D82:G82),IF(Z82="Máximo",MAX(D82:G82),IF(Z82="Moda",MODE(D82:G82),IF(Z82="Mediana",MEDIAN(D82:O82),""))))),0),"") -> 1892534
A83: 81 | B83: MESA DE MARMOL TEMPLADO CHOCOLATE ENTRE 100 CM Y 120. CM, 50 A 60 CM DE FONDO CON BASE EN ACERO INOXIDABLE | C83: Unidad | D83: =Cotizaciones!M82 -> 1620000 | E83: =Cotizaciones!M189 -> 1539000 | F83: =Cotizaciones!M296 -> 1733400 | Z83: Promedio | AA83: =+IFERROR(ROUNDUP(IF(Z83="Promedio",AVERAGE(D83:Y83),IF(Z83="Mínimo",MIN(D83:G83),IF(Z83="Máximo",MAX(D83:G83),IF(Z83="Moda",MODE(D83:G83),IF(Z83="Mediana",MEDIAN(D83:O83),""))))),0),"") -> 1630800
A84: 82 | B84: Mesa en acero inoxidable. dimensiones 1,20 m x 0,60 m En Acero Inoxidable 304 Con Refuerzos. MESA O MESON EN ACERO INOXIDABLE 304 CERTIFICADO APLICA PARA CONTACTO CON ALIMENTOS POR SU DURABILIDAD, RESISTENCIA Y CAPACIDAD PARA SER DESINFECTADO CON PRODUCTOS QUIMICOS | C84: Unidad | D84: =Cotizaciones!M83 -> 1780000 | F84: =Cotizaciones!M297 -> 1904600 | Z84: Promedio | AA84: =+IFERROR(ROUNDUP(IF(Z84="Promedio",AVERAGE(D84:Y84),IF(Z84="Mínimo",MIN(D84:G84),IF(Z84="Máximo",MAX(D84:G84),IF(Z84="Moda",MODE(D84:G84),IF(Z84="Mediana",MEDIAN(D84:O84),""))))),0),"") -> 1842300
A85: 83 | B85: Metodo COLD DRIP METAL TRES PATAS. Maquina para metodo de preparacion de café en frio | C85: unidad | R85: =Cotizaciones!M84 -> 712299 | Z85: Promedio | AA85: =+IFERROR(ROUNDUP(IF(Z85="Promedio",AVERAGE(D85:Y85),IF(Z85="Mínimo",MIN(D85:G85),IF(Z85="Máximo",MAX(D85:G85),IF(Z85="Moda",MODE(D85:G85),IF(Z85="Mediana",MEDIAN(D85:O85),""))))),0),"") -> 712299 | AB85: Unica cotizacion procedente de la distribuidora e improtadora Tipica debido a la especificidad del producto
A86: 84 | B86: MOLDES DE POLICARBONATO PARA CHOCOLATERIA Molde en policarbonato para Chocolate de Mesa Una barra por 180 gramos (250 cc) aprox. con 10 divisiones. su material de fabricado en policarbonato proporciona alta resistencia en su utilizacion, además de aportar mayor brillo a la cobertura de chocolate. Tamaño del molde 27.5 cm largo x 13.5 cm ancho x 2.5 cm alto Tamaño cavidad 1, 5 a 2 cm profundidad | C86: Unidad | D86: =Cotizaciones!M85 -> 35700 | E86: =Cotizaciones!M192 -> 34000 | F86: =Cotizaciones!M299 -> 38199 | Z86: Promedio | AA86: =+IFERROR(ROUNDUP(IF(Z86="Promedio",AVERAGE(D86:Y86),IF(Z86="Mínimo",MIN(D86:G86),IF(Z86="Máximo",MAX(D86:G86),IF(Z86="Moda",MODE(D86:G86),IF(Z86="Mediana",MEDIAN(D86:O86),""))))),0),"") -> 35967
A87: 85 | B87: MOLDES PARA CHOCOLATE DE MESA EN POLICARBONATO APTOS PARA CONTACTO CON ALIMENTOS. Diseño Materiales Proceso de homologación Garantía Según diseño existente de Pladesan. Moldes de 125gr para chocolate amargo. Policarbonato, Aprobado FDA para contacto directo de alimentos. Todos los materiales ofertados son polímeros de ingeniería de fabricantes reconocidos.Moldes para chocolate amargo 16P. Precio para 100 unidades. | C87: Unidad | S87: =Cotizaciones!M324 -> 7437.5 | Z87: Promedio | AA87: =+IFERROR(ROUNDUP(IF(Z87="Promedio",AVERAGE(D87:Y87),IF(Z87="Mínimo",MIN(D87:G87),IF(Z87="Máximo",MAX(D87:G87),IF(Z87="Moda",MODE(D87:G87),IF(Z87="Mediana",MEDIAN(D87:O87),""))))),0),"") -> 7438 | AB87: unica cotizacionprocedente de PLADESAN por la especificidad del producto. No se tuvo en cuenta 3 cotizaciones ya que cotizaron otro rpoducto diferente
A88: 86 | B88: MOLINO INDUSTRIAL. Molino con motor eléctrico, muele toda clase de granos secos como mojados. Producción de hasta 30 kilos por hora dependiendo del grano, estructura de metal, hierro dulce, tolva en acero inoxidable. *Tolva en acero inoxidable * Plato salida de producto acero * Molino corona * Motor de 1 hp de fuerza * Pintura electroestática * 2 bandejas plásticas * Doble rodamiento * Interruptor de encendido | C88: Unidad | D88: =Cotizaciones!M87 -> 1984500 | E88: =Cotizaciones!M194 -> 1890000 | F88: =Cotizaciones!M301 -> 2123415 | Z88: Promedio | AA88: =+IFERROR(ROUNDUP(IF(Z88="Promedio",AVERAGE(D88:Y88),IF(Z88="Mínimo",MIN(D88:G88),IF(Z88="Máximo",MAX(D88:G88),IF(Z88="Moda",MODE(D88:G88),IF(Z88="Mediana",MEDIAN(D88:O88),""))))),0),"") -> 1999305
A89: 87 | B89: MOTOSIERRA 3.1HP COMPLETA (40CMS)ESPADA/CADENA | C89: Unidad | D89: =Cotizaciones!M88 -> 1940000 | E89: =Cotizaciones!M195 -> 1843000 | F89: =Cotizaciones!M302 -> 2075800 | Z89: Promedio | AA89: =+IFERROR(ROUNDUP(IF(Z89="Promedio",AVERAGE(D89:Y89),IF(Z89="Mínimo",MIN(D89:G89),IF(Z89="Máximo",MAX(D89:G89),IF(Z89="Moda",MODE(D89:G89),IF(Z89="Mediana",MEDIAN(D89:O89),""))))),0),"") -> 1952934
A90: 88 | B90: OVEROL APICOLA TIPO AMERICANO : DESCRIPCION : Overol drill super 8 con visor para apiculturaura: A. Cuello: Tipo Militar, B. Manga: Larga, C. Puño:Resortado, D Bolsillos: Seis bolsillos. Parte superior (Pecho): dos bolsillos con cremallera, Parte inferior (Pantalón): dos bolsillos en el frente con cremallera y dos traseros sin cremallera, E. Bota: Resortada, F. Tipo de costura: Triple, G.Tipo de cierre: Cremallera plástica de doble sleider. H. Visor: En angeo, adherido al overol por medio de cremallera y velcro Color: Blanco o Cafe. Talla M, L y XL | C90: Unidad | D90: =Cotizaciones!M89 -> 367500 | E90: =Cotizaciones!M196 -> 350000 | F90: =Cotizaciones!M303 -> 393225 | Z90: Promedio | AA90: =+IFERROR(ROUNDUP(IF(Z90="Promedio",AVERAGE(D90:Y90),IF(Z90="Mínimo",MIN(D90:G90),IF(Z90="Máximo",MAX(D90:G90),IF(Z90="Moda",MODE(D90:G90),IF(Z90="Mediana",MEDIAN(D90:O90),""))))),0),"") -> 370242
A91: 89 | B91: Paladraga Con Mango de madera, Cava Hoyos. Máxima resistencia al desgaste, mango de madera de alta calidad Largo del mango: 100cm CARACTERÍSTICAS Altura total 1.46cm. Ancho de 17cm por cada pala | C91: Unidad | D91: =Cotizaciones!M90 -> 140700 | E91: =Cotizaciones!M197 -> 134000 | F91: =Cotizaciones!M304 -> 150549 | Z91: Promedio | AA91: =+IFERROR(ROUNDUP(IF(Z91="Promedio",AVERAGE(D91:Y91),IF(Z91="Mínimo",MIN(D91:G91),IF(Z91="Máximo",MAX(D91:G91),IF(Z91="Moda",MODE(D91:G91),IF(Z91="Mediana",MEDIAN(D91:O91),""))))),0),"") -> 141750
A92: 90 | B92: palas redonda con cabo | C92: Unidad | D92: =Cotizaciones!M91 -> 74500 | E92: =Cotizaciones!M198 -> 71000 | F92: =Cotizaciones!M305 -> 79769 | Z92: Promedio | AA92: =+IFERROR(ROUNDUP(IF(Z92="Promedio",AVERAGE(D92:Y92),IF(Z92="Mínimo",MIN(D92:G92),IF(Z92="Máximo",MAX(D92:G92),IF(Z92="Moda",MODE(D92:G92),IF(Z92="Mediana",MEDIAN(D92:O92),""))))),0),"") -> 75090
A93: 91 | B93: Palin para desmache de banano arreglado | C93: Unidad | D93: =Cotizaciones!M92 -> 65100 | E93: =Cotizaciones!M199 -> 62000 | F93: =Cotizaciones!M306 -> 69657 | Z93: Promedio | AA93: =+IFERROR(ROUNDUP(IF(Z93="Promedio",AVERAGE(D93:Y93),IF(Z93="Mínimo",MIN(D93:G93),IF(Z93="Máximo",MAX(D93:G93),IF(Z93="Moda",MODE(D93:G93),IF(Z93="Mediana",MEDIAN(D93:O93),""))))),0),"") -> 65586
A94: 92 | B94: PARES DE GUANTES APICULTURA (Color Amarillo o Blanco, Longitud total: Aprox. 52cm / 20,47 pulgadas, CON EXTENSION EN DRILL REFORZADO) | C94: Unidad par | D94: =Cotizaciones!M93 -> 88200 | E94: =Cotizaciones!M200 -> 84000 | F94: =Cotizaciones!M307 -> 94374 | Z94: Promedio | AA94: =+IFERROR(ROUNDUP(IF(Z94="Promedio",AVERAGE(D94:Y94),IF(Z94="Mínimo",MIN(D94:G94),IF(Z94="Máximo",MAX(D94:G94),IF(Z94="Moda",MODE(D94:G94),IF(Z94="Mediana",MEDIAN(D94:O94),""))))),0),"") -> 88858
A95: 93 | B95: PODADORA DE RAMAS ALTAS 14 PULGADAS CON PERTIGA | C95: Unidad | D95: =Cotizaciones!M94 -> 194000 | E95: =Cotizaciones!M201 -> 184300 | F95: =Cotizaciones!M308 -> 207580 | Z95: Promedio | AA95: =+IFERROR(ROUNDUP(IF(Z95="Promedio",AVERAGE(D95:Y95),IF(Z95="Mínimo",MIN(D95:G95),IF(Z95="Máximo",MAX(D95:G95),IF(Z95="Moda",MODE(D95:G95),IF(Z95="Mediana",MEDIAN(D95:O95),""))))),0),"") -> 195294
A96: 94 | B96: Procesadora / Cortadora / Rallador de Alimentos 3 en 1 | C96: Unidad | K96: =Cotizaciones!M202 -> 236250 | P96: =Cotizaciones!M95 -> 237500 | Z96: Promedio | AA96: =+IFERROR(ROUNDUP(IF(Z96="Promedio",AVERAGE(D96:Y96),IF(Z96="Mínimo",MIN(D96:G96),IF(Z96="Máximo",MAX(D96:G96),IF(Z96="Moda",MODE(D96:G96),IF(Z96="Mediana",MEDIAN(D96:O96),""))))),0),"") -> 236875
A97: 95 | B97: Rastrillos metalicos con cabo | C97: Unidad | D97: =Cotizaciones!M96 -> 61950 | E97: =Cotizaciones!M203 -> 59000 | F97: =Cotizaciones!M310 -> 66287 | Z97: Promedio | AA97: =+IFERROR(ROUNDUP(IF(Z97="Promedio",AVERAGE(D97:Y97),IF(Z97="Mínimo",MIN(D97:G97),IF(Z97="Máximo",MAX(D97:G97),IF(Z97="Moda",MODE(D97:G97),IF(Z97="Mediana",MEDIAN(D97:O97),""))))),0),"") -> 62413
A98: 96 | B98: Refractometro 0- 80 °C Una escala: Brix escala: 0 a 90% Brix; Temperatura de referencia: 20 °C ATC (compensación automática de temperatura) Rango de compensación: 10 °C-30 °C (50 °F-86 °F) Calibración Manual con controlador de minitornillo proporcionado | C98: Unidad | D98: =Cotizaciones!M97 -> 309750 | E98: =Cotizaciones!M204 -> 295000 | F98: =Cotizaciones!M311 -> 331433 | Z98: Promedio | AA98: =+IFERROR(ROUNDUP(IF(Z98="Promedio",AVERAGE(D98:Y98),IF(Z98="Mínimo",MIN(D98:G98),IF(Z98="Máximo",MAX(D98:G98),IF(Z98="Moda",MODE(D98:G98),IF(Z98="Mediana",MEDIAN(D98:O98),""))))),0),"") -> 312061
A99: 97 | B99: REMELLONES EN ACERO INOXIDABLE 304 PARA TRASVASAR JUGO DE CAÑA | C99: Unidad | D99: =Cotizaciones!M98 -> 388500 | E99: =Cotizaciones!M205 -> 370000 | F99: =Cotizaciones!M312 -> 415695 | Y99: =Cotizaciones!M328 -> 380000 | Z99: Promedio | AA99: =+IFERROR(ROUNDUP(IF(Z99="Promedio",AVERAGE(D99:Y99),IF(Z99="Mínimo",MIN(D99:G99),IF(Z99="Máximo",MAX(D99:G99),IF(Z99="Moda",MODE(D99:G99),IF(Z99="Mediana",MEDIAN(D99:O99),""))))),0),"") -> 388549
A100: 98 | B100: Remellon inoxidable sin cabo | C100: Unidad | Y100: =Cotizaciones!M329 -> 130000 | Z100: Promedio | AA100: =+IFERROR(ROUNDUP(IF(Z100="Promedio",AVERAGE(D100:Y100),IF(Z100="Mínimo",MIN(D100:G100),IF(Z100="Máximo",MAX(D100:G100),IF(Z100="Moda",MODE(D100:G100),IF(Z100="Mediana",MEDIAN(D100:O100),""))))),0),"") -> 130000 | AB100: Solo se tuvo en cuenta la cotizacion de JM Estrada Empresa historicamente especializada en la fabricacion de estos implementos en Antioquia
A101: 99 | B101: ROCA FOSFORICA | C101: Unidad | D101: =Cotizaciones!M100 -> 100800 | E101: =Cotizaciones!M207 -> 96000 | F101: =Cotizaciones!M314 -> 107856 | Z101: Promedio | AA101: =+IFERROR(ROUNDUP(IF(Z101="Promedio",AVERAGE(D101:Y101),IF(Z101="Mínimo",MIN(D101:G101),IF(Z101="Máximo",MAX(D101:G101),IF(Z101="Moda",MODE(D101:G101),IF(Z101="Mediana",MEDIAN(D101:O101),""))))),0),"") -> 101552
A102: 100 | B102: SERRUCHO DE PODA PLEGABLE | C102: Unidad | D102: =Cotizaciones!M101 -> 193200 | E102: =Cotizaciones!M208 -> 184000 | F102: =Cotizaciones!M315 -> 206724 | Z102: Promedio | AA102: =+IFERROR(ROUNDUP(IF(Z102="Promedio",AVERAGE(D102:Y102),IF(Z102="Mínimo",MIN(D102:G102),IF(Z102="Máximo",MAX(D102:G102),IF(Z102="Moda",MODE(D102:G102),IF(Z102="Mediana",MEDIAN(D102:O102),""))))),0),"") -> 194642
A103: 101 | B103: SILBATOS:Silbato para arbitro 120 decibelios de tono agudo | C103: Unidad | D103: =Cotizaciones!M102 -> 75600 | E103: =Cotizaciones!M209 -> 72000 | F103: =Cotizaciones!M316 -> 80892 | Z103: Promedio | AA103: =+IFERROR(ROUNDUP(IF(Z103="Promedio",AVERAGE(D103:Y103),IF(Z103="Mínimo",MIN(D103:G103),IF(Z103="Máximo",MAX(D103:G103),IF(Z103="Moda",MODE(D103:G103),IF(Z103="Mediana",MEDIAN(D103:O103),""))))),0),"") -> 76164
A104: 102 | B104: Termometro digital de punzon - 10 a 100 °C rango de temperatura:-50 ° C a + 300 ° C o-58 ° F a 572 ° F resolución: 0.1 ° C o 0.1 ° F precisión: ± 1 ° C o ± 1 ° F unidad temprature opcional: ° C/° F Material: 304 Acero Inoxidable y Plástico ABS botones: ENCENDIDO/APAGADO, ° C/° F, MANTENGA fuente de Alimentación: 1x1.5 V LR44/ag13 (incluido) Ahorro De Energía: apagado Automático después de 15 minutos función de retención de datos peso: 20g Tamaño de la pantalla: 20 cm * 35 cm/7.87 " * 13.78 " (Aprox.) Longitud Total: 24.5 cm/9.64 " (Aprox.) Longitud de La sonda: 14.5 cm/5.7 " (Aprox.) | C104: Unidad | M104: =Cotizaciones!M335 -> 43375 | N104: =Cotizaciones!M334 -> 37500 | Z104: Promedio | AA104: =+IFERROR(ROUNDUP(IF(Z104="Promedio",AVERAGE(D104:Y104),IF(Z104="Mínimo",MIN(D104:G104),IF(Z104="Máximo",MAX(D104:G104),IF(Z104="Moda",MODE(D104:G104),IF(Z104="Mediana",MEDIAN(D104:O104),""))))),0),"") -> 40438
...

Sheet PRESUPUESTO MATRIZ DE INVERSIÓN
A1: ITEM | B1: DETALLE | C1: UNIDAD | D1: CANTIDAD | E1: VALOR UNITARIO BRUTO ANTES DE IVA ($) | F1: IVA (%) | G1: VALOR UNITARIO | H1: VALOR TOTAL | I1: NUMERO DE LOTE
A3: 1 | B3: ABONO ORGANICO. TIPO GALLINAZA COMPOSTADA. | C3: Bulto x 50 kg | D3: 68 | E3: =G3/(1+F3) -> 30678 | F3: 0 | G3: ='Analisis de cotizaciones'!AA3 -> 30678 | H3: =D3*G3 -> 2086104 | I3: LOTE 1 INSUMOS AGROPECUARIOS
A4: 2 | B4: Alambre de púas calibre 14. PRESENTACIÓN: Rollos de 400 metros | C4: Rollo x 400 m | D4: 1 | E4: =G4/(1+F4) -> 557363.03 | F4: 0.19 | G4: ='Analisis de cotizaciones'!AA4 -> 663262 | H4: =D4*G4 -> 663262 | I4: LOTE 2 HERRAMIENTAS Y EQUIPOS AGROPECUARIOS
A5: 3 | B5: ALAMBRE DULCE GALVANIZADO, CALIBRE 12 | C5: Rollo X 25 kg | D5: 3 | E5: =G5/(1+F5) -> 306683.19 | F5: 0.19 | G5: ='Analisis de cotizaciones'!AA5 -> 364953 | H5: =D5*G5 -> 1094859 | I5: LOTE 2 HERRAMIENTAS Y EQUIPOS AGROPECUARIOS
A6: 4 | B6: Alicate diablo | C6: Unidad | D6: 1 | E6: =G6/(1+F6) -> 85337.815 | F6: 0.19 | G6: ='Analisis de cotizaciones'!AA6 -> 101552 | H6: =D6*G6 -> 101552 | I6: LOTE 2 HERRAMIENTAS Y EQUIPOS AGROPECUARIOS
A7: 5 | B7: Alimento concentrado mojarra 30% | C7: Bulto x 40 kg | D7: 9 | E7: =G7/(1+F7) -> 198532.38 | F7: 0.05 | G7: ='Analisis de cotizaciones'!AA7 -> 208459 | H7: =D7*G7 -> 1876131 | I7: LOTE 1 INSUMOS AGROPECUARIOS
A8: 6 | B8: ALIMENTO PECUARIO COMPLETO PARA PECES DE 25 -25% PROTEÍNA | C8: Bulto x 40 kg | D8: 3 | E8: =G8/(1+F8) -> 246828.57 | F8: 0.05 | G8: ='Analisis de cotizaciones'!AA8 -> 259170 | H8: =D8*G8 -> 777510 | I8: LOTE 1 INSUMOS AGROPECUARIOS
A9: 7 | B9: ALIMENTO PECUARIO COMPLETO PARA PECES DE 34% PROTEÍNA | C9: Bulto x 40 kg | D9: 3 | E9: =G9/(1+F9) -> 199477.14 | F9: 0.05 | G9: ='Analisis de cotizaciones'!AA9 -> 209451 | H9: =D9*G9 -> 628353 | I9: LOTE 1 INSUMOS AGROPECUARIOS
A10: 8 | B10: ALIMENTO PECUARIO COMPLETO PARA PECES DE 38-45% PROTEÍNA | C10: Bulto x 40 kg | D10: 2 | E10: =G10/(1+F10) -> 280074.29 | F10: 0.05 | G10: ='Analisis de cotizaciones'!AA10 -> 294078 | H10: =D10*G10 -> 588156 | I10: LOTE 1 INSUMOS AGROPECUARIOS
A11: 9 | B11: Azadon con cabo | C11: Unidad | D11: 19 | E11: =G11/(1+F11) -> 64478.095 | F11: 0.05 | G11: ='Analisis de cotizaciones'!AA11 -> 67702 | H11: =D11*G11 -> 1286338 | I11: LOTE 2 HERRAMIENTAS Y EQUIPOS AGROPECUARIOS
A12: 10 | B12: Bandejas en aluminio troqueladas medidas 45*65 | C12: caja x 12 unidades | D12: 1 | E12: =G12/(1+F12) -> 595587.39 | F12: 0.19 | G12: ='Analisis de cotizaciones'!AA12 -> 708749 | H12: =D12*G12 -> 708749 | I12: LOTE 2 HERRAMIENTAS Y EQUIPOS AGROPECUARIOS
A13: 11 | B13: BASCULA DIGITAL INALAMBRICA INDUSTRIAL CAPACIDAD 150 KG - Capacidad: 150kg, División: 20g, Unidades de peso: lb y Kg - Batería interna recargable de 12V y autonomía de 8horas - Dimensión plataforma: 30 x 40 (150 kg) - Display: LCD - Display de tres pantallas con 7 dígitos cada uno - Función Indicador: Liquidador - Sistema de Tara para disminuir recipientes | C13: Unidad | D13: 3 | E13: =G13/(1+F13) -> 403221.85 | F13: 0.19 | G13: ='Analisis de cotizaciones'!AA13 -> 479834 | H13: =D13*G13 -> 1439502 | I13: LOTE 2 HERRAMIENTAS Y EQUIPOS AGROPECUARIOS
A14: 12 | B14: BATEA PARA ENFRIAMIENTO DE MIEL DE CAÑA FABRICADA EN ACERO INOXIDABLE 316 | C14: Unidad | D14: 1 | E14: =G14/(1+F14) -> 1260504.2 | F14: 0.19 | G14: ='Analisis de cotizaciones'!AA14 -> 1500000 | H14: =D14*G14 -> 1500000 | I14: LOTE 2 HERRAMIENTAS Y EQUIPOS AGROPECUARIOS
... A109: 107 | B109: Freidora de Aceite Electrica 2 Tanques Cada Tanque 5.5 L Comercial Modelo 2 TANQUES CADA TANQUE 5.5LT. Fuller Machinery Código 583797 | C109: Unidad | D109: 1 | E109: =G109/(1+F109) -> 1267003.4 | F109: 0.19 | G109: ='Analisis de cotizaciones'!AA109 -> 1507734 | H109: =D109*G109 -> 1507734 | I109: LOTE 2 HERRAMIENTAS Y EQUIPOS AGROPECUARIOS
D110: =SUM(D3:D109) -> 1499 | H110: =SUM(H3:H109) -> 100000000
A199: TOTAL | I199: =SUM(#REF!) -> #REF!

Sheet DETALLE SUMINISTRO
A1: ITEM | B1: INSUMO/HERRAMIENTA/EQUIPO | C1: UNIDAD | D1: CANTIDAD | E1: VALOR UNITARIO BRUTO ANTES DE IVA ($) | F1: IVA (%) | G1: VALOR UNITARIO (INCLUIDO IVA) ($) | H1: VALOR TOTAL | I1: SUBREGION | J1: MUNICIPIO | K1: VEREDA/CORREGIMIENTO | L1: CADENA PRODUCTIVA | M1: ORGANIZACIÓN DE PRODUCTORES | N1: NIT | O1: REPRESENTANTE LEGAL/CONTACTO | P1: TELEFONO | Q1: CORREO ELECTRONICO | R1: NUMERO DE LOTE
A2: 1 | B2: CANASTILLAS FRUVER PLASTICA DE 60x40x25 | C2: Unidad | D2: 6 | E2: =G2/(1+F2) -> 34921.008 | F2: 0.19 | G2: ='PRESUPUESTO MATRIZ DE INVERSIÓN'!G29 -> 41556 | H2: =D2*G2 -> 249336 | I2: BAJO CAUCA | J2: EL BAGRE | K2: CORREGIMIENTO PUERTO CLAVER | L2: FORESTAL | M2: AFROCLAVER. CONSEJO COMUNITARIO AFROCLAVER | N2: 901097069-2 | O2: LORENA INES BRAVO CUADRADO | P2: 3127988420 | Q2: afroclaverconsejocomunitario@gmail.com | R2: LOTE 2 HERRAMIENTAS Y EQUIPOS AGROPECUARIOS
A3: 2 | B3: Insecticida agrícola Cipermetrina (RS)-alfa-ciano-3-fenoxibencil-(1RS)-cis,trans-3-(2,2-diclorovinil)-2,2-dimetil ciclopropanocarboxilato 200 g/L. Ingredientes aditivos: c.s.p. 1 L: Concentrado emulsionable - EC. Registro ICA vigente, fecha de expiración superior a un año en el momento de la entrega. Presentación Litro | C3: Litro | D3: 1 | E3: =G3/(1+F3) -> 119536 | F3: 0 | G3: ='PRESUPUESTO MATRIZ DE INVERSIÓN'!G65 -> 119536 | H3: =D3*G3 -> 119536 | I3: BAJO CAUCA | J3: EL BAGRE | K3: CORREGIMIENTO PUERTO CLAVER | L3: FORESTAL | M3: AFROCLAVER. CONSEJO COMUNITARIO AFROCLAVER | N3: 901097069-2 | O3: LORENA INES BRAVO CUADRADO | P3: 3127988420 | Q3: afroclaverconsejocomunitario@gmail.com | R3: LOTE 1 INSUMOS AGROPECUARIOS
A4: 3 | B4: FERTILIZANTE FOLIAR (POLIQUEL MAGNESIO) Liquido soluble. COMPOSICIÓN GARANTIZADA Nitrógeno Total (N-total) 38.0 Nitrógeno Orgánico (N-orgánico) 38.0 Azufre Total (S) 53.0 Magnesio Total (MgO) 64.0 Carbón Orgánico Oxidable Total (COOT) 73.7 Aminoácidos libres (1) 239 Aminoácidos: Alanina; Arginina; Acido Aspártico; Acido Glutámico; Glicina; Histidina; Isoleucina; Leucina; Lisina; Metionina; Fenilalanina; Prolina; Serina; Treonina y Valina. Enterobacterias < 10 UFC/G Salmonella sp Ausencia / 25 ml. Registro ICA vigente. Fecha de expiración en el momento de entrega superior a un año. | C4: Litro | D4: 2 | E4: =G4/(1+F4) -> 94148 | F4: 0 | G4: ='PRESUPUESTO MATRIZ DE INVERSIÓN'!G52 -> 94148 | H4: =D4*G4 -> 188296 | I4: BAJO CAUCA | J4: EL BAGRE | K4: CORREGIMIENTO PUERTO CLAVER | L4: FORESTAL | M4: AFROCLAVER. CONSEJO COMUNITARIO AFROCLAVER | N4: 901097069-2 | O4: LORENA INES BRAVO CUADRADO | P4: 3127988420 | Q4: afroclaverconsejocomunitario@gmail.com | R4: LOTE 1 INSUMOS AGROPECUARIOS
A5: 4 | B5: Grapa galvanizada para cerca. Caja x 1 Kilogramo | C5: Caja x kg | D5: 2 | E5: =G5/(1+F5) -> 18668.067 | F5: 0.19 | G5: ='PRESUPUESTO MATRIZ DE INVERSIÓN'!G61 -> 22215 | H5: =D5*G5 -> 44430 | I5: BAJO CAUCA | J5: EL BAGRE | K5: CORREGIMIENTO PUERTO CLAVER | L5: FORESTAL | M5: AFROCLAVER. CONSEJO COMUNITARIO AFROCLAVER | N5: 901097069-2 | O5: LORENA INES BRAVO CUADRADO | P5: 3127988420 | Q5: afroclaverconsejocomunitario@gmail.com | R5: LOTE 2 HERRAMIENTAS Y EQUIPOS AGROPECUARIOS
A6: 5 | B6: Martillo de uña, con cabo metálico | C6: Unidad | D6: 2 | E6: =G6/(1+F6) -> 47357.143 | F6: 0.05 | G6: ='PRESUPUESTO MATRIZ DE INVERSIÓN'!G80 -> 49725 | H6: =D6*G6 -> 99450 | I6: BAJO CAUCA | J6: EL BAGRE | K6: CORREGIMIENTO PUERTO CLAVER | L6: FORESTAL | M6: AFROCLAVER. CONSEJO COMUNITARIO AFROCLAVER | N6: 901097069-2 | O6: LORENA INES BRAVO CUADRADO | P6: 3127988420 | Q6: afroclaverconsejocomunitario@gmail.com | R6: LOTE 2 HERRAMIENTAS Y EQUIPOS AGROPECUARIOS
A7: 6 | B7: Paladraga Con Mango de madera, Cava Hoyos. Máxima resistencia al desgaste, mango de madera de alta calidad Largo del mango: 100cm CARACTERÍSTICAS Altura total 1.46cm. Ancho de 17cm por cada pala | C7: Unidad | D7: 2 | E7: =G7/(1+F7) -> 135000 | F7: 0.05 | G7: ='PRESUPUESTO MATRIZ DE INVERSIÓN'!G91 -> 141750 | H7: =D7*G7 -> 283500 | I7: BAJO CAUCA | J7: EL BAGRE | K7: CORREGIMIENTO PUERTO CLAVER | L7: FORESTAL | M7: AFROCLAVER. CONSEJO COMUNITARIO AFROCLAVER | N7: 901097069-2 | O7: LORENA INES BRAVO CUADRADO | P7: 3127988420 | Q7: afroclaverconsejocomunitario@gmail.com | R7: LOTE 2 HERRAMIENTAS Y EQUIPOS AGROPECUARIOS
A8: 7 | B8: Machetillla de 16" con funda Machetillla de 16" con funda | C8: Unidad | D8: 1 | E8: =G8/(1+F8) -> 58433.333 | F8: 0.05 | G8: ='PRESUPUESTO MATRIZ DE INVERSIÓN'!G78 -> 61355 | H8: =D8*G8 -> 61355 | I8: BAJO CAUCA | J8: EL BAGRE | K8: CORREGIMIENTO PUERTO CLAVER | L8: FORESTAL | M8: AFROCLAVER. CONSEJO COMUNITARIO AFROCLAVER | N8: 901097069-2 | O8: LORENA INES BRAVO CUADRADO | P8: 3127988420 | Q8: afroclaverconsejocomunitario@gmail.com | R8: LOTE 2 HERRAMIENTAS Y EQUIPOS AGROPECUARIOS
A9: 8 | B9: Machetillla de 16" con funda Machetillla de 16" con funda | C9: Unidad | D9: 2 | E9: =G9/(1+F9) -> 51558.824 | F9: 0.19 | G9: ='PRESUPUESTO MATRIZ DE INVERSIÓN'!G78 -> 61355 | H9: =D9*G9 -> 122710 | I9: BAJO CAUCA | J9: EL BAGRE | K9: CORREGIMIENTO PUERTO CLAVER | L9: FORESTAL | M9: AFROCLAVER. CONSEJO COMUNITARIO AFROCLAVER | N9: 901097069-2 | O9: LORENA INES BRAVO CUADRADO | P9: 3127988420 | Q9: afroclaverconsejocomunitario@gmail.com | R9: LOTE 2 HERRAMIENTAS Y EQUIPOS AGROPECUARIOS
A10: 9 | B10: Alambre de púas calibre 14. PRESENTACIÓN: Rollos de 400 metros | C10: Rollo x 400 m | D10: 1 | E10: =G10/(1+F10) -> 557363.03 | F10: 0.19 | G10: ='PRESUPUESTO MATRIZ DE INVERSIÓN'!G4 -> 663262 | H10: =D10*G10 -> 663262 | I10: BAJO CAUCA | J10: EL BAGRE | K10: CORREGIMIENTO PUERTO CLAVER | L10: FORESTAL | M10: AFROCLAVER. CONSEJO COMUNITARIO AFROCLAVER | N10: 901097069-2 | O10: LORENA INES BRAVO CUADRADO | P10: 3127988420 | Q10: afroclaverconsejocomunitario@gmail.com | R10: LOTE 2 HERRAMIENTAS Y EQUIPOS AGROPECUARIOS
A11: 10 | B11: Bolsa para vivero Bolsa 8cm x 16cm Cal. 1,5 con fuelle incluido paquete por 100 unidades | C11: Paquete x 100 unidades | D11: 17 | E11: =G11/(1+F11) -> 4533.6134 | F11: 0.19 | G11: ='PRESUPUESTO MATRIZ DE INVERSIÓN'!G16 -> 5395 | H11: =D11*G11 -> 91715 | I11: BAJO CAUCA | J11: EL BAGRE | K11: CORREGIMIENTO PUERTO CLAVER | L11: FORESTAL | M11: AFROCLAVER. CONSEJO COMUNITARIO AFROCLAVER | N11: 901097069-2 | O11: LORENA INES BRAVO CUADRADO | P11: 3127988420 | Q11: afroclaverconsejocomunitario@gmail.com | R11: LOTE 2 HERRAMIENTAS Y EQUIPOS AGROPECUARIOS
A12: 11 | B12: CINTA PARA INJERTAR Cinta de injertar (color segun el requerimiento) en baja densidad calibre 1,50 de 10 pulgadas y 40 cm de ancho. PRESENTACIÓN: ROLLO POR 100 METROS | C12: Rollo x 100 m | D12: 1 | E12: =G12/(1+F12) -> 64892.437 | F12: 0.19 | G12: ='PRESUPUESTO MATRIZ DE INVERSIÓN'!G39 -> 77222 | H12: =D12*G12 -> 77222 | I12: BAJO CAUCA | J12: EL BAGRE | K12: CORREGIMIENTO PUERTO CLAVER | L12: FORESTAL | M12: AFROCLAVER. CONSEJO COMUNITARIO AFROCLAVER | N12: 901097069-2 | O12: LORENA INES BRAVO CUADRADO | P12: 3127988420 | Q12: afroclaverconsejocomunitario@gmail.com | R12: LOTE 2 HERRAMIENTAS Y EQUIPOS AGROPECUARIOS
A13: 12 | B13: SILBATOS:Silbato para arbitro 120 decibelios de tono agudo El estridente se eleva por encima del ruido ambiental y puede escucharse en una milla lejos 100 construidos de plástico ABS de alto impacto Por lo tanto, son 100 impermeables al diseño Pealess de humedad Sin partes móviles nada que obstruya el sonido nada para romperse o congelarse Ideal para grandes áreas de multitudes como estadios de fútbol Motorsport Race Tracks Airport Runways Construction Sites y cualquier situación donde se necesite un dispositivo de señalización muy fuerte | C13: Unidad | D13: 4 | E13: =G13/(1+F13) -> 64003.361 | F13: 0.19 | G13: ='PRESUPUESTO MATRIZ DE INVERSIÓN'!G103 -> 76164 | H13: =D13*G13 -> 304656 | I13: BAJO CAUCA | J13: CACERES | K13: CORREGIMIENTO PIAMONTE | L13: AGROTURISMO | M13: ASODEPIAM. ASOCIACION DEJANDO HUELLAS PIAMONTE | N13: 901340014-1 | O13: VILMA LUZ MARTINEZ MUÑOZ | P13: 3209835981 | Q13: martinezvilma316@gmail.com | R13: LOTE 2 HERRAMIENTAS Y EQUIPOS AGROPECUARIOS
A14: 13 | B14: KIT COMPLETO DE PRIMEROS AUXILIOS. Camilla de emergencia adulto con arnés, señal, soporte e inmovilizador de cabeza + botiquín de primeros auxilios tipo A reglamentario de acuerdo a la resolución 705 de 2007 + extintor multipropósito de 10 lb con señal y soporte. | C14: KIT | D14: 1 | E14: =G14/(1+F14) -> 497804.2 | F14: 0.19 | G14: ='PRESUPUESTO MATRIZ DE INVERSIÓN'!G66 -> 592387 | H14: =D14*G14 -> 592387 | I14: BAJO CAUCA | J14: CACERES | K14: CORREGIMIENTO PIAMONTE | L14: AGROTURISMO | M14: ASODEPIAM. ASOCIACION DEJANDO HUELLAS PIAMONTE | N14: 901340014-1 | O14: VILMA LUZ MARTINEZ MUÑOZ | P14: 3209835981 | Q14: martinezvilma316@gmail.com | R14: LOTE 2 HERRAMIENTAS Y EQUIPOS AGROPECUARIOS
A15: 14 | B15: BINOCULARES PROFESIONALES 20X50 OBSERVACIÓN DE AVES: Modelo X002B Visión clara: binocular de 20 x 50, con un aumento de 20x, este binocular puede acercar el sujeto 20 veces más, diámetro de lente de 50 mm objeto que permite que pase más luz, y es muy claro para los detalles, incluso si está en condiciones de poca luz.Medidas del producto: alto 17.5 cm, ancho 19 cm, fondo 6 cm. Alcance aproximado entre 700 y 900 metros. Prisma Bak-4 Visión amplia e imagen clara. No tiene visión nocturna. Contenido: 1 Binoculares 20x50 negros, paño limpieza, correa, estuche y manual. | C15: Unidad | D15: 1 | E15: =G15/(1+F15) -> 328906.72 | F15: 0.19 | G15: ='PRESUPUESTO MATRIZ DE INVERSIÓN'!G15 -> 391399 | H15: =D15*G15 -> 391399 | I15: BAJO CAUCA | J15: CACERES | K15: CORREGIMIENTO PIAMONTE | L15: AGROTURISMO | M15: ASODEPIAM. ASOCIACION DEJANDO HUELLAS PIAMONTE | N15: 901340014-1 | O15: VILMA LUZ MARTINEZ MUÑOZ | P15: 3209835981 | Q15: martinezvilma316@gmail.com | R15: LOTE 2 HERRAMIENTAS Y EQUIPOS AGROPECUARIOS
A16: 15 | B16: CAMPING: Camping para4 personas. Tipo IGLU. Disponibles para 3 y 6 personas. Facil y rapida de armar. Super liviana y ligera para llevar a cualquir parte. Material impermeable ideal para la lluvia y la nieve. Medidas 2 mts. x 2 mts. x 1,40 mts. | C16: Unidad | D16: 2 | E16: =G16/(1+F16) -> 247268.91 | F16: 0.19 | G16: ='PRESUPUESTO MATRIZ DE INVERSIÓN'!G27 -> 294250 | H16: =D16*G16 -> 588500 | I16: BAJO CAUCA | J16: CACERES | K16: CORREGIMIENTO PIAMONTE | L16: AGROTURISMO | M16: ASODEPIAM. ASOCIACION DEJANDO HUELLAS PIAMONTE | N16: 901340014-1 | O16: VILMA LUZ MARTINEZ MUÑOZ | P16: 3209835981 | Q16: martinezvilma316@gmail.com | R16: LOTE 2 HERRAMIENTAS Y EQUIPOS AGROPECUARIOS
A17: 16 | B17: LINTERNAS: Marca Pretul Modelo 24091 Color de la luz Blanco Color de la linterna Amarillo Tipo de alimentación: Batería Tipo de luz: LED Potencia: 145 lm Es recargable: Sí Es a prueba de agua: No | C17: Unidad | D17: 2 | E17: =G17/(1+F17) -> 53060.504 | F17: 0.19 | G17: ='PRESUPUESTO MATRIZ DE INVERSIÓN'!G74 -> 63142 | H17: =D17*G17 -> 126284 | I17: BAJO CAUCA | J17: CACERES | K17: CORREGIMIENTO PIAMONTE | L17: AGROTURISMO | M17: ASODEPIAM. ASOCIACION DEJANDO HUELLAS PIAMONTE | N17: 901340014-1 | O17: VILMA LUZ MARTINEZ MUÑOZ | P17: 3209835981 | Q17: martinezvilma316@gmail.com | R17: LOTE 2 HERRAMIENTAS Y EQUIPOS AGROPECUARIOS
A18: 17 | B18: SILBATOS:Silbato para arbitro 120 decibelios de tono agudo El estridente se eleva por encima del ruido ambiental y puede escucharse en una milla lejos 100 construidos de plástico ABS de alto impacto Por lo tanto, son 100 impermeables al diseño Pealess de humedad Sin partes móviles nada que obstruya el sonido nada para romperse o congelarse Ideal para grandes áreas de multitudes como estadios de fútbol Motorsport Race Tracks Airport Runways Construction Sites y cualquier situación donde se necesite un dispositivo de señalización muy fuerte | C18: Unidad | D18: 4 | E18: =G18/(1+F18) -> 64003.361 | F18: 0.19 | G18: ='PRESUPUESTO MATRIZ DE INVERSIÓN'!G103 -> 76164 | H18: =D18*G18 -> 304656 | I18: BAJO CAUCA | J18: NECHI | L18: AGROTURISMO | M18: ASSEFUN | N18: 901293591-6 | O18: LUIS ALFONSO FIGUEROA | P18: 3137441349 | R18: LOTE 2 HERRAMIENTAS Y EQUIPOS AGROPECUARIOS
A19: 18 | B19: KIT COMPLETO DE PRIMEROS AUXILIOS. Camilla de emergencia adulto con arnés, señal, soporte e inmovilizador de cabeza + botiquín de primeros auxilios tipo A reglamentario de acuerdo a la resolución 705 de 2007 + extintor multipropósito de 10 lb con señal y soporte. | C19: KIT | D19: 1 | E19: =G19/(1+F19) -> 497804.2 | F19: 0.19 | G19: ='PRESUPUESTO MATRIZ DE INVERSIÓN'!G66 -> 592387 | H19: =D19*G19 -> 592387 | I19: BAJO CAUCA | J19: NECHI | L19: AGROTURISMO | M19: ASSEFUN | N19: 901293591-6 | O19: LUIS ALFONSO FIGUEROA | P19: 3137441349 | R19: LOTE 2 HERRAMIENTAS Y EQUIPOS AGROPECUARIOS
A20: 19 | B20: BINOCULARES PROFESIONALES 20X50 OBSERVACIÓN DE AVES: Modelo X002B Visión clara: binocular de 20 x 50, con un aumento de 20x, este binocular puede acercar el sujeto 20 veces más, diámetro de lente de 50 mm objeto que permite que pase más luz, y es muy claro para los detalles, incluso si está en condiciones de poca luz.Medidas del producto: alto 17.5 cm, ancho 19 cm, fondo 6 cm. Alcance aproximado entre 700 y 900 metros. Prisma Bak-4 Visión amplia e imagen clara. No tiene visión nocturna. Contenido: 1 Binoculares 20x50 negros, paño limpieza, correa, estuche y manual. | C20: Unidad | D20: 1 | E20: =G20/(1+F20) -> 328906.72 | F20: 0.19 | G20: ='PRESUPUESTO MATRIZ DE INVERSIÓN'!G15 -> 391399 | H20: =D20*G20 -> 391399 | I20: BAJO CAUCA | J20: NECHI | L20: AGROTURISMO | M20: ASSEFUN | N20: 901293591-6 | O20: LUIS ALFONSO FIGUEROA | P20: 3137441349 | R20: LOTE 2 HERRAMIENTAS Y EQUIPOS AGROPECUARIOS
A21: 20 | B21: CAMPING: Camping para4 personas. Tipo IGLU. Disponibles para 3 y 6 personas. Facil y rapida de armar. Super liviana y ligera para llevar a cualquir parte. Material impermeable ideal para la lluvia y la nieve. Medidas 2 mts. x 2 mts. x 1,40 mts. | C21: Unidad | D21: 2 | E21: =G21/(1+F21) -> 247268.91 | F21: 0.19 | G21: ='PRESUPUESTO MATRIZ DE INVERSIÓN'!G27 -> 294250 | H21: =D21*G21 -> 588500 | I21: BAJO CAUCA | J21: NECHI | L21: AGROTURISMO | M21: ASSEFUN | N21: 901293591-6 | O21: LUIS ALFONSO FIGUEROA | P21: 3137441349 | R21: LOTE 2 HERRAMIENTAS Y EQUIPOS AGROPECUARIOS
A22: 21 | B22: LINTERNAS: Marca Pretul Modelo 24091 Color de la luz Blanco Color de la linterna Amarillo Tipo de alimentación: Batería Tipo de luz: LED Potencia: 145 lm Es recargable: Sí Es a prueba de agua: No | C22: Unidad | D22: 1 | E22: =G22/(1+F22) -> 53060.504 | F22: 0.19 | G22: ='PRESUPUESTO MATRIZ DE INVERSIÓN'!G74 -> 63142 | H22: =D22*G22 -> 63142 | I22: BAJO CAUCA | J22: NECHI | L22: AGROTURISMO | M22: ASSEFUN | N22: 901293591-6 | O22: LUIS ALFONSO FIGUEROA | P22: 3137441349 | R22: LOTE 2 HERRAMIENTAS Y EQUIPOS AGROPECUARIOS
A23: 22 | B23: Carretilla de platon metalico | C23: Unidad | D23: 1 | E23: =G23/(1+F23) -> 328906.72 | F23: 0.19 | G23: ='PRESUPUESTO MATRIZ DE INVERSIÓN'!G37 -> 391399 | H23: =D23*G23 -> 391399 | I23: BAJO CAUCA | J23: TARAZA | L23: FORESTAL | M23: ASOLAVCA | N23: 901270391-0 | O23: JULIAN MUÑOZ | P23: 3225280876 | R23: LOTE 2 HERRAMIENTAS Y EQUIPOS AGROPECUARIOS
A24: 23 | B24: Fumigadora de espalda manual 10 litros, polietileno de alta densidad. Valvula de seguridad liberadora de presion con niveles de alerta. Manija /embolo: porta lanza, ergonomica, resistenre de facil sujeccion. viene con boquilla de cono hueco 470cc/min | C24: Unidad | D24: 1 | E24: =G24/(1+F24) -> 295186.67 | F24: 0.05 | G24: ='PRESUPUESTO MATRIZ DE INVERSIÓN'!G56 -> 309946 | H24: =D24*G24 -> 309946 | I24: BAJO CAUCA | J24: TARAZA | L24: FORESTAL | M24: ASOLAVCA | N24: 901270391-0 | O24: JULIAN MUÑOZ | P24: 3225280876 | R24: LOTE 2 HERRAMIENTAS Y EQUIPOS AGROPECUARIOS
A25: 24 | B25: palas redonda con cabo | C25: Unidad | D25: 2 | E25: =G25/(1+F25) -> 71514.286 | F25: 0.05 | G25: ='PRESUPUESTO MATRIZ DE INVERSIÓN'!G92 -> 75090 | H25: =D25*G25 -> 150180 | I25: BAJO CAUCA | J25: TARAZA | L25: FORESTAL | M25: ASOLAVCA | N25: 901270391-0 | O25: JULIAN MUÑOZ | P25: 3225280876 | R25: LOTE 2 HERRAMIENTAS Y EQUIPOS AGROPECUARIOS
A26: 25 | B26: Canastas plasticas para el transporte de material vegetal (plantulas) | C26: Unidad | D26: 3 | E26: =G26/(1+F26) -> 29335.294 | F26: 0.19 | G26: ='PRESUPUESTO MATRIZ DE INVERSIÓN'!G28 -> 34909 | H26: =D26*G26 -> 104727 | I26: BAJO CAUCA | J26: TARAZA | L26: FORESTAL | M26: ASOLAVCA | N26: 901270391-0 | O26: JULIAN MUÑOZ | P26: 3225280876 | R26: LOTE 2 HERRAMIENTAS Y EQUIPOS AGROPECUARIOS
A27: 26 | B27: Rastrillos metalicos con cabo | C27: Unidad | D27: 2 | E27: =G27/(1+F27) -> 59440.952 | F27: 0.05 | G27: ='PRESUPUESTO MATRIZ DE INVERSIÓN'!G97 -> 62413 | H27: =D27*G27 -> 124826 | I27: BAJO CAUCA | J27: TARAZA | L27: FORESTAL | M27: ASOLAVCA | N27: 901270391-0 | O27: JULIAN MUÑOZ | P27: 3225280876 | R27: LOTE 2 HERRAMIENTAS Y EQUIPOS AGROPECUARIOS
A28: 27 | B28: Azadon con cabo | C28: Unidad | D28: 2 | E28: =G28/(1+F28) -> 64478.095 | F28: 0.05 | G28: ='PRESUPUESTO MATRIZ DE INVERSIÓN'!G11 -> 67702 | H28: =D28*G28 -> 135404 | I28: BAJO CAUCA | J28: TARAZA | L28: FORESTAL | M28: ASOLAVCA | N28: 901270391-0 | O28: JULIAN MUÑOZ | P28: 3225280876 | R28: LOTE 2 HERRAMIENTAS Y EQUIPOS AGROPECUARIOS
A29: 28 | B29: Bolsa para vivero Bolsa x 100 unidades 8x12 con fuelle calibre 1.5 | C29: Paquete x 100 unidades | D29: 146 | E29: =G29/(1+F29) -> 4533.6134 | F29: 0.19 | G29: ='PRESUPUESTO MATRIZ DE INVERSIÓN'!G17 -> 5395 | H29: =D29*G29 -> 787670 | I29: BAJO CAUCA | J29: TARAZA | L29: FORESTAL | M29: ASOLAVCA | N29: 901270391-0 | O29: JULIAN MUÑOZ | P29: 3225280876 | R29: LOTE 2 HERRAMIENTAS Y EQUIPOS AGROPECUARIOS
A30: 29 | B30: FUMIGADORA DE ESPALDA MANUAL. Características Capacidad del Tanque: 20l : 5.28 gl Sistema de Inyección y Presión: Presión Hidráulica. Pistón y Camara Externos. Capacidad de la Cámara: 1 l, probada en fábrica a 300 psi. Presión de Trabajo: 43 psi +/- 10% Rango de Presión: 1 - 13.79 bar / 14.7 - 200 psi. Palancazos Por Minuto : 10 Con una Boquilla de 600 c/min. Peso Neto : 5,73 kg / 12,63 lb | C30: Unidad | D30: 1 | E30: =G30/(1+F30) -> 473506.67 | F30: 0.05 | G30: ='PRESUPUESTO MATRIZ DE INVERSIÓN'!G57 -> 497182 | H30: =D30*G30 -> 497182 | I30: BAJO CAUCA | J30: EL BAGRE | L30: FORESTAL | M30: CORSOAMB | N30: 901623109-6 | O30: LEIDER MEJIA | P30: 3122290329 | R30: LOTE 2 HERRAMIENTAS Y EQUIPOS AGROPECUARIOS
A31: 30 | B31: Canastas plasticas para el transporte de material vegetal (plantulas) | C31: Unidad | D31: 5 | E31: =G31/(1+F31) -> 29335.294 | F31: 0.19 | G31: ='PRESUPUESTO MATRIZ DE INVERSIÓN'!G28 -> 34909 | H31: =D31*G31 -> 174545 | I31: BAJO CAUCA | J31: EL BAGRE | L31: FORESTAL | M31: CORSOAMB | N31: 901623109-6 | O31: LEIDER MEJIA | P31: 3122290329 | R31: LOTE 2 HERRAMIENTAS Y EQUIPOS AGROPECUARIOS
A32: 31 | B32: palas redonda con cabo | C32: Unidad | D32: 4 | E32: =G32/(1+F32) -> 71514.286 | F32: 0.05 | G32: ='PRESUPUESTO MATRIZ DE INVERSIÓN'!G92 -> 75090 | H32: =D32*G32 -> 300360 | I32: BAJO CAUCA | J32: EL BAGRE | L32: FORESTAL | M32: CORSOAMB | N32: 901623109-6 | O32: LEIDER MEJIA | P32: 3122290329 | R32: LOTE 2 HERRAMIENTAS Y EQUIPOS AGROPECUARIOS
A33: 32 | B33: Alicate diablo | C33: Unidad | D33: 1 | E33: =G33/(1+F33) -> 96716.19 | F33: 0.05 | G33: ='PRESUPUESTO MATRIZ DE INVERSIÓN'!G6 -> 101552 | H33: =D33*G33 -> 101552 | I33: BAJO CAUCA | J33: EL BAGRE | L33: FORESTAL | M33: CORSOAMB | N33: 901623109-6 | O33: LEIDER MEJIA | P33: 3122290329 | R33: LOTE 2 HERRAMIENTAS Y EQUIPOS AGROPECUARIOS
A34: 33 | B34: Bolsa para vivero Bolsa x 100 unidades 8x12 con fuelle calibre 1.5 | C34: paquete x 100 unidades | D34: 100 | E34: =G34/(1+F34) -> 4533.6134 | F34: 0.19 | G34: ='PRESUPUESTO MATRIZ DE INVERSIÓN'!G17 -> 5395 | H34: =D34*G34 -> 539500 | I34: BAJO CAUCA | J34: EL BAGRE | L34: FORESTAL | M34: CORSOAMB | N34: 901623109-6 | O34: LEIDER MEJIA | P34: 3122290329 | R34: LOTE 2 HERRAMIENTAS Y EQUIPOS AGROPECUARIOS
A35: 34 | B35: Manguera jardinera | C35: Rollo x 100 m | D35: 1 | E35: =G35/(1+F35) -> 156452.94 | F35: 0.19 | G35: ='PRESUPUESTO MATRIZ DE INVERSIÓN'!G79 -> 186179 | H35: =D35*G35 -> 186179 | I35: BAJO CAUCA | J35: EL BAGRE | L35: FORESTAL | M35: CORSOAMB | N35: 901623109-6 | O35: LEIDER MEJIA | P35: 3122290329 | R35: LOTE 2 HERRAMIENTAS Y EQUIPOS AGROPECUARIOS
A36: 35 | B36: Azadon con cabo | C36: Unidad | D36: 3 | E36: =G36/(1+F36) -> 64478.095 | F36: 0.05 | G36: ='PRESUPUESTO MATRIZ DE INVERSIÓN'!G11 -> 67702 | H36: =D36*G36 -> 203106 | I36: BAJO CAUCA | J36: EL BAGRE | L36: FORESTAL | M36: CORSOAMB | N36: 901623109-6 | O36: LEIDER MEJIA | P36: 3122290329 | R36: LOTE 2 HERRAMIENTAS Y EQUIPOS AGROPECUARIOS
A37: 36 | B37: Carretilla de platon metalico | C37: Unidad | D37: 1 | E37: =G37/(1+F37) -> 328906.72 | F37: 0.19 | G37: ='PRESUPUESTO MATRIZ DE INVERSIÓN'!G37 -> 391399 | H37: =D37*G37 -> 391399 | I37: BAJO CAUCA | J37: CACERES | L37: FORESTAL | M37: AGROFORTA | N37: 901630497-8 | O37: SAIDA HERAZO | P37: 3232856282 | R37: LOTE 2 HERRAMIENTAS Y EQUIPOS AGROPECUARIOS
A38: 37 | B38: Fumigadora de espalda manual 10 litros, polietileno de alta densidad. Valvula de seguridad liberadora de presion con niveles de alerta. Manija /embolo: porta lanza, ergonomica, resistenre de facil sujeccion. viene con boquilla de cono hueco 470cc/min | C38: Unidad | D38: 1 | E38: =G38/(1+F38) -> 295186.67 | F38: 0.05 | G38: ='PRESUPUESTO MATRIZ DE INVERSIÓN'!G56 -> 309946 | H38: =D38*G38 -> 309946 | I38: BAJO CAUCA | J38: CACERES | L38: FORESTAL | M38: AGROFORTA | N38: 901630497-8 | O38: SAIDA HERAZO | P38: 3232856282 | R38: LOTE 2 HERRAMIENTAS Y EQUIPOS AGROPECUARIOS
A39: 38 | B39: palas redonda con cabo | C39: Unidad | D39: 3 | E39: =G39/(1+F39) -> 71514.286 | F39: 0.05 | G39: ='PRESUPUESTO MATRIZ DE INVERSIÓN'!G92 -> 75090 | H39: =D39*G39 -> 225270 | I39: BAJO CAUCA | J39: CACERES | L39: FORESTAL | M39: AGROFORTA | N39: 901630497-8 | O39: SAIDA HERAZO | P39: 3232856282 | R39: LOTE 2 HERRAMIENTAS Y EQUIPOS AGROPECUARIOS
A40: 39 | B40: Canastas plasticas para el transporte de material vegetal (plantulas) | C40: Unidad | D40: 2 | E40: =G40/(1+F40) -> 29335.294 | F40: 0.19 | G40: ='PRESUPUESTO MATRIZ DE INVERSIÓN'!G28 -> 34909 | H40: =D40*G40 -> 69818 | I40: BAJO CAUCA | J40: CACERES | L40: FORESTAL | M40: AGROFORTA | N40: 901630497-8 | O40: SAIDA HERAZO | P40: 3232856282 | R40: LOTE 2 HERRAMIENTAS Y EQUIPOS AGROPECUARIOS
A41: 40 | B41: Rastrillos metalicos con cabo | C41: Unidad | D41: 2 | E41: =G41/(1+F41) -> 59440.952 | F41: 0.05 | G41: ='PRESUPUESTO MATRIZ DE INVERSIÓN'!G97 -> 62413 | H41: =D41*G41 -> 124826 | I41: BAJO CAUCA | J41: CACERES | L41: FORESTAL | M41: AGROFORTA | N41: 901630497-8 | O41: SAIDA HERAZO | P41: 3232856282 | R41: LOTE 2 HERRAMIENTAS Y EQUIPOS AGROPECUARIOS
A42: 41 | B42: Azadon con cabo | C42: Unidad | D42: 2 | E42: =G42/(1+F42) -> 64478.095 | F42: 0.05 | G42: ='PRESUPUESTO MATRIZ DE INVERSIÓN'!G11 -> 67702 | H42: =D42*G42 -> 135404 | I42: BAJO CAUCA | J42: CACERES | L42: FORESTAL | M42: AGROFORTA | N42: 901630497-8 | O42: SAIDA HERAZO | P42: 3232856282 | R42: LOTE 2 HERRAMIENTAS Y EQUIPOS AGROPECUARIOS
A43: 42 | B43: Bolsa para vivero Bolsa x 100 unidades 8x12 con fuelle calibre 1.5 | C43: Paquete x 100 unidades | D43: 138 | E43: =G43/(1+F43) -> 4533.6134 | F43: 0.19 | G43: ='PRESUPUESTO MATRIZ DE INVERSIÓN'!G17 -> 5395 | H43: =D43*G43 -> 744510 | I43: BAJO CAUCA | J43: CACERES | L43: FORESTAL | M43: AGROFORTA | N43: 901630497-8 | O43: SAIDA HERAZO | P43: 3232856282 | R43: LOTE 2 HERRAMIENTAS Y EQUIPOS AGROPECUARIOS
A44: 43 | B44: Carretilla de platon metalico | C44: Unidad | D44: 1 | E44: =G44/(1+F44) -> 328906.72 | F44: 0.19 | G44: ='PRESUPUESTO MATRIZ DE INVERSIÓN'!G37 -> 391399 | H44: =D44*G44 -> 391399 | I44: BAJO CAUCA | J44: EL BAGRE | K44: SANTA ISABEL | L44: CULTIVOS TRANSITORIOS | M44: ASOSANTAISABEL | N44: 901450770-1 | O44: EDUAR ENRIQUE ZABALETA | P44: 3126935871 | R44: LOTE 2 HERRAMIENTAS Y EQUIPOS AGROPECUARIOS
A45: 44 | B45: Fumigadora de espalda manual 10 litros, polietileno de alta densidad. Valvula de seguridad liberadora de presion con niveles de alerta. Manija /embolo: porta lanza, ergonomica, resistenre de facil sujeccion. viene con boquilla de cono hueco 470cc/min | C45: Unidad | D45: 1 | E45: =G45/(1+F45) -> 295186.67 | F45: 0.05 | G45: ='PRESUPUESTO MATRIZ DE INVERSIÓN'!G56 -> 309946 | H45: =D45*G45 -> 309946 | I45: BAJO CAUCA | J45: EL BAGRE | K45: SANTA ISABEL | L45: CULTIVOS TRANSITORIOS | M45: ASOSANTAISABEL | N45: 901450770-1 | O45: EDUAR ENRIQUE ZABALETA | P45: 3126935871 | R45: LOTE 2 HERRAMIENTAS Y EQUIPOS AGROPECUARIOS
A46: 45 | B46: palas redonda con cabo | C46: Unidad | D46: 3 | E46: =G46/(1+F46) -> 71514.286 | F46: 0.05 | G46: ='PRESUPUESTO MATRIZ DE INVERSIÓN'!G92 -> 75090 | H46: =D46*G46 -> 225270 | I46: BAJO CAUCA | J46: EL BAGRE | K46: SANTA ISABEL | L46: CULTIVOS TRANSITORIOS | M46: ASOSANTAISABEL | N46: 901450770-1 | O46: EDUAR ENRIQUE ZABALETA | P46: 3126935871 | R46: LOTE 2 HERRAMIENTAS Y EQUIPOS AGROPECUARIOS
A47: 46 | B47: Canastas plasticas para el transporte de material vegetal (plantulas) | C47: Unidad | D47: 3 | E47: =G47/(1+F47) -> 29335.294 | F47: 0.19 | G47: ='PRESUPUESTO MATRIZ DE INVERSIÓN'!G28 -> 34909 | H47: =D47*G47 -> 104727 | I47: BAJO CAUCA | J47: EL BAGRE | K47: SANTA ISABEL | L47: CULTIVOS TRANSITORIOS | M47: ASOSANTAISABEL | N47: 901450770-1 | O47: EDUAR ENRIQUE ZABALETA | P47: 3126935871 | R47: LOTE 2 HERRAMIENTAS Y EQUIPOS AGROPECUARIOS
A48: 47 | B48: Rastrillos metalicos con cabo | C48: Unidad | D48: 2 | E48: =G48/(1+F48) -> 59440.952 | F48: 0.05 | G48: ='PRESUPUESTO MATRIZ DE INVERSIÓN'!G97 -> 62413 | H48: =D48*G48 -> 124826 | I48: BAJO CAUCA | J48: EL BAGRE | K48: SANTA ISABEL | L48: CULTIVOS TRANSITORIOS | M48: ASOSANTAISABEL | N48: 901450770-1 | O48: EDUAR ENRIQUE ZABALETA | P48: 3126935871 | R48: LOTE 2 HERRAMIENTAS Y EQUIPOS AGROPECUARIOS
A49: 48 | B49: Azadon con cabo | C49: Unidad | D49: 2 | E49: =G49/(1+F49) -> 64478.095 | F49: 0.05 | G49: ='PRESUPUESTO MATRIZ DE INVERSIÓN'!G11 -> 67702 | H49: =D49*G49 -> 135404 | I49: BAJO CAUCA | J49: EL BAGRE | K49: SANTA ISABEL | L49: CULTIVOS TRANSITORIOS | M49: ASOSANTAISABEL | N49: 901450770-1 | O49: EDUAR ENRIQUE ZABALETA | P49: 3126935871 | R49: LOTE 2 HERRAMIENTAS Y EQUIPOS AGROPECUARIOS
A50: 49 | B50: Machetillla de 16" con funda Machetillla de 16" con funda | C50: Unidad | D50: 11 | E50: =G50/(1+F50) -> 51558.824 | F50: 0.19 | G50: ='PRESUPUESTO MATRIZ DE INVERSIÓN'!G78 -> 61355 | H50: =D50*G50 -> 674905 | I50: BAJO CAUCA | J50: EL BAGRE | K50: SANTA ISABEL | L50: CULTIVOS TRANSITORIOS | M50: ASOSANTAISABEL | N50: 901450770-1 | O50: EDUAR ENRIQUE ZABALETA | P50: 3126935871 | R50: LOTE 2 HERRAMIENTAS Y EQUIPOS AGROPECUARIOS
A51: 50 | B51: FUMIGADORA A MOTOR DE ESPALDA | C51: Unidad | D51: 1 | E51: =G51/(1+F51) -> 1799537.1 | F51: 0.05 | G51: ='PRESUPUESTO MATRIZ DE INVERSIÓN'!G55 -> 1889514 | H51: =D51*G51 -> 1889514 | I51: URABA | J51: MUTATA | L51: YUCA | M51: ASJEPROMUT. ASOCIACION DE JOVENES EMPRENDEDORES EL PROGRESO DE MUTATA | N51: 9012650418 | O51: WILFER DURANGO | P51: 3116072601 | R51: LOTE 2 HERRAMIENTAS Y EQUIPOS AGROPECUARIOS
A52: 51 | B52: Fumigadora Matabi de 1 Litro- Fumigadora de compresión con capacidad de trabajo de 1 litro, depósito ergonómico y traslúcido para ver el nivel del líquido | C52: Unidad | D52: 15 | E52: =G52/(1+F52) -> 47351.429 | F52: 0.05 | G52: ='PRESUPUESTO MATRIZ DE INVERSIÓN'!G58 -> 49719 | H52: =D52*G52 -> 745785 | I52: URABA | J52: TURBO | K52: MONTEVERDE | L52: PLATANO | M52: ASUAP. ASOCIACION UNION AGRICOLA DE PLATANICULTORES | N52: 9005583338 | O52: LUIS EDUARDO HENAO VINASCO | P52: 3146256912 | R52: LOTE 2 HERRAMIENTAS Y EQUIPOS AGROPECUARIOS
A53: 52 | B53: Palin para desmache de banano arreglado | C53: Unidad | D53: 15 | E53: =G53/(1+F53) -> 62462.857 | F53: 0.05 | G53: ='PRESUPUESTO MATRIZ DE INVERSIÓN'!G93 -> 65586 | H53: =D53*G53 -> 983790 | I53: URABA | J53: TURBO | K53: MONTEVERDE | L53: PLATANO | M53: ASUAP. ASOCIACION UNION AGRICOLA DE PLATANICULTORES | N53: 9005583338 | O53: LUIS EDUARDO HENAO VINASCO | P53: 3146256912 | R53: LOTE 2 HERRAMIENTAS Y EQUIPOS AGROPECUARIOS
A54: 53 | B54: Deshojadora bananera | C54: Unidad | D54: 6 | E54: =G54/(1+F54) -> 46847.619 | F54: 0.05 | G54: ='PRESUPUESTO MATRIZ DE INVERSIÓN'!G45 -> 49190 | H54: =D54*G54 -> 295140 | I54: URABA | J54: TURBO | K54: MONTEVERDE | L54: PLATANO | M54: ASUAP. ASOCIACION UNION AGRICOLA DE PLATANICULTORES | N54: 9005583338 | O54: LUIS EDUARDO HENAO VINASCO | P54: 3146256912 | R54: LOTE 2 HERRAMIENTAS Y EQUIPOS AGROPECUARIOS
A55: 54 | B55: Deshidratador De Alimentos Industrial Acero de 6 a 8 Bandejas Control de tiempo y temperatura: el rango de tiempo es de 0 a 24 horas, el temporizador se apagará automáticamente cuando termines, y el rango de temperatura es de 20 a 90 cGran capacidad: pies grandes de espacio de secado, con 8 bandejas, cada bandeja es de 9.843 x 9.843 | C55: Unidad | D55: 1 | E55: =G55/(1+F55) -> 1405616 | F55: 0.19 | G55: ='PRESUPUESTO MATRIZ DE INVERSIÓN'!G44 -> 1672683 | H55: =D55*G55 -> 1672683 | I55: URABA | J55: TURBO | L55: AGROINDUSTRIA FRUTAS | M55: COMUDECO. CORPORACION MULTIACTIVA DE DESARROLLO COMUNITARIO | N55: 900676679-6 | O55: JHON JAIRO YEPES CANO | P55: 3127961718 | Q55: jj.icaro@hotmail.es | R55: LOTE 2 HERRAMIENTAS Y EQUIPOS AGROPECUARIOS
A56: 55 | B56: Refractometro 0- 80 °C Una escala: Brix escala: 0 a 90% Brix; Temperatura de referencia: 20 °C ATC (compensación automática de temperatura) Rango de compensación: 10 °C-30 °C (50 °F-86 °F) Calibración Manual con controlador de minitornillo proporcionado | C56: Unidad | D56: 1 | E56: =G56/(1+F56) -> 262236.13 | F56: 0.19 | G56: ='PRESUPUESTO MATRIZ DE INVERSIÓN'!G98 -> 312061 | H56: =D56*G56 -> 312061 | I56: URABA | J56: TURBO | L56: AGROINDUSTRIA FRUTAS | M56: COMUDECO. CORPORACION MULTIACTIVA DE DESARROLLO COMUNITARIO | N56: 900676679-6 | O56: JHON JAIRO YEPES CANO | P56: 3127961718 | Q56: jj.icaro@hotmail.es | R56: LOTE 2 HERRAMIENTAS Y EQUIPOS AGROPECUARIOS
A57: 56 | B57: Termometro digital de punzon - 10 a 100 °C rango de temperatura:-50 ° C a + 300 ° C o-58 ° F a 572 ° Fresolución: 0.1 ° C o 0.1 ° F precisión: ± 1 ° C o ± 1 ° Funidad temprature opcional: ° C/° F Material: 304 Acero Inoxidable y Plástico ABS botones: ENCENDIDO/APAGADO, ° C/° F, MANTENGA fuente de Alimentación: 1x1.5 V LR44/ag13 (incluido) Ahorro De Energía: apagado Automático después de 15 minutos función de retención de datos peso: 20g Tamaño de la pantalla: 20 cm * 35 cm/7.87 " * 13.78 " (Aprox.) Longitud Total: 24.5 cm/9.64 " (Aprox.) Longitud de La sonda: 14.5 cm/5.7 " (Aprox.) | C57: Unidad | D57: 1 | E57: =G57/(1+F57) -> 33981.513 | F57: 0.19 | G57: ='PRESUPUESTO MATRIZ DE INVERSIÓN'!G104 -> 40438 | H57: =D57*G57 -> 40438 | I57: URABA | J57: TURBO | L57: AGROINDUSTRIA FRUTAS | M57: COMUDECO. CORPORACION MULTIACTIVA DE DESARROLLO COMUNITARIO | N57: 900676679-6 | O57: JHON JAIRO YEPES CANO | P57: 3127961718 | Q57: jj.icaro@hotmail.es | R57: LOTE 2 HERRAMIENTAS Y EQUIPOS AGROPECUARIOS
A58: 57 | B58: MESA DE MARMOL TEMPLADO CHOCOLATE ENTRE 100 CM Y 120. CM, 50 A 60 CM DE FONDO CON BASE EN ACERO INOXIDABLE | C58: Unidad | D58: 1 | E58: =G58/(1+F58) -> 1370420.2 | F58: 0.19 | G58: ='PRESUPUESTO MATRIZ DE INVERSIÓN'!G83 -> 1630800 | H58: =D58*G58 -> 1630800 | I58: URABA | J58: APARTADO | L58: AGROINDUSTRIA CACAO | M58: ASOCPRAUR. ASOCIACION DE CAMPESINOS PRODUCTORES DE ALIMENTOS DE URABA | N58: 9011651757 | O58: JAVIER VELASQUEZ | P58: 3136227916 | Q58: ASOCPRAUR@GMAIL.COM | R58: LOTE 2 HERRAMIENTAS Y EQUIPOS AGROPECUARIOS
A59: 58 | B59: MOLDES DE POLICARBONATO PARA CHOCOLATERIA Molde en policarbonato para Chocolate de Mesa Una barra por 180 gramos (250 cc) aprox. con 10 divisiones. su material de fabricado en policarbonato proporciona alta resistencia en su utilizacion, además de aportar mayor brillo a la cobertura de chocolate. Tamaño del molde 27.5 cm largo x 13.5 cm ancho x 2.5 cm alto Tamaño cavidad 1, 5 a 2 cm profundidad | C59: Unidad | D59: 10 | E59: =G59/(1+F59) -> 30224.37 | F59: 0.19 | G59: ='PRESUPUESTO MATRIZ DE INVERSIÓN'!G86 -> 35967 | H59: =D59*G59 -> 359670 | I59: URABA | J59: APARTADO | L59: AGROINDUSTRIA CACAO | M59: ASOCPRAUR. ASOCIACION DE CAMPESINOS PRODUCTORES DE ALIMENTOS DE URABA | N59: 9011651757 | O59: JAVIER VELASQUEZ | P59: 3136227916 | Q59: ASOCPRAUR@GMAIL.COM | R59: LOTE 2 HERRAMIENTAS Y EQUIPOS AGROPECUARIOS
A60: 59 | B60: FERTILIZANTE DAP | C60: Bulto x 50 kg | D60: 3 | E60: =G60/(1+F60) -> 336391 | F60: 0 | G60: ='PRESUPUESTO MATRIZ DE INVERSIÓN'!G51 -> 336391 | H60: =D60*G60 -> 1009173 | I60: URABA | J60: CAREPA | K60: VEREDA LAS FLORES CORREIMIENTO EL SILENCIO | L60: MARACUYA | M60: ASPOMAFLOR. ASOCIACION DE PRODUCTORES DE MARACUYA DE LA VEREDA LAS FLORES | N60: 9007725561 | O60: LUCELLY DEL CARMEN GONZALEZ ESPITIA | P60: 3244331376 | R60: LOTE 1 INSUMOS AGROPECUARIOS
A61: 60 | B61: Fertilizante Abotek 15-4-23+4MgO+2S+0.1B+0.1Zn | C61: Bulto x 50 kg | D61: 3 | E61: =G61/(1+F61) -> 322640 | F61: 0 | G61: ='PRESUPUESTO MATRIZ DE INVERSIÓN'!G48 -> 322640 | H61: =D61*G61 -> 967920 | I61: URABA | J61: CAREPA | K61: VEREDA LAS FLORES CORREIMIENTO EL SILENCIO | L61: MARACUYA | M61: ASPOMAFLOR. ASOCIACION DE PRODUCTORES DE MARACUYA DE LA VEREDA LAS FLORES | N61: 9007725561 | O61: LUCELLY DEL CARMEN GONZALEZ ESPITIA | P61: 3244331376 | R61: LOTE 1 INSUMOS AGROPECUARIOS
A62: 61 | B62: Horno para panaderia elaborado en acero inoxidable, 3 camaras de horneo, funcionamiento a gas. | C62: Unidad | D62: 1 | E62: =G62/(1+F62) -> 917647.06 | F62: 0.19 | G62: ='PRESUPUESTO MATRIZ DE INVERSIÓN'!G64 -> 1092000 | H62: =D62*G62 -> 1092000 | I62: URABA | J62: MUTATA | L62: AGROINDUSTRIA YUCA | M62: ASCAMPA. ASOCIACION CAMPESINA DE PRODUCTORES AGROPECUARIOS DE PAVARANDOCITO | N62: 9012246894 | O62: GUSTAVO ORTEGA | P62: 3113606499 | Q62: ascampam@gmail.com | R62: LOTE 2 HERRAMIENTAS Y EQUIPOS AGROPECUARIOS
A63: 62 | B63: Bandejas en aluminio troqueladas medidas 45*65 | C63: Paquete x 12 unidades | D63: 1 | E63: =G63/(1+F63) -> 595587.39 | F63: 0.19 | G63: ='PRESUPUESTO MATRIZ DE INVERSIÓN'!G12 -> 708749 | H63: =D63*G63 -> 708749 | I63: URABA | J63: MUTATA | L63: AGROINDUSTRIA YUCA | M63: ASCAMPA. ASOCIACION CAMPESINA DE PRODUCTORES AGROPECUARIOS DE PAVARANDOCITO | N63: 9012246894 | O63: GUSTAVO ORTEGA | P63: 3113606499 | Q63: ascampam@gmail.com | R63: LOTE 2 HERRAMIENTAS Y EQUIPOS AGROPECUARIOS
A64: 63 | B64: ALIMENTO PECUARIO COMPLETO PARA PECES DE 38-45% PROTEÍNA | C64: BULTOS x40 Kg | D64: 2 | E64: =G64/(1+F64) -> 280074.29 | F64: 0.05 | G64: ='PRESUPUESTO MATRIZ DE INVERSIÓN'!G10 -> 294078 | H64: =D64*G64 -> 588156 | I64: URABA | J64: TURBO | K64: VEREDA CLAUDIA MARIA CORREGIMIENTO EL TRES | L64: PISCICULTURA | M64: APAVECMA. ASOCIACION DE PESCADORES ARTESANALES DE LA VEREDA CLAUDIA MARIA | N64: 9001503532 | O64: ROMÁN BERRIO GUERRERO | P64: 3122356355 | R64: LOTE 1 INSUMOS AGROPECUARIOS
A65: 64 | B65: ALIMENTO PECUARIO COMPLETO PARA PECES DE 25 -25% PROTEÍNA | C65: BULTOS x40 Kg | D65: 3 | E65: =G65/(1+F65) -> 246828.57 | F65: 0.05 | G65: ='PRESUPUESTO MATRIZ DE INVERSIÓN'!G8 -> 259170 | H65: =D65*G65 -> 777510 | I65: URABA | J65: TURBO | K65: VEREDA CLAUDIA MARIA CORREGIMIENTO EL TRES | L65: PISCICULTURA | M65: APAVECMA. ASOCIACION DE PESCADORES ARTESANALES DE LA VEREDA CLAUDIA MARIA | N65: 9001503532 | O65: ROMÁN BERRIO GUERRERO | P65: 3122356355 | R65: LOTE 1 INSUMOS AGROPECUARIOS
A66: 65 | B66: ALIMENTO PECUARIO COMPLETO PARA PECES DE 34% PROTEÍNA | C66: BULTOS x40 Kg | D66: 3 | E66: =G66/(1+F66) -> 199477.14 | F66: 0.05 | G66: ='PRESUPUESTO MATRIZ DE INVERSIÓN'!G9 -> 209451 | H66: =D66*G66 -> 628353 | I66: URABA | J66: TURBO | K66: VEREDA CLAUDIA MARIA CORREGIMIENTO EL TRES | L66: PISCICULTURA | M66: APAVECMA. ASOCIACION DE PESCADORES ARTESANALES DE LA VEREDA CLAUDIA MARIA | N66: 9001503532 | O66: ROMÁN BERRIO GUERRERO | P66: 3122356355 | R66: LOTE 1 INSUMOS AGROPECUARIOS
A67: 66 | B67: FERTILIZANTE UREA | C67: Bulto x 50 kg | D67: 2 | E67: =G67/(1+F67) -> 250707 | F67: 0 | G67: ='PRESUPUESTO MATRIZ DE INVERSIÓN'!G54 -> 250707 | H67: =D67*G67 -> 501414 | I67: URABA | J67: SAN PEDRO DE URABA | L67: AVICULTURA | M67: AMUVICPROES. ASOCIACION DE MUJERES VICTIMAS DEL CONFLICTO PROGRESO Y ESPERANZA | N67: 901553426-5 | O67: YUDIS MARIA CONTRARAS ARCIA | P67: 3226662398 | Q67: amuvicproes@hotmail.com; contrerasyudismaria@gmail.com | R67: LOTE 1 INSUMOS AGROPECUARIOS
A68: 67 | B68: MELAZA | C68: Bulto x 30 Kg | D68: 4 | E68: =G68/(1+F68) -> 72537.143 | F68: 0.05 | G68: ='PRESUPUESTO MATRIZ DE INVERSIÓN'!G81 -> 76164 | H68: =D68*G68 -> 304656 | I68: URABA | J68: SAN PEDRO DE URABA | L68: AVICULTURA | M68: AMUVICPROES. ASOCIACION DE MUJERES VICTIMAS DEL CONFLICTO PROGRESO Y ESPERANZA | N68: 901553426-5 | O68: YUDIS MARIA CONTRARAS ARCIA | P68: 3226662398 | Q68: amuvicproes@hotmail.com; contrerasyudismaria@gmail.com | R68: LOTE 1 INSUMOS AGROPECUARIOS
A69: 68 | B69: CONCENTRADO PONEDORA - ALIMENTO FASE POSTURA - ALIMENTO CONCENTRADO PARA GALLINAS PONEDORAS CON HUMEDAD MAXIMA DEL 13% PROTEINA MINIMA DEL 17 - 18% GRASA MINIMA 4%, FIBRA MAXIMA 6%, CENIZA MAXIMA 15%, CALCIO MINIMO 3,6%, FOSFORO MINIMO 0,45%. | C69: Bulto x 40 kg | D69: 4 | E69: =G69/(1+F69) -> 174291.43 | F69: 0.05 | G69: ='PRESUPUESTO MATRIZ DE INVERSIÓN'!G40 -> 183006 | H69: =D69*G69 -> 732024 | I69: URABA | J69: SAN PEDRO DE URABA | L69: AVICULTURA | M69: AMUVICPROES. ASOCIACION DE MUJERES VICTIMAS DEL CONFLICTO PROGRESO Y ESPERANZA | N69: 901553426-5 | O69: YUDIS MARIA CONTRARAS ARCIA | P69: 3226662398 | Q69: amuvicproes@hotmail.com; contrerasyudismaria@gmail.com | R69: LOTE 1 INSUMOS AGROPECUARIOS
A70: 69 | B70: FUMIGADORA DE ESPALDA MANUAL. Características Capacidad del Tanque: 20l : 5.28 gl Sistema de Inyección y Presión: Presión Hidráulica. Pistón y Camara Externos. Capacidad de la Cámara: 1 l, probada en fábrica a 300 psi. Presión de Trabajo: 43 psi +/- 10% Rango de Presión: 1 - 13.79 bar / 14.7 - 200 psi. Palancazos Por Minuto : 10 Con una Boquilla de 600 c/min. Peso Neto : 5,73 kg / 12,63 lb | C70: Unidad | D70: 1 | E70: =G70/(1+F70) -> 473506.67 | F70: 0.05 | G70: ='PRESUPUESTO MATRIZ DE INVERSIÓN'!G57 -> 497182 | H70: =D70*G70 -> 497182 | I70: URABA | J70: SAN PEDRO DE URABA | L70: AVICULTURA | M70: AMUVICPROES. ASOCIACION DE MUJERES VICTIMAS DEL CONFLICTO PROGRESO Y ESPERANZA | N70: 901553426-5 | O70: YUDIS MARIA CONTRARAS ARCIA | P70: 3226662398 | Q70: amuvicproes@hotmail.com; contrerasyudismaria@gmail.com | R70: LOTE 2 HERRAMIENTAS Y EQUIPOS AGROPECUARIOS
A71: 70 | B71: FERTILIZANTE MICORRIZAS | C71: Bulto x 50 kg | D71: 10 | E71: =G71/(1+F71) -> 199931 | F71: 0 | G71: ='PRESUPUESTO MATRIZ DE INVERSIÓN'!G53 -> 199931 | H71: =D71*G71 -> 1999310 | I71: URABA | J71: MUTATA | K71: PAVARANDO | L71: YUCA | M71: AGRITRIUNFO. ASOCIACIÓN DE AGRICULTORES EL TRIUNFO | N71: 9013049140 | O71: ELVER LEON | P71: 3207482437 | Q71: agritriunfo@gmail.com | R71: LOTE 1 INSUMOS AGROPECUARIOS
A72: 71 | B72: ALAMBRE DULCE GALVANIZADO, CALIBRE 12 | C72: Rollo | D72: 3 | E72: =G72/(1+F72) -> 306683.19 | F72: 0.19 | G72: ='PRESUPUESTO MATRIZ DE INVERSIÓN'!G5 -> 364953 | H72: =D72*G72 -> 1094859 | I72: URABA | J72: TURBO | K72: SAN JOSE DE MULATOS | L72: MARACUYA | M72: ASOJOM. ASOCIACION AGROPECUARIA SAN JOSE DE MULATOS | N72: 9008885813 | O72: ELBERTO DE JESUS LOPEZ CAVADIA | P72: 3215772999 - 3155918266 | R72: LOTE 2 HERRAMIENTAS Y EQUIPOS AGROPECUARIOS
A73: 72 | B73: FERTILIZANTE DAP | C73: Bulto x 50 kg | D73: 1 | E73: =G73/(1+F73) -> 336391 | F73: 0 | G73: ='PRESUPUESTO MATRIZ DE INVERSIÓN'!G51 -> 336391 | H73: =D73*G73 -> 336391 | I73: URABA | J73: TURBO | K73: SAN JOSE DE MULATOS | L73: MARACUYA | M73: ASOJOM. ASOCIACION AGROPECUARIA SAN JOSE DE MULATOS | N73: 9008885813 | O73: ELBERTO DE JESUS LOPEZ CAVADIA | P73: 3215772999 - 3155918266 | R73: LOTE 1 INSUMOS AGROPECUARIOS
A74: 73 | B74: BOLSAS DE POLIETILENO NEGRAS CON FUELLE PARA SEMILLERO, DE 10 X 15 CM, CALIBRE 2 | C74: Paquete x 100 unidades | D74: 19 | E74: =G74/(1+F74) -> 7378.1513 | F74: 0.19 | G74: ='PRESUPUESTO MATRIZ DE INVERSIÓN'!G19 -> 8780 | H74: =D74*G74 -> 166820 | I74: URABA | J74: TURBO | K74: SAN JOSE DE MULATOS | L74: MARACUYA | M74: ASOJOM. ASOCIACION AGROPECUARIA SAN JOSE DE MULATOS | N74: 9008885813 | O74: ELBERTO DE JESUS LOPEZ CAVADIA | P74: 3215772999 - 3155918266 | R74: LOTE 2 HERRAMIENTAS Y EQUIPOS AGROPECUARIOS
A75: 74 | B75: FERTILIZANTE MICORRIZAS | C75: Bulto x 50 kg | D75: 2 | E75: =G75/(1+F75) -> 199931 | F75: 0 | G75: ='PRESUPUESTO MATRIZ DE INVERSIÓN'!G53 -> 199931 | H75: =D75*G75 -> 399862 | I75: URABA | J75: TURBO | K75: SAN JOSE DE MULATOS | L75: MARACUYA | M75: ASOJOM. ASOCIACION AGROPECUARIA SAN JOSE DE MULATOS | N75: 9008885813 | O75: ELBERTO DE JESUS LOPEZ CAVADIA | P75: 3215772999 - 3155918266 | R75: LOTE 1 INSUMOS AGROPECUARIOS
A76: 75 | B76: MOLINO INDUSTRIAL. Molinos CORONA con motor eléctrico, muele toda clase de granos secos como mojados. Producción de hasta 30 kilos por hora dependiendo del grano, estructura de metal, hierro dulce, tolva en acero inoxidable. *Tolva en acero inoxidable * Plato salida de producto acero * Molino corona * Motor de 1 hp de fuerza * Pintura electroestática * 2 bandejas plásticas * Doble rodamiento * Interruptor de encendido * Modelo 2021 | C76: Unidad | D76: 1 | E76: =G76/(1+F76) -> 1680088.2 | F76: 0.19 | G76: ='PRESUPUESTO MATRIZ DE INVERSIÓN'!G88 -> 1999305 | H76: =D76*G76 -> 1999305 | I76: URABA | J76: CAREPA | K76: PIEDRAS BLANCAS | L76: AGROINDUSTRIA CACAO | M76: ASOCIACION MUJERES CAMPESINAS FLOR SILVESTRE | N76: 9001878218 | O76: MARGOT ESCOBAR | P76: 3217690814 | R76: LOTE 2 HERRAMIENTAS Y EQUIPOS AGROPECUARIOS
A77: 76 | B77: MOLDES DE POLICARBONATO PARA CHOCOLATERIA Molde en policarbonato para Chocolate de Mesa Una barra por 180 gramos (250 cc) aprox. con 10 divisiones. su material de fabricado en policarbonato proporciona alta resistencia en su utilizacion, además de aportar mayor brillo a la cobertura de chocolate. Tamaño del molde 27.5 cm largo x 13.5 cm ancho x 2.5 cm alto Tamaño cavidad 1, 5 a 2 cm profundidad | C77: Unidad | D77: 7 | E77: =G77/(1+F77) -> 30224.37 | F77: 0.19 | G77: ='PRESUPUESTO MATRIZ DE INVERSIÓN'!G86 -> 35967 | H77: =D77*G77 -> 251769 | I77: URABA | J77: CAREPA | K77: PIEDRAS BLANCAS | L77: AGROINDUSTRIA CACAO | M77: ASOCIACION MUJERES CAMPESINAS FLOR SILVESTRE | N77: 9001878218 | O77: MARGOT ESCOBAR | P77: 3217690814 | R77: LOTE 2 HERRAMIENTAS Y EQUIPOS AGROPECUARIOS
A78: 77 | B78: REFRIGERADOR -CONGELADOR CON CAPACIDAD DE 200 LITROS MARCA ELECTROLUX, NO FROST | C78: Unidad | D78: 1 | E78: =G78/(1+F78) -> 1687647.1 | F78: 0.19 | G78: ='PRESUPUESTO MATRIZ DE INVERSIÓN'!G41 -> 2008300 | H78: =D78*G78 -> 2008300 | I78: URABA | J78: TURBO | L78: AGROINDUSTRIA FRUTAS | M78: FRUDESH. FRUTAS DESHIDRATADAS DE URABA | N78: 901585552-2 | O78: JUAN CARLOS GAVIRIA | P78: 3008057991 | R78: LOTE 2 HERRAMIENTAS Y EQUIPOS AGROPECUARIOS
A79: 78 | B79: FERTILIZANTE MICORRIZAS | C79: Bulto x 50 kg | D79: 10 | E79: =G79/(1+F79) -> 199931 | F79: 0 | G79: ='PRESUPUESTO MATRIZ DE INVERSIÓN'!G53 -> 199931 | H79: =D79*G79 -> 1999310 | I79: URABA | J79: TURBO | L79: PLATANO | M79: ASOCEVASI. ASOCIACIÓN CAMPESINA EMPRENDEDORA VICTIMAS AGRICOLAS DEL SINAI | N79: 901644192-8 | O79: CESAR DIAZ TARRAZ | P79: 3173039731 | R79: LOTE 1 INSUMOS AGROPECUARIOS
A80: 79 | B80: Zaranda manual para panela pulverizada malla 12 en alambre inoxidable de 0.45 x 0.70 x 0.15 mts | C80: Unidad | D80: 1 | E80: =G80/(1+F80) -> 617894.96 | F80: 0.19 | G80: ='PRESUPUESTO MATRIZ DE INVERSIÓN'!G108 -> 735295 | H80: =D80*G80 -> 735295 | I80: NORTE | J80: ITUANGO | K80: SANTA RITA | L80: CAÑA-PANELA | M80: ASOCIACION DE PANELEROS DE SANTA RITA | N80: 9009308168 | O80: LUIS EDUARDO GARCIA GARCIA | P80: 3136636913 | R80: LOTE 2 HERRAMIENTAS Y EQUIPOS AGROPECUARIOS
A81: 80 | B81: REMELLONES EN ACERO INOXIDABLE 304 PARA TRASVASAR JUGO DE CAÑA | C81: Unidad | D81: 3 | E81: =G81/(1+F81) -> 326511.76 | F81: 0.19 | G81: ='PRESUPUESTO MATRIZ DE INVERSIÓN'!G99 -> 388549 | H81: =D81*G81 -> 1165647 | I81: NORTE | J81: ITUANGO | K81: SANTA RITA | L81: CAÑA-PANELA | M81: ASOCIACION DE PANELEROS DE SANTA RITA | N81: 9009308168 | O81: LUIS EDUARDO GARCIA GARCIA | P81: 3136636913 | R81: LOTE 2 HERRAMIENTAS Y EQUIPOS AGROPECUARIOS
A82: 81 | B82: Remellon inoxidable sin cabo | C82: Unidad | D82: 1 | E82: =G82/(1+F82) -> 109243.7 | F82: 0.19 | G82: ='PRESUPUESTO MATRIZ DE INVERSIÓN'!G100 -> 130000 | H82: =D82*G82 -> 130000 | I82: NORTE | J82: ITUANGO | K82: SANTA RITA | L82: CAÑA-PANELA | M82: ASOCIACION DE PANELEROS DE SANTA RITA | N82: 9009308168 | O82: LUIS EDUARDO GARCIA GARCIA | P82: 3136636913 | R82: LOTE 2 HERRAMIENTAS Y EQUIPOS AGROPECUARIOS | S82: =219000/40 -> 5475
A83: 82 | B83: Freidora de Aceite Electrica 2 Tanques Cada Tanque 5.5 L Comercial Modelo 2 TANQUES CADA TANQUE 5.5LT. Fuller Machinery Código 583797 | C83: Unidad | D83: 1 | E83: =G83/(1+F83) -> 1267003.4 | F83: 0.19 | G83: ='PRESUPUESTO MATRIZ DE INVERSIÓN'!G109 -> 1507734 | H83: =D83*G83 -> 1507734 | I83: NORTE | J83: ITUANGO | L83: PLATANO | M83: MUJERES IDEALES | N83: 8110217371 | O83: LUIS EDUARDO GARCIA GARCIA | P83: 3136636913 | R83: LOTE 2 HERRAMIENTAS Y EQUIPOS AGROPECUARIOS
A84: 83 | B84: Procesadora / Cortadora / Rallador de Alimentos 3 en 1 | C84: Unidad | D84: 2 | E84: =G84/(1+F84) -> 199054.62 | F84: 0.19 | G84: ='PRESUPUESTO MATRIZ DE INVERSIÓN'!G96 -> 236875 | H84: =D84*G84 -> 473750 | I84: NORTE | J84: ITUANGO | L84: PLATANO | M84: MUJERES IDEALES | N84: 8110217371 | O84: LUZ MYRIAM MAZO ORTIZ | P84: 3122347112 | R84: LOTE 2 HERRAMIENTAS Y EQUIPOS AGROPECUARIOS
A85: 84 | B85: OVEROL APICOLA TIPO AMERICANO : DESCRIPCION : Overol drill super 8 con visor para apiculturaura: A. Cuello: Tipo Militar, B. Manga: Larga, C. Puño:Resortado, D Bolsillos: Seis bolsillos. Parte superior (Pecho): dos bolsillos con cremallera, Parte inferior (Pantalón): dos bolsillos en el frente con cremallera y dos traseros sin cremallera, E. Bota: Resortada, F. Tipo de costura: Triple, G.Tipo de cierre: Cremallera plástica de doble sleider. H. Visor: En angeo, adherido al overol por medio de cremallera y velcro Color: Blanco o Cafe. Talla M, L y XL | C85: Unidad | D85: 2 | E85: =G85/(1+F85) -> 311127.73 | F85: 0.19 | G85: ='PRESUPUESTO MATRIZ DE INVERSIÓN'!G90 -> 370242 | H85: =D85*G85 -> 740484 | I85: OCCIDENTE | J85: BURITICA | K85: LOS ARADOS | L85: APICULTURA | M85: ASOCIACION APICOLA LA RESERVA | N85: 901422243-2 | O85: LIBANIEL PRESIGA TANGARIFE | P85: 3122540972 | R85: LOTE 2 HERRAMIENTAS Y EQUIPOS AGROPECUARIOS
A86: 85 | B86: PARES DE GUANTES APICULTURA (Color Amarillo o Blanco, Longitud total: Aprox. 52cm / 20,47 pulgadas, CON EXTENSION EN DRILL REFORZADO) | C86: Unidad par | D86: 2 | E86: =G86/(1+F86) -> 88858 | F86: 0 | G86: ='PRESUPUESTO MATRIZ DE INVERSIÓN'!G94 -> 88858 | H86: =D86*G86 -> 177716 | I86: OCCIDENTE | J86: BURITICA | K86: LOS ARADOS | L86: APICULTURA | M86: ASOCIACION APICOLA LA RESERVA | N86: 901422243-2 | O86: LIBANIEL PRESIGA TANGARIFE | P86: 3122540972 | R86: LOTE 2 HERRAMIENTAS Y EQUIPOS AGROPECUARIOS
A87: 86 | B87: Centrifugadora - Herrajes de acero inoxidable, con Caneca Plástica Medidas 90 cms de altura, 49 cms de diámetro, Herrajes en acero inoxidable 304, Canastas con capacidad para centrifugar 3 cuadros de cría o 6 de media alza. Llave envasadora en acero inoxidable en la parte inferior, Peso aproximado 15 kilos | C87: Unidad | D87: 1 | E87: =G87/(1+F87) -> 945378.15 | F87: 0.19 | G87: ='PRESUPUESTO MATRIZ DE INVERSIÓN'!G38 -> 1125000 | H87: =D87*G87 -> 1125000 | I87: OCCIDENTE | J87: BURITICA | K87: LOS ARADOS | L87: APICULTURA | M87: ASOCIACION APICOLA LA RESERVA | N87: 901422243-2 | O87: LIBANIEL PRESIGA TANGARIFE | P87: 3122540972 | R87: LOTE 2 HERRAMIENTAS Y EQUIPOS AGROPECUARIOS
A88: 87 | B88: CABUYA COSECHERA VERDE REF. 6X1X1500 METROS | C88: Rollo x 1500 m | D88: 15 | E88: =G88/(1+F88) -> 40891.597 | F88: 0.19 | G88: ='PRESUPUESTO MATRIZ DE INVERSIÓN'!G21 -> 48661 | H88: =D88*G88 -> 729915 | I88: OCCIDENTE | J88: PEQUE | L88: FRIJOL | M88: ASOFRIPE. ASOCIACIÓN DE FRIJOLEROS DEL MUNICIPIO DE PEQUE | N88: 9011635213 | O88: YOANY VERA REPRESENTANTE LEGAL | P88: 3206862250 | R88: LOTE 2 HERRAMIENTAS Y EQUIPOS AGROPECUARIOS
A89: 88 | B89: CANASTO RECOLECTOR CANASTA EN POLIETILENO DE ALTA DENSIDAD 100% VIRGEN, ERGONICOMO, CON UV PROTECCIÓN RAYOS ULTAVIOLETA PARA RECOLECCIÓN DE CAFÉ Y FRUTOS. | C89: Unidad | D89: 16 | E89: =G89/(1+F89) -> 48002.521 | F89: 0.19 | G89: ='PRESUPUESTO MATRIZ DE INVERSIÓN'!G31 -> 57123 | H89: =D89*G89 -> 913968 | I89: OCCIDENTE | J89: PEQUE | L89: FRIJOL | M89: ASOFRIPE. ASOCIACIÓN DE FRIJOLEROS DEL MUNICIPIO DE PEQUE | N89: 9011635213 | O89: YOANY VERA REPRESENTANTE LEGAL | P89: 3206862250 | R89: LOTE 2 HERRAMIENTAS Y EQUIPOS AGROPECUARIOS
A90: 89 | B90: MACHETE BARRICON 18 PULG. - Caracteristicas - Espesor: 1,8 mm .Longitud: 18" .Acabado: Pulido. | C90: Unidad | D90: 13 | E90: =G90/(1+F90) -> 24001.681 | F90: 0.19 | G90: ='PRESUPUESTO MATRIZ DE INVERSIÓN'!G76 -> 28562 | H90: =D90*G90 -> 371306 | I90: OCCIDENTE | J90: PEQUE | L90: FRIJOL | M90: ASOFRIPE. ASOCIACIÓN DE FRIJOLEROS DEL MUNICIPIO DE PEQUE | N90: 9011635213 | O90: YOANY VERA REPRESENTANTE LEGAL | P90: 3206862250 | R90: LOTE 2 HERRAMIENTAS Y EQUIPOS AGROPECUARIOS
A91: 90 | B91: BASCULA DIGITAL INALAMBRICA INDUSTRIAL CAPACIDAD 150 KG - Capacidad: 150kg, División: 20g, Unidades de peso: lb y Kg - Batería interna recargable de 12V y autonomía de 8horas - Dimensión plataforma: 30 x 40 (150 kg) - Display: LCD - Display de tres pantallas con 7 dígitos cada uno - Función Indicador: Liquidador - Sistema de Tara para disminuir recipientes | C91: Unidad | D91: 1 | E91: =G91/(1+F91) -> 403221.85 | F91: 0.19 | G91: ='PRESUPUESTO MATRIZ DE INVERSIÓN'!G13 -> 479834 | H91: =D91*G91 -> 479834 | I91: OCCIDENTE | J91: BURITICA | L91: AGUACATE | M91: ASOPABU. ASOCIACION DE PRODUCTORES DE AGUACATE DE BURITICA | N91: 901205116 | O91: CARLOS HIGUITA | P91: 3007900260 | R91: LOTE 2 HERRAMIENTAS Y EQUIPOS AGROPECUARIOS
A92: 91 | B92: CANASTILLAS FRUVER PLASTICA DE 60x40x25 | C92: Unidad | D92: 37 | E92: =G92/(1+F92) -> 34921.008 | F92: 0.19 | G92: ='PRESUPUESTO MATRIZ DE INVERSIÓN'!G29 -> 41556 | H92: =D92*G92 -> 1537572 | I92: OCCIDENTE | J92: BURITICA | L92: AGUACATE | M92: ASOPABU. ASOCIACION DE PRODUCTORES DE AGUACATE DE BURITICA | N92: 901205116 | O92: CARLOS HIGUITA | P92: 3007900260 | R92: LOTE 2 HERRAMIENTAS Y EQUIPOS AGROPECUARIOS
A93: 92 | B93: Desgajadora,desjarretadora para platano y Banano | C93: Unidad | D93: 1 | E93: =G93/(1+F93) -> 293348.74 | F93: 0.19 | G93: ='PRESUPUESTO MATRIZ DE INVERSIÓN'!G43 -> 349085 | H93: =D93*G93 -> 349085 | I93: OCCIDENTE | J93: EBEJICO | L93: PLATANO | M93: ASOPPAE. ASOCIACION DE PRODUCTORES DE PLATANO DEL MUNICIPIO DE EBEJICO | N93: 900793392-9 | O93: Jairo Berrio Pineda | P93: 3146788023 | R93: LOTE 2 HERRAMIENTAS Y EQUIPOS AGROPECUARIOS
A94: 93 | B94: Gurbia de desmane para platano. Herramienta de metal en forma de curva empleada para hacer cortes. | C94: Unidad | D94: 2 | E94: =G94/(1+F94) -> 40891.597 | F94: 0.19 | G94: ='PRESUPUESTO MATRIZ DE INVERSIÓN'!G62 -> 48661 | H94: =D94*G94 -> 97322 | I94: OCCIDENTE | J94: EBEJICO | L94: PLATANO | M94: ASOPPAE. ASOCIACION DE PRODUCTORES DE PLATANO DEL MUNICIPIO DE EBEJICO | N94: 900793392-9 | O94: Jairo Berrio Pineda | P94: 3146788023 | R94: LOTE 2 HERRAMIENTAS Y EQUIPOS AGROPECUARIOS
A95: 94 | B95: BASCULA DIGITAL INALAMBRICA INDUSTRIAL CAPACIDAD 150 KG - Capacidad: 150kg, División: 20g, Unidades de peso: lb y Kg - Batería interna recargable de 12V y autonomía de 8horas - Dimensión plataforma: 30 x 40 (150 kg) - Display: LCD - Display de tres pantallas con 7 dígitos cada uno - Función Indicador: Liquidador - Sistema de Tara para disminuir recipientes | C95: Unidad | D95: 1 | E95: =G95/(1+F95) -> 403221.85 | F95: 0.19 | G95: ='PRESUPUESTO MATRIZ DE INVERSIÓN'!G13 -> 479834 | H95: =D95*G95 -> 479834 | I95: OCCIDENTE | J95: EBEJICO | L95: PLATANO | M95: ASOPPAE. ASOCIACION DE PRODUCTORES DE PLATANO DEL MUNICIPIO DE EBEJICO | N95: 900793392-9 | O95: Jairo Berrio Pineda | P95: 3146788023 | R95: LOTE 2 HERRAMIENTAS Y EQUIPOS AGROPECUARIOS
A96: 95 | B96: Bolsa platanera rollo x 80 metros - Bolsas plásticas para plátano convenientemente plegadas, tipo Lay Flat, de fácil apertura e instalación. - Presentación: Bolsa Cortada. - Bolsa en Rollo (con o sin precorte). Ancho*: 91,44 cm (36 pulgadas). - 94,00 cm (37 pulgadas). Largo*: 140 cm (55,1 pulgadas). - 145 cm (57,1 pulgadas). Espesor*: Desde 0,30 hasta 0,60 milésimas de pulgada. - Perforación: 4 mm. - 6 mm. | C96: Rollo x 80 m | D96: 4 | E96: =G96/(1+F96) -> 81932.773 | F96: 0.19 | G96: ='PRESUPUESTO MATRIZ DE INVERSIÓN'!G18 -> 97500 | H96: =D96*G96 -> 390000 | I96: OCCIDENTE | J96: EBEJICO | L96: PLATANO | M96: ASOPPAE. ASOCIACION DE PRODUCTORES DE PLATANO DEL MUNICIPIO DE EBEJICO | N96: 900793392-9 | O96: Jairo Berrio Pineda | P96: 3146788023 | R96: LOTE 2 HERRAMIENTAS Y EQUIPOS AGROPECUARIOS
A97: 96 | B97: Caneca plastica de 55 galones con tapa para desarrollo de biopreparados | C97: Unidad | D97: 2 | E97: =G97/(1+F97) -> 115562.18 | F97: 0.19 | G97: ='PRESUPUESTO MATRIZ DE INVERSIÓN'!G36 -> 137519 | H97: =D97*G97 -> 275038 | I97: OCCIDENTE | J97: EBEJICO | L97: PLATANO | M97: ASOPPAE. ASOCIACION DE PRODUCTORES DE PLATANO DEL MUNICIPIO DE EBEJICO | N97: 900793392-9 | O97: Jairo Berrio Pineda | P97: 3146788023 | R97: LOTE 2 HERRAMIENTAS Y EQUIPOS AGROPECUARIOS
A98: 97 | B98: FUMIGADORA DE ESPALDA MANUAL. Características Capacidad del Tanque: 20l : 5.28 gl Sistema de Inyección y Presión: Presión Hidráulica. Pistón y Camara Externos. Capacidad de la Cámara: 1 l, probada en fábrica a 300 psi. Presión de Trabajo: 43 psi +/- 10% Rango de Presión: 1 - 13.79 bar / 14.7 - 200 psi. Palancazos Por Minuto : 10 Con una Boquilla de 600 c/min. Peso Neto : 5,73 kg / 12,63 lb | C98: Unidad | D98: 1 | E98: =G98/(1+F98) -> 473506.67 | F98: 0.05 | G98: ='PRESUPUESTO MATRIZ DE INVERSIÓN'!G57 -> 497182 | H98: =D98*G98 -> 497182 | I98: OCCIDENTE | J98: EBEJICO | L98: PLATANO | M98: ASOPPAE. ASOCIACION DE PRODUCTORES DE PLATANO DEL MUNICIPIO DE EBEJICO | N98: 900793392-9 | O98: Jairo Berrio Pineda | P98: 3146788023 | R98: LOTE 2 HERRAMIENTAS Y EQUIPOS AGROPECUARIOS
A99: 98 | B99: MOTOSIERRA STIHL MSE250C 3.1HP COMPLETA (40CMS)ESPADA/CADENA | C99: Unidad | D99: 1 | E99: =G99/(1+F99) -> 1641121 | F99: 0.19 | G99: ='PRESUPUESTO MATRIZ DE INVERSIÓN'!G89 -> 1952934 | H99: =D99*G99 -> 1952934 | I99: OCCIDENTE | J99: EBEJICO | K99: ALTO DE LAS COLES | L99: CACAO | M99: ASOCIACION DE CACAOCULTORES DEL MUNICIPIO DE EBEJICO | N99: 901512670 | O99: JOSE FERNANDO JIMENEZ CARDENAS | P99: 3017483872 | R99: LOTE 2 HERRAMIENTAS Y EQUIPOS AGROPECUARIOS
A100: 99 | B100: BASCULA DIGITAL INALAMBRICA INDUSTRIAL CAPACIDAD 150 KG - Capacidad: 150kg, División: 20g, Unidades de peso: lb y Kg - Batería interna recargable de 12V y autonomía de 8horas - Dimensión plataforma: 30 x 40 (150 kg) - Display: LCD - Display de tres pantallas con 7 dígitos cada uno - Función Indicador: Liquidador - Sistema de Tara para disminuir recipientes | C100: Unidad | D100: 1 | E100: =G100/(1+F100) -> 403221.85 | F100: 0.19 | G100: ='PRESUPUESTO MATRIZ DE INVERSIÓN'!G13 -> 479834 | H100: =D100*G100 -> 479834 | I100: OCCIDENTE | J100: GIRALDO | L100: AGUACATE | M100: ASOPROGIRALDO. ASOCIACION DE PRODUCTORES AGRICOLAS DE GIRALDO | N100: 901613430-3 | O100: ANDRES FELIPE CANO | P100: 3007215267 | R100: LOTE 2 HERRAMIENTAS Y EQUIPOS AGROPECUARIOS
...

Sheet Tabla Dinámica 08052023
A1: NUMERO DE LOTE | B1: (Todas)
A2: CORREO ELECTRONICO | B2: (Todas)
A3: VEREDA/CORREGIMIENTO | B3: (Todas)
A4: ITEM | B4: (Todas)
A5: TELEFONO | B5: (Todas)
A6: SUBREGION | B6: (Todas)
A7: MUNICIPIO | B7: (Todas)
A8: UNIDAD | B8: (Todas)
A9: REPRESENTANTE LEGAL/CONTACTO | B9: (Todas)
A10: CADENA PRODUCTIVA | B10: (Todas)
A11: ORGANIZACIÓN DE PRODUCTORES | B11: (Todas)
A12: NIT | B12: (Todas)
A13: VALOR UNITARIO (INCLUIDO IVA) ($) | B13: (Todas)
A15: Etiquetas de fila | B15: Suma de CANTIDAD | C15: Suma de UNIDAD | D15: Suma de VALOR UNITARIO BRUTO ANTES DE IVA ($) | E15: Suma de IVA (%) | F15: Suma de VALOR UNITARIO (INCLUIDO IVA) ($) | G15: Suma de VALOR TOTAL
A16: ABONO ORGANICO. TIPO GALLINAZA COMPOSTADA. | B16: 68 | C16: 0 | D16: 92034 | E16: 0 | F16: 92034 | G16: 2086104
A17: ACEITE VEGETAL | C17: 0 | D17: 16889.916 | E17: 0.19 | F17: 20099 | G17: 0
A18: Alambre de púas calibre 14. PRESENTACIÓN: Rollos de 400 metros | B18: 1 | C18: 0 | D18: 557363.03 | E18: 0.19 | F18: 663262 | G18: 663262
A19: ALAMBRE DULCE GALVANIZADO, CALIBRE 12 | B19: 3 | C19: 0 | D19: 306683.19 | E19: 0.19 | F19: 364953 | G19: 1094859
A20: Alicate diablo | B20: 1 | C20: 0 | D20: 96716.19 | E20: 0.05 | F20: 101552 | G20: 101552
A21: Alimento concentrado mojarra 30% | B21: 9 | C21: 0 | D21: 198532.38 | E21: 0.05 | F21: 208459 | G21: 1876131
A22: Alimento concentrado mojarra harina 45% | C22: 0 | D22: 234920.95 | E22: 0.05 | F22: 246667 | G22: 0
A23: ALIMENTO PECUARIO COMPLETO PARA PECES DE 25 -25% PROTEÍNA | B23: 3 | C23: 0 | D23: 246828.57 | E23: 0.05 | F23: 259170 | G23: 777510
A24: ALIMENTO PECUARIO COMPLETO PARA PECES DE 34% PROTEÍNA | B24: 3 | C24: 0 | D24: 199477.14 | E24: 0.05 | F24: 209451 | G24: 628353
A25: ALIMENTO PECUARIO COMPLETO PARA PECES DE 38-45% PROTEÍNA | B25: 2 | C25: 0 | D25: 280074.29 | E25: 0.05 | F25: 294078 | G25: 588156
A26: Azadon con cabo | B26: 19 | C26: 0 | D26: 451346.67 | E26: 0.35 | F26: 473914 | G26: 1286338
A27: Bandejas en aluminio troqueladas medidas 45*65 | B27: 1 | C27: 0 | D27: 595587.39 | E27: 0.19 | F27: 708749 | G27: 708749
A28: BASCULA ELECTRONICA PLATAFORMA 50X 40 CM HASTA 300KG | C28: 0 | D28: 693816.81 | E28: 0.19 | F28: 825642 | G28: 0
A29: BASCULA DE PISO. EM10 – BÁSCULA DE PISO (150 KG) D/20 G SEMI INDUSTRIAL Equipo empleado para la verificación del peso de café recibido en el área de compra de café pergamino seco. | C29: 0 | D29: 431689.92 | E29: 0.19 | F29: 513711 | G29: 0
A30: BASCULA DIGITAL INALAMBRICA INDUSTRIAL CAPACIDAD 150 KG - Capacidad: 150kg, División: 20g, Unidades de peso: lb y Kg - Batería interna recargable de 12V y autonomía de 8horas - Dimensión plataforma: 30 x 40 (150 kg) - Display: LCD - Display de tres pantallas con 7 dígitos cada uno - Función Indicador: Liquidador - Sistema de Tara para disminuir recipientes | B30: 3 | C30: 0 | D30: 1209665.5 | E30: 0.57 | F30: 1439502 | G30: 1439502
A31: BATEA PARA ENFRIAMIENTO DE MIEL DE CAÑA FABRICADA EN ACERO INOXIDABLE 316 | B31: 1 | C31: 0 | D31: 1260504.2 | E31: 0.19 | F31: 1500000 | G31: 1500000
A32: BINOCULARES PROFESIONALES 20X50 OBSERVACIÓN DE AVES: Modelo X002B Visión clara: binocular de 20 x 50, con un aumento de 20x, este binocular puede acercar el sujeto 20 veces más, diámetro de lente de 50 mm objeto que permite que pase más luz, y es muy claro para los detalles, incluso si está en condiciones de poca luz.Medidas del producto: alto 17.5 cm, ancho 19 cm, fondo 6 cm. Alcance aproximado entre 700 y 900 metros. Prisma Bak-4 Visión amplia e imagen clara. No tiene visión nocturna. Contenido: 1 Binoculares 20x50 negros, paño limpieza, correa, estuche y manual. | B32: 2 | C32: 0 | D32: 657813.45 | E32: 0.38 | F32: 782798 | G32: 782798
A33: Bolsa Flex up Retropack con zipper tipo frasco 13.3x21 | C33: 0 | D33: 3378.1513 | E33: 0.19 | F33: 4020 | G33: 0
A34: Bolsa Flex up tinta metalizada 14x22 con ventana y zipper | C34: 0 | D34: 3378.1513 | E34: 0.19 | F34: 4020 | G34: 0
A35: Bolsa para vivero Bolsa 8cm x 16cm Cal. 1,5 con fuelle incluido paquete por 100 unidades | B35: 17 | C35: 0 | D35: 4533.6134 | E35: 0.19 | F35: 5395 | G35: 91715
A36: Bolsa para vivero Bolsa x 100 unidades 8x12 con fuelle calibre 1.5 | B36: 384 | C36: 0 | D36: 13600.84 | E36: 0.57 | F36: 16185 | G36: 2071680
A37: Bolsa platanera rollo x 80 metros - Bolsas plásticas para plátano convenientemente plegadas, tipo Lay Flat, de fácil apertura e instalación. - Presentación: Bolsa Cortada. - Bolsa en Rollo (con o sin precorte). Ancho*: 91,44 cm (36 pulgadas). - 94,00 cm (37 pulgadas). Largo*: 140 cm (55,1 pulgadas). - 145 cm (57,1 pulgadas). Espesor*: Desde 0,30 hasta 0,60 milésimas de pulgada. - Perforación: 4 mm. - 6 mm. | B37: 4 | C37: 0 | D37: 81932.773 | E37: 0.19 | F37: 97500 | G37: 390000
A38: BOLSAS DE POLIETILENO NEGRAS CON FUELLE PARA SEMILLERO, DE 10 X 15 CM, CALIBRE 2 | B38: 19 | C38: 0 | D38: 7378.1513 | E38: 0.19 | F38: 8780 | G38: 166820
A39: Bolsas laminacion papel/ petmetalizado/ pebd con zipper en las siguientes medidas 13.3x17 | C39: 0 | D39: 3378.1513 | E39: 0.19 | F39: 4020 | G39: 0
A40: Bolsas laminacion papel/ petmetalizado/ pebd con zipper en las siguientes medidas13.3x21 | C40: 0 | D40: 3378.1513 | E40: 0.19 | F40: 4020 | G40: 0
A41: bultos de cemento gris | B41: 8 | C41: 0 | D41: 43557.983 | E41: 0.19 | F41: 51834 | G41: 414672
A42: CABUYA COSECHERA VERDE REF. 6X1X1500 METROS | B42: 15 | C42: 0 | D42: 40891.597 | E42: 0.19 | F42: 48661 | G42: 729915
A43: CAL AGRÍCOLA, CARBONATO DE CALCIO, ENMIENDA INORGÁNICA DE SUELOS POLVO SECO USO AGRÍCOLA. CALCIO SOLUBLE EN HCL (CaO 48%). Presentación de Bulto por 50 kilogramos. | B43: 30 | C43: 0 | D43: 57124 | E43: 0 | F43: 57124 | G43: 856860
A44: CAL DOLOMITA 16% ENMIENDA INORGÁNICA DE SUELOS POLVO SECO USO AGRÍCOLA. CALCIO SOLUBLE EN HCl (CaCO3 36%), MAGNESIO SOLUBLE EN HCl (MgO 16%). Presentación de Bulto por 50 kilogramos. | B44: 20 | C44: 0 | D44: 31295 | E44: 0 | F44: 31295 | G44: 625900
A45: CAL DOLOMITA ACONDICIONADOR INORGÁNICO DE SUELOS, EN POLVO SECO, PARA USO AGRÍCOLA PARA SU ENMIENDA SACO DE POLIPROPILENO CON BOLSA INTERIOR Y LICENCIA ICA. CaO 31% y 12% de MgO | B45: 5 | C45: 0 | D45: 65586 | E45: 0 | F45: 65586 | G45: 163965
A46: CAL TRIPLE 30 | B46: 17 | C46: 0 | D46: 80396 | E46: 0 | F46: 80396 | G46: 683366
A47: CAL TRIPLE 30 MENORES | B47: 20 | C47: 0 | D47: 40198 | E47: 0 | F47: 40198 | G47: 803960
A48: CAMPING: Camping para4 personas. Tipo IGLU. Disponibles para 3 y 6 personas. Facil y rapida de armar. Super liviana y ligera para llevar a cualquir parte. Material impermeable ideal para la lluvia y la nieve. Medidas 2 mts. x 2 mts. x 1,40 mts. | B48: 4 | C48: 0 | D48: 494537.82 | E48: 0.38 | F48: 588500 | G48: 1177000
A49: Canastas plasticas para el transporte de material vegetal (plantulas) | B49: 13 | C49: 0 | D49: 117341.18 | E49: 0.76 | F49: 139636 | G49: 453817
A50: CANASTILLAS FRUVER PLASTICA DE 60x40x25 | B50: 43 | C50: 0 | D50: 104763.03 | E50: 0.57 | F50: 124668 | G50: 1786908
A51: CANASTO RECOLECTOR CANASTA EN POLIETILENO DE ALTA DENSIDAD 100% VIRGEN, ERGONICOMO, CON UV PROTECCIÓN RAYOS ULTAVIOLETA PARA RECOLECCIÓN DE CAFÉ Y FRUTOS. | B51: 16 | C51: 0 | D51: 48002.521 | E51: 0.19 | F51: 57123 | G51: 913968
A52: caneca de plastico de 30 galones | B52: 6 | C52: 0 | D52: 106672.27 | E52: 0.19 | F52: 126940 | G52: 761640
... A56: Carretilla de platon metalico | B56: 6 | C56: 0 | D56: 2631253.8 | E56: 1.52 | F56: 3131192 | G56: 2348394
A57: Carretilla zorra de carga. Equipo que facilita el transporte interno de materias primas, producto en proceso, producto terminado, envases, instrumentos, entre otros. Carretilla zorra plana 8" metálica para trabajo pesado. | C57: 0 | D57: 360994.96 | E57: 0.19 | F57: 429584 | G57: 0
A58: Centrifugadora - Herrajes de acero inoxidable, con Caneca Plástica Medidas 90 cms de altura, 49 cms de diámetro, Herrajes en acero inoxidable 304, Canastas con capacidad para centrifugar 3 cuadros de cría o 6 de media alza. Llave envasadora en acero inoxidable en la parte inferior, Peso aproximado 15 kilos | B58: 1 | C58: 0 | D58: 945378.15 | E58: 0.19 | F58: 1125000 | G58: 1125000
A59: CINTA PARA INJERTAR Cinta de injertar (color segun el requerimiento) en baja densidad calibre 1,50 de 10 pulgadas y 40 cm de ancho. PRESENTACIÓN: ROLLO POR 100 METROS | B59: 1 | C59: 0 | D59: 64892.437 | E59: 0.19 | F59: 77222 | G59: 77222
A60: CONCENTRADO PONEDORA - ALIMENTO FASE POSTURA - ALIMENTO CONCENTRADO PARA GALLINAS PONEDORAS CON HUMEDAD MAXIMA DEL 13% PROTEINA MINIMA DEL 17 - 18% GRASA MINIMA 4%, FIBRA MAXIMA 6%, CENIZA MAXIMA 15%, CALCIO MINIMO 3,6%, FOSFORO MINIMO 0,45%. | B60: 4 | C60: 0 | D60: 174291.43 | E60: 0.05 | F60: 183006 | G60: 732024
A61: Cubetas para germinacion de plantulas | B61: 41 | C61: 0 | D61: 15112.605 | E61: 0.19 | F61: 17984 | G61: 737344
A62: Cuchillo papero 17 cm mango plástico y madera | C62: 0 | D62: 14653.782 | E62: 0.19 | F62: 17438 | G62: 0
A63: Desgajadora,desjarretadora para platano y Banano | B63: 1 | C63: 0 | D63: 293348.74 | E63: 0.19 | F63: 349085 | G63: 349085
A64: Deshidratador De Alimentos Industrial Acero de 6 a 8 Bandejas Control de tiempo y temperatura: el rango de tiempo es de 0 a 24 horas, el temporizador se apagará automáticamente cuando termines, y el rango de temperatura es de 20 a 90 cGran capacidad: pies grandes de espacio de secado, con 8 bandejas, cada bandeja es de 9.843 x 9.843 | B64: 1 | C64: 0 | D64: 1405616 | E64: 0.19 | F64: 1672683 | G64: 1672683
A65: Deshojadora bananera | B65: 6 | C65: 0 | D65: 46847.619 | E65: 0.05 | F65: 49190 | G65: 295140
A66: Empaque 16 onzas + Tapa | C66: 0 | D66: 693.27731 | E66: 0.19 | F66: 825 | G66: 0
A67: Empaque 5 onzas + Tapa | C67: 0 | D67: 622.68908 | E67: 0.19 | F67: 741 | G67: 0
A68: ESPATULAS PARA BATIDO DE MIEL DE CAÑA FABRICADA EN ACERO INOXIDABLE 316 | B68: 1 | C68: 0 | D68: 158231.09 | E68: 0.19 | F68: 188295 | G68: 188295
A69: Fertilizante Abotek 15-4-23+4MgO+2S+0.1B+0.1Zn | B69: 3 | C69: 0 | D69: 322640 | E69: 0 | F69: 322640 | G69: 967920
A70: FERTILIZANTE COMPUESTO 10-30-10 | B70: 4 | C70: 0 | D70: 698170 | E70: 0 | F70: 698170 | G70: 1396340
A71: FERTILIZANTE COMPUESTO 15-15-15 | B71: 9 | C71: 0 | D71: 990132 | E71: 0 | F71: 990132 | G71: 2970396
A72: FERTILIZANTE DAP | B72: 4 | C72: 0 | D72: 672782 | E72: 0 | F72: 672782 | G72: 1345564
A73: FERTILIZANTE FOLIAR (POLIQUEL MAGNESIO) Liquido soluble. COMPOSICIÓN GARANTIZADA Nitrógeno Total (N-total) 38.0 Nitrógeno Orgánico (N-orgánico) 38.0 Azufre Total (S) 53.0 Magnesio Total (MgO) 64.0 Carbón Orgánico Oxidable Total (COOT) 73.7 Aminoácidos libres (1) 239 Aminoácidos: Alanina; Arginina; Acido Aspártico; Acido Glutámico; Glicina; Histidina; Isoleucina; Leucina; Lisina; Metionina; Fenilalanina; Prolina; Serina; Treonina y Valina. Enterobacterias < 10 UFC/G Salmonella sp Ausencia / 25 ml. Registro ICA vigente. Fecha de expiración en el momento de entrega superior a un año. | B73: 2 | C73: 0 | D73: 94148 | E73: 0 | F73: 94148 | G73: 188296
A74: FERTILIZANTE MICORRIZAS | B74: 22 | C74: 0 | D74: 599793 | E74: 0 | F74: 599793 | G74: 4398482
A75: FERTILIZANTE UREA | B75: 2 | C75: 0 | D75: 250707 | E75: 0 | F75: 250707 | G75: 501414
A76: FRASCO DE PLASTICO ESTERIL PARA RECOLECTAR MUESTRAS DE LECHE CON CAPACIDAD DE 30 ML | C76: 0 | D76: 21601.681 | E76: 0.19 | F76: 25706 | G76: 0
A77: FUMIGADORA A MOTOR DE ESPALDA | B77: 1 | C77: 0 | D77: 1799537.1 | E77: 0.05 | F77: 1889514 | G77: 1889514
A78: Fumigadora de espalda manual 10 litros, polietileno de alta densidad. Valvula de seguridad liberadora de presion con niveles de alerta. Manija /embolo: porta lanza, ergonomica, resistenre de facil sujeccion. viene con boquilla de cono hueco 470cc/min | B78: 7 | C78: 0 | D78: 2066306.7 | E78: 0.35 | F78: 2169622 | G78: 2169622
A79: FUMIGADORA DE ESPALDA MANUAL. Características Capacidad del Tanque: 20l : 5.28 gl Sistema de Inyección y Presión: Presión Hidráulica. Pistón y Camara Externos. Capacidad de la Cámara: 1 l, probada en fábrica a 300 psi. Presión de Trabajo: 43 psi +/- 10% Rango de Presión: 1 - 13.79 bar / 14.7 - 200 psi. Palancazos Por Minuto : 10 Con una Boquilla de 600 c/min. Peso Neto : 5,73 kg / 12,63 lb | B79: 3 | C79: 0 | D79: 1894026.7 | E79: 0.2 | F79: 1988728 | G79: 1491546
A80: Fumigadora Matabi de 1 Litro- Fumigadora de compresión con capacidad de trabajo de 1 litro, depósito ergonómico y traslúcido para ver el nivel del líquido | B80: 15 | C80: 0 | D80: 47351.429 | E80: 0.05 | F80: 49719 | G80: 745785
A81: GAVERAS DE 8/4 POR 22 KL | B81: 3 | C81: 0 | D81: 65781.513 | E81: 0.19 | F81: 78280 | G81: 234840
A82: GORRO O COFIA | B82: 1 | C82: 0 | D82: 92450.42 | E82: 0.38 | F82: 110016 | G82: 55008
A83: Grapa galvanizada para cerca. Caja x 1 Kilogramo | B83: 2 | C83: 0 | D83: 18668.067 | E83: 0.19 | F83: 22215 | G83: 44430
A84: Gurbia de desmane para platano. Herramienta de metal en forma de curva empleada para hacer cortes. | B84: 2 | C84: 0 | D84: 40891.597 | E84: 0.19 | F84: 48661 | G84: 97322
A85: hojas de eternit #8 | B85: 8 | C85: 0 | D85: 60892.437 | E85: 0.19 | F85: 72462 | G85: 579696
A86: Horno para panaderia elaborado en acero inoxidable, 3 camaras de horneo, funcionamiento a gas. | B86: 1 | C86: 0 | D86: 917647.06 | E86: 0.19 | F86: 1092000 | G86: 1092000
A87: Insecticida agrícola Cipermetrina (RS)-alfa-ciano-3-fenoxibencil-(1RS)-cis,trans-3-(2,2-diclorovinil)-2,2-dimetil ciclopropanocarboxilato 200 g/L. Ingredientes aditivos: c.s.p. 1 L: Concentrado emulsionable - EC. Registro ICA vigente, fecha de expiración superior a un año en el momento de la entrega. Presentación Litro | B87: 1 | C87: 0 | D87: 119536 | E87: 0 | F87: 119536 | G87: 119536
A88: KIT COMPLETO DE PRIMEROS AUXILIOS. Camilla de emergencia adulto con arnés, señal, soporte e inmovilizador de cabeza + botiquín de primeros auxilios tipo A reglamentario de acuerdo a la resolución 705 de 2007 + extintor multipropósito de 10 lb con señal y soporte. | B88: 2 | C88: 0 | D88: 995608.4 | E88: 0.38 | F88: 1184774 | G88: 1184774
A89: Kit de Apicultura ( 1 cepillo, una jaula para la Reyna, un tenedor de desenganche, un atrapador de Reyna, un soporte de marco de colmena, un incrustador rueda de alambre, raspador de colmena) | C89: 0 | D89: 444290 | E89: 0 | F89: 444290 | G89: 0
A90: LÁMINA DE CERA DE ALZA MELARIA (Empacado en papel parafinado, con 5 kilos de laminas de cera estampada, Cera de abejas laminada rígida con un tamaño de la celdilla estándar de 5,4 mm, - Formato Langstroth 42x20 (55 láminas por paquete aproximadamente). Sólido de color amarillo, más o menos claro, con aroma típico a cera de abeja) | C90: 0 | D90: 313119 | E90: 0 | F90: 313119 | G90: 0
A91: LAMINA MANTENGA ASEADO EL LUGAR 35X24CM : CARACTERISTICAS: CUMPLE NTC 1461, MATERIAL: POLIESTIRENO 1,5 MM, ACABADOS: CINTADOBLE O PERFORACIÓN PARA INSTALAR, IMPRESIÓN DIGITAL LAMINADA | B91: 24 | C91: 0 | D91: 58670.588 | E91: 0.38 | F91: 69818 | G91: 837816
A92: LAMINA NO FUMAR 22X15 CM : CARACTERISTICAS: CUMPLE NTC 1461, MATERIAL: POLIESTIRENO 1,5 MM, ACABADOS: CINTADOBLE O PERFORACIÓN PARA INSTALAR, IMPRESIÓN DIGITAL LAMINADA | B92: 24 | C92: 0 | D92: 48003.361 | E92: 0.38 | F92: 57124 | G92: 685488
A93: LAMINA PARA BAÑOS 22X15 CM POLIESTIRENO : CARACTERISTICAS: CUMPLE NTC 1461, MATERIAL: POLIESTIRENO 1,5 MM, ACABADOS: CINTADOBLE O PERFORACIÓN PARA INSTALAR, IMPRESIÓN DIGITAL LAMINADA | B93: 24 | C93: 0 | D93: 48003.361 | E93: 0.38 | F93: 57124 | G93: 685488
A94: LAMINA PELIGRO 22X15CM POLIESTIRENO : CARACTERISTICAS: CUMPLE NTC 1461, MATERIAL: POLIESTIRENO 1,5 MM, ACABADOS: CINTADOBLE O PERFORACIÓN PARA INSTALAR, IMPRESIÓN DIGITAL LAMINADA | B94: 18 | C94: 0 | D94: 48003.361 | E94: 0.38 | F94: 57124 | G94: 514116
A95: LAMINA PROHIBIDO CONSUMIR ALIMENTOS 22X15 CM : CARACTERISTICAS: CUMPLE NTC 1461, MATERIAL: POLIESTIRENO 1,5 MM, ACABADOS: CINTADOBLE O PERFORACIÓN PARA INSTALAR, IMPRESIÓN DIGITAL LAMINADA | B95: 24 | C95: 0 | D95: 32707.563 | E95: 0.38 | F95: 38922 | G95: 467064
A96: LAMINA PROTOCOLO DE LAVADO DE MANOS 30X45CM : CARACTERISTICAS: CUMPLE NTC 1461, MATERIAL: POLIESTIRENO 1,5 MM, ACABADOS: CINTADOBLE O PERFORACIÓN PARA INSTALAR, IMPRESIÓN DIGITAL LAMINADA | B96: 24 | C96: 0 | D96: 53336.134 | E96: 0.38 | F96: 63470 | G96: 761640
A97: LAMINA USE MASCARILLA 22X15CM : CARACTERISTICAS: CUMPLE NTC 1461, MATERIAL: POLIESTIRENO 1,5 MM, ACABADOS: CINTADOBLE O PERFORACIÓN PARA INSTALAR, IMPRESIÓN DIGITAL LAMINADA | B97: 2 | C97: 0 | D97: 48003.361 | E97: 0.38 | F97: 57124 | G97: 57124
A98: Limas afiladora de machete | C98: 0 | D98: 14608.571 | E98: 0.05 | F98: 15339 | G98: 0
A99: LINTERNAS: Marca Pretul Modelo 24091 Color de la luz Blanco Color de la linterna Amarillo Tipo de alimentación: Batería Tipo de luz: LED Potencia: 145 lm Es recargable: Sí Es a prueba de agua: No | B99: 3 | C99: 0 | D99: 106121.01 | E99: 0.38 | F99: 126284 | G99: 189426
A100: Lupas para monitoreo DE 40X | B100: 3 | C100: 0 | D100: 110228.57 | E100: 0.19 | F100: 131172 | G100: 393516
A101: MACHETE BARRICON 18 PULG. - Caracteristicas - Espesor: 1,8 mm .Longitud: 18" .Acabado: Pulido. | B101: 13 | C101: 0 | D101: 24001.681 | E101: 0.19 | F101: 28562 | G101: 371306
A102: Machete rula agricola + cruceta | B102: 3 | C102: 0 | D102: 106792.38 | E102: 0.1 | F102: 112132 | G102: 168198
A103: Machetillla de 16" con funda Machetillla de 16" con funda | B103: 14 | C103: 0 | D103: 161550.98 | E103: 0.43 | F103: 184065 | G103: 858970
A104: Manguera jardinera | B104: 1 | C104: 0 | D104: 156452.94 | E104: 0.19 | F104: 186179 | G104: 186179
...

Sheet Presupuesto lote 1
A1: ITEM | B1: DETALLE | C1: UNIDAD | D1: CANTIDAD | E1: VALOR UNITARIO BRUTO ANTES DE IVA ($) | F1: IVA (%) | G1: VALOR UNITARIO | H1: VALOR TOTAL
A2: 1 | B2: ABONO ORGANICO. TIPO GALLINAZA COMPOSTADA. | C2: Bulto x 50 kg | D2: 68 | E2: =G2/(1+F2) -> 30678 | F2: 0 | G2: 30678 | H2: =D2*G2 -> 2086104
A3: 5 | B3: Alimento concentrado mojarra 30% | C3: Bulto x 40 kg | D3: 9 | E3: =G3/(1+F3) -> 198532.38 | F3: 0.05 | G3: 208459 | H3: =D3*G3 -> 1876131
A4: 6 | B4: ALIMENTO PECUARIO COMPLETO PARA PECES DE 25 -25% PROTEÍNA | C4: Bulto x 40 kg | D4: 3 | E4: =G4/(1+F4) -> 246828.57 | F4: 0.05 | G4: 259170 | H4: =D4*G4 -> 777510
A5: 7 | B5: ALIMENTO PECUARIO COMPLETO PARA PECES DE 34% PROTEÍNA | C5: Bulto x 40 kg | D5: 3 | E5: =G5/(1+F5) -> 199477.14 | F5: 0.05 | G5: 209451 | H5: =D5*G5 -> 628353
A6: 8 | B6: ALIMENTO PECUARIO COMPLETO PARA PECES DE 38-45% PROTEÍNA | C6: Bulto x 40 kg | D6: 2 | E6: =G6/(1+F6) -> 280074.29 | F6: 0.05 | G6: 294078 | H6: =D6*G6 -> 588156
A7: 18 | B7: bultos de cemento gris | C7: Bulto x 50 kg | D7: 8 | E7: =G7/(1+F7) -> 43557.983 | F7: 0.19 | G7: 51834 | H7: =D7*G7 -> 414672
A8: 20 | B8: CAL AGRÍCOLA, CARBONATO DE CALCIO, ENMIENDA INORGÁNICA DE SUELOS POLVO SECO USO AGRÍCOLA. CALCIO SOLUBLE EN HCL (CaO 48%). Presentación de Bulto por 50 kilogramos. | C8: Bulto x 50 kg | D8: 30 | E8: =G8/(1+F8) -> 28562 | F8: 0 | G8: 28562 | H8: =D8*G8 -> 856860
A9: 21 | B9: CAL DOLOMITA 16% ENMIENDA INORGÁNICA DE SUELOS POLVO SECO USO AGRÍCOLA. CALCIO SOLUBLE EN HCl (CaCO3 36%), MAGNESIO SOLUBLE EN HCl (MgO 16%). Presentación de Bulto por 50 kilogramos. | C9: Bulto x 50 kg | D9: 20 | E9: =G9/(1+F9) -> 31295 | F9: 0 | G9: 31295 | H9: =D9*G9 -> 625900
A10: 22 | B10: CAL DOLOMITA ACONDICIONADOR INORGÁNICO DE SUELOS, EN POLVO SECO, PARA USO AGRÍCOLA PARA SU ENMIENDA SACO DE POLIPROPILENO CON BOLSA INTERIOR Y LICENCIA ICA. CaO 39% y 12% de MgO | C10: Bulto x 50 kg | D10: 5 | E10: =G10/(1+F10) -> 32793 | F10: 0 | G10: 32793 | H10: =D10*G10 -> 163965
A11: 23 | B11: CAL TRIPLE 30 | C11: Bulto x 50 kg | D11: 17 | E11: =G11/(1+F11) -> 40198 | F11: 0 | G11: 40198 | H11: =D11*G11 -> 683366
A12: 24 | B12: CAL TRIPLE 30 MENORES | C12: Bulto x 50 kg | D12: 20 | E12: =G12/(1+F12) -> 40198 | F12: 0 | G12: 40198 | H12: =D12*G12 -> 803960
A13: 38 | B13: CONCENTRADO PONEDORA - ALIMENTO FASE POSTURA - ALIMENTO CONCENTRADO PARA GALLINAS PONEDORAS CON HUMEDAD MAXIMA DEL 13% PROTEINA MINIMA DEL 17 - 18% GRASA MINIMA 4%, FIBRA MAXIMA 6%, CENIZA MAXIMA 15%, CALCIO MINIMO 3,6%, FOSFORO MINIMO 0,45%. | C13: Bulto x 40 kg | D13: 4 | E13: =G13/(1+F13) -> 174291.43 | F13: 0.05 | G13: 183006 | H13: =D13*G13 -> 732024
... A23: 99 | B23: ROCA FOSFORICA | C23: Unidad | D23: 16 | E23: =G23/(1+F23) -> 101552 | F23: 0 | G23: 101552 | H23: =D23*G23 -> 1624832
A24: TOTAL | H24: =SUM(H2:H23) -> 24054437

Sheet Presupuesto lote 2
A1: ITEM | B1: DETALLE | C1: UNIDAD | D1: CANTIDAD | E1: VALOR UNITARIO BRUTO ANTES DE IVA ($) | F1: IVA (%) | G1: VALOR UNITARIO | H1: VALOR TOTAL
A2: 2 | B2: Alambre de púas calibre 14. PRESENTACIÓN: Rollos de 400 metros | C2: Rollo x 400 m | D2: 1 | E2: =G2/(1+F2) -> 557363.03 | F2: 0.19 | G2: 663262 | H2: =D2*G2 -> 663262
A3: 3 | B3: ALAMBRE DULCE GALVANIZADO, CALIBRE 12 | C3: Rollo X 25 kg | D3: 3 | E3: =G3/(1+F3) -> 306683.19 | F3: 0.19 | G3: 364953 | H3: =D3*G3 -> 1094859
A4: 4 | B4: Alicate diablo | C4: Unidad | D4: 1 | E4: =G4/(1+F4) -> 85337.815 | F4: 0.19 | G4: 101552 | H4: =D4*G4 -> 101552
A5: 9 | B5: Azadon con cabo | C5: Unidad | D5: 19 | E5: =G5/(1+F5) -> 64478.095 | F5: 0.05 | G5: 67702 | H5: =D5*G5 -> 1286338
A6: 10 | B6: Bandejas en aluminio troqueladas medidas 45*65 | C6: caja x 12 unidades | D6: 1 | E6: =G6/(1+F6) -> 595587.39 | F6: 0.19 | G6: 708749 | H6: =D6*G6 -> 708749
A7: 11 | B7: BASCULA DIGITAL INALAMBRICA INDUSTRIAL CAPACIDAD 150 KG - Capacidad: 150kg, División: 20g, Unidades de peso: lb y Kg - Batería interna recargable de 12V y autonomía de 8horas - Dimensión plataforma: 30 x 40 (150 kg) - Display: LCD - Display de tres pantallas con 7 dígitos cada uno - Función Indicador: Liquidador - Sistema de Tara para disminuir recipientes | C7: Unidad | D7: 3 | E7: =G7/(1+F7) -> 403221.85 | F7: 0.19 | G7: 479834 | H7: =D7*G7 -> 1439502
A8: 12 | B8: BATEA PARA ENFRIAMIENTO DE MIEL DE CAÑA FABRICADA EN ACERO INOXIDABLE 316 | C8: Unidad | D8: 1 | E8: =G8/(1+F8) -> 1260504.2 | F8: 0.19 | G8: 1500000 | H8: =D8*G8 -> 1500000
A9: 13 | B9: BINOCULARES PROFESIONALES 20X50 OBSERVACIÓN DE AVES: Visión clara: binocular de 20 x 50, con un aumento de 20x, este binocular puede acercar el sujeto 20 veces más, diámetro de lente de 50 mm objeto que permite que pase más luz, y es muy claro para los detalles, incluso si está en condiciones de poca luz.Medidas del producto: alto 17.5 cm, ancho 19 cm, fondo 6 cm. Alcance aproximado entre 700 y 900 metros. Prisma Bak-4 Visión amplia e imagen clara. No tiene visión nocturna. Contenido: 1 Binoculares 20x50 negros, paño limpieza, correa, estuche y manual. | C9: Unidad | D9: 2 | E9: =G9/(1+F9) -> 328906.72 | F9: 0.19 | G9: 391399 | H9: =D9*G9 -> 782798
A10: 14 | B10: Bolsa para vivero Bolsa 8cm x 16cm Cal. 1,5 con fuelle incluido paquete por 100 unidades | C10: Paquete x 100 unidades | D10: 17 | E10: =G10/(1+F10) -> 4533.6134 | F10: 0.19 | G10: 5395 | H10: =D10*G10 -> 91715
A11: 15 | B11: Bolsa para vivero Bolsa x 100 unidades 8x12 con fuelle calibre 1.5 | C11: Paquete x 100 unidades | D11: 384 | E11: =G11/(1+F11) -> 4533.6134 | F11: 0.19 | G11: 5395 | H11: =D11*G11 -> 2071680
A12: 16 | B12: Bolsa platanera rollo x 80 metros - Bolsas plásticas para plátano convenientemente plegadas, tipo Lay Flat, de fácil apertura e instalación. - Presentación: Bolsa Cortada. - Bolsa en Rollo (con o sin precorte). Ancho*: 91,44 cm (36 pulgadas). - 94,00 cm (37 pulgadas). Largo*: 140 cm (55,1 pulgadas). - 145 cm (57,1 pulgadas). Espesor*: Desde 0,30 hasta 0,60 milésimas de pulgada. - Perforación: 4 mm. - 6 mm. | C12: Rollo x 80 m | D12: 4 | E12: =G12/(1+F12) -> 81932.773 | F12: 0.19 | G12: 97500 | H12: =D12*G12 -> 390000
A13: 17 | B13: BOLSAS DE POLIETILENO NEGRAS CON FUELLE PARA SEMILLERO, DE 10 X 15 CM, CALIBRE 2 | C13: Paquete x 100 unidades | D13: 19 | E13: =G13/(1+F13) -> 7378.1513 | F13: 0.19 | G13: 8780 | H13: =D13*G13 -> 166820
... A86: 107 | B86: Freidora de Aceite Electrica 2 Tanques Cada Tanque 5.5 L Comercial Modelo 2 TANQUES CADA TANQUE 5.5LT. | C86: Unidad | D86: 1 | E86: =G86/(1+F86) -> 1267003.4 | F86: 0.19 | G86: 1507734 | H86: =D86*G86 -> 1507734
A87: TOTAL | H87: =SUM(H2:H86) -> 75945563
